Workbook
Name ammortization_schedule_end_year: 'Annual Amort. Sch.'!$C$10
Name ammortization_schedule_start_year: 'Annual Amort. Sch.'!$C$8
Name annual_home_insurance: 'Data Entry'!$Q$12
Name annual_homeowners_insurance_increasepercentage: 'Data Entry'!$C$10
Name annual_housing_appreciation_percentage: 'Data Entry'!$C$7
Name annual_interest_rate: 'Data Entry'!$F$13
Name annual_mortgage: 'Data Entry'!$Q$8
Name annual_pmi: 'Data Entry'!$Q$10
Name annual_property_tax_increase_percentage: 'Data Entry'!$C$8
Name annual_property_taxes: 'Data Entry'!$Q$11
Name annual_regular_maintenance: 'Data Entry'!$Q$9
Name annual_regular_maintenance_increase_percentage: 'Data Entry'!$C$9
Name annual_rent_increase: 'Data Entry'!$C$17
Name annual_routine_maintenance: 'Data Entry'!$Q$9
Name annual_stock_market_return: 'Data Entry'!$C$12
Name AnnualMorrisonExpenses: #REF!
Name appraisal_fee: 'Data Entry'!$J$10
Name CapGains_Perc: #REF!
Name cash_to_close: 'Data Entry'!$F$21
Name CashToClose: 'Annual Amort. Sch.'!#REF!
Name CashToClose: #REF!
Name credit_report_fee: 'Data Entry'!$J$11
Name cumulative_equity_y1: 'Annual Amort. Sch.'!$AI$17
Name cumulative_principal_y1: 'Annual Amort. Sch.'!$AG$17
Name down_payment_dollars: 'Data Entry'!$F$11
Name down_payment_percentage: 'Data Entry'!$F$10
Name Eric_C1: #REF!
Name Eric_C1_Contributions: #REF!
Name Eric_Fidelity: #REF!
Name Eric_Fidelity_Withdrawl: #REF!
Name ericsalary2025: #REF!
Name Ericworking2023?: #REF!
Name ericworking2025: #REF!
Name Expected_Raise: #REF!
Name flood_certificate_fee: 'Data Entry'!$J$12
Name Inflation: #REF!
Name loan_amount: 'Data Entry'!$F$12
Name loan_processing_fee: 'Data Entry'!$J$8
Name loan_term_years: 'Data Entry'!$F$9
Name mers_registration_fee: 'Data Entry'!$J$13
Name MITRE_A3: #REF!
Name MITRE_B1_Match: #REF!
Name MITREB1Match: #REF!
Name month_mortgage_paid_off: 'Data Entry'!$C$30
Name monthly_interest_rate: 'Data Entry'!$F$14
Name monthly_principal_and_interest: 'Data Entry'!$F$18
Name monthly_rental_cost: 'Data Entry'!$C$16
Name monthly_stock_market_return: 'Data Entry'!$C$13
Name other_closing_costs: 'Data Entry'!$I$24:$I$24
Name pmi_annual: 'Data Entry'!#REF!
Name pmi_percentage: 'Data Entry'!$F$16
Name pmi_until_percentage_equity: 'Data Entry'!$F$15
Name PP_PerYear: #REF!
Name purchase_price: 'Data Entry'!$F$8
Name purchase_year: 'Data Entry'!$F$7
Name Sara_C1: #REF!
Name Sara_C1_Contributions: #REF!
Name Saved_2024: '2025 Budget'!#REF!
Name Saved_2024: '2026 Budget (Rent 50)'!#REF!
Name Saved_2024: '2027 Budget'!#REF!

Sheet 2025 Budget
N2: =SUM(N5:N11)+SUM(O12:O16) -> 42400 | O2: =N2/12 -> 3533.3333
B3: Expense & Income Table | J3: 2025 Summary
B4: Type | C4: Frequency | D4: Planned Month | E4: Item | F4: Spending Category | G4: Expenditures | H4: Income | J4: Month | K4: Monthly Income | L4: One-Time Income | M4: Monthly Expenses | N4: Monthly Mortgage Expenses | O4: One-Time Rent Expense | P4: Monthly Non-Housing Expenses | Q4: One-Time Expenses | R4: Remaining
B5: Consistent | C5: Monthly | D5: All | E5: Amazon Subscription | F5: Shopping | G5: =139/12 -> 11.583333 | J5: January | K5: =SUMIFS(ItemizedBudget[Income],ItemizedBudget[Frequency],"Monthly",ItemizedBudget[Planned Month],"All") -> 13940.333 | L5: =SUMIFS(ItemizedBudget[Income],ItemizedBudget[Frequency],"One-Time",ItemizedBudget[Planned Month],J5) -> 15750 | M5: =SUMIFS(ItemizedBudget[Expenditures],ItemizedBudget[Frequency],"Monthly",ItemizedBudget[Planned Month],"All") -> 7555.7933 | N5: =SUMIFS(ItemizedBudget[Expenditures],ItemizedBudget[Spending Category],"Mortgage") -> 4450 | O5: =SUMIFS(ItemizedBudget[Expenditures],ItemizedBudget[Spending Category],"Rent - Outgoing",ItemizedBudget[Planned Month],J5) -> 0 | P5: =M5-(N5+O5) -> 3105.7933 | Q5: =SUMIFS(ItemizedBudget[Expenditures],ItemizedBudget[Frequency],"One-Time",ItemizedBudget[Planned Month],J5) -> 4600 | R5: =(K5+L5)-(M5+Q5+O5) -> 17534.54
B6: Consistent | C6: Monthly | D6: All | E6: Car Insurance & Umbrella | F6: Insurance | G6: 194.71 | J6: February | K6: =SUMIFS(ItemizedBudget[Income],ItemizedBudget[Frequency],"Monthly",ItemizedBudget[Planned Month],"All") -> 13940.333 | L6: =SUMIFS(ItemizedBudget[Income],ItemizedBudget[Frequency],"One-Time",ItemizedBudget[Planned Month],J6) -> 0 | M6: =SUMIFS(ItemizedBudget[Expenditures],ItemizedBudget[Frequency],"Monthly",ItemizedBudget[Planned Month],"All") -> 7555.7933 | N6: =SUMIFS(ItemizedBudget[Expenditures],ItemizedBudget[Spending Category],"Mortgage") -> 4450 | O6: =SUMIFS(ItemizedBudget[Expenditures],ItemizedBudget[Spending Category],"Rent - Outgoing",ItemizedBudget[Planned Month],J6) -> 0 | P6: =M6-(N6+O6) -> 3105.7933 | Q6: =SUMIFS(ItemizedBudget[Expenditures],ItemizedBudget[Frequency],"One-Time",ItemizedBudget[Planned Month],J6) -> 5700 | R6: =(K6+L6)-(M6+Q6+O6) -> 684.54 | T6: =SUMIFS(ItemizedBudget[Expenditures],ItemizedBudget[Item],"Rent: Outgoing",ItemizedBudget[Item],"Mortgage 50 Morrison",ItemizedBudget[Planned Month],J5) -> 0
B7: Consistent | C7: Monthly | D7: All | E7: Car Maintenance | F7: Automotive | G7: 100 | J7: March | K7: =SUMIFS(ItemizedBudget[Income],ItemizedBudget[Frequency],"Monthly",ItemizedBudget[Planned Month],"All") -> 13940.333 | L7: =SUMIFS(ItemizedBudget[Income],ItemizedBudget[Frequency],"One-Time",ItemizedBudget[Planned Month],J7) -> 0 | M7: =SUMIFS(ItemizedBudget[Expenditures],ItemizedBudget[Frequency],"Monthly",ItemizedBudget[Planned Month],"All") -> 7555.7933 | N7: =SUMIFS(ItemizedBudget[Expenditures],ItemizedBudget[Spending Category],"Mortgage") -> 4450 | O7: =SUMIFS(ItemizedBudget[Expenditures],ItemizedBudget[Spending Category],"Rent - Outgoing",ItemizedBudget[Planned Month],J7) -> 0 | P7: =M7-(N7+O7) -> 3105.7933 | Q7: =SUMIFS(ItemizedBudget[Expenditures],ItemizedBudget[Frequency],"One-Time",ItemizedBudget[Planned Month],J7) -> 4398 | R7: =(K7+L7)-(M7+Q7+O7) -> 1986.54
B8: Consistent | C8: Monthly | D8: All | E8: Cat Food | F8: Cat | G8: 100 | J8: April | K8: =SUMIFS(ItemizedBudget[Income],ItemizedBudget[Frequency],"Monthly",ItemizedBudget[Planned Month],"All") -> 13940.333 | L8: =SUMIFS(ItemizedBudget[Income],ItemizedBudget[Frequency],"One-Time",ItemizedBudget[Planned Month],J8) -> 5000 | M8: =SUMIFS(ItemizedBudget[Expenditures],ItemizedBudget[Frequency],"Monthly",ItemizedBudget[Planned Month],"All") -> 7555.7933 | N8: =SUMIFS(ItemizedBudget[Expenditures],ItemizedBudget[Spending Category],"Mortgage") -> 4450 | O8: =SUMIFS(ItemizedBudget[Expenditures],ItemizedBudget[Spending Category],"Rent - Outgoing",ItemizedBudget[Planned Month],J8) -> 0 | P8: =M8-(N8+O8) -> 3105.7933 | Q8: =SUMIFS(ItemizedBudget[Expenditures],ItemizedBudget[Frequency],"One-Time",ItemizedBudget[Planned Month],J8) -> 9000 | R8: =(K8+L8)-(M8+Q8+O8) -> 2384.54
B9: Consistent | C9: Monthly | D9: All | E9: Cat Litter | F9: Cat | G9: 25 | J9: May | K9: =SUMIFS(ItemizedBudget[Income],ItemizedBudget[Frequency],"Monthly",ItemizedBudget[Planned Month],"All") -> 13940.333 | L9: =SUMIFS(ItemizedBudget[Income],ItemizedBudget[Frequency],"One-Time",ItemizedBudget[Planned Month],J9) -> 0 | M9: =SUMIFS(ItemizedBudget[Expenditures],ItemizedBudget[Frequency],"Monthly",ItemizedBudget[Planned Month],"All") -> 7555.7933 | N9: =SUMIFS(ItemizedBudget[Expenditures],ItemizedBudget[Spending Category],"Mortgage") -> 4450 | O9: =SUMIFS(ItemizedBudget[Expenditures],ItemizedBudget[Spending Category],"Rent - Outgoing",ItemizedBudget[Planned Month],J9) -> 0 | P9: =M9-(N9+O9) -> 3105.7933 | Q9: =SUMIFS(ItemizedBudget[Expenditures],ItemizedBudget[Frequency],"One-Time",ItemizedBudget[Planned Month],J9) -> 0 | R9: =(K9+L9)-(M9+Q9+O9) -> 6384.54
B10: Consistent | C10: Monthly | D10: All | E10: Clothes & Shoes | F10: Shopping | G10: 200 | J10: June | K10: =SUMIFS(ItemizedBudget[Income],ItemizedBudget[Frequency],"Monthly",ItemizedBudget[Planned Month],"All") -> 13940.333 | L10: =SUMIFS(ItemizedBudget[Income],ItemizedBudget[Frequency],"One-Time",ItemizedBudget[Planned Month],J10) -> 0 | M10: =SUMIFS(ItemizedBudget[Expenditures],ItemizedBudget[Frequency],"Monthly",ItemizedBudget[Planned Month],"All") -> 7555.7933 | N10: =SUMIFS(ItemizedBudget[Expenditures],ItemizedBudget[Spending Category],"Mortgage") -> 4450 | O10: =SUMIFS(ItemizedBudget[Expenditures],ItemizedBudget[Spending Category],"Rent - Outgoing",ItemizedBudget[Planned Month],J10) -> 0 | P10: =M10-(N10+O10) -> 3105.7933 | Q10: =SUMIFS(ItemizedBudget[Expenditures],ItemizedBudget[Frequency],"One-Time",ItemizedBudget[Planned Month],J10) -> 4500 | R10: =(K10+L10)-(M10+Q10+O10) -> 1884.54
B11: Consistent | C11: Monthly | D11: All | E11: Deoderant | F11: Health | G11: 30 | J11: July | K11: =SUMIFS(ItemizedBudget[Income],ItemizedBudget[Frequency],"Monthly",ItemizedBudget[Planned Month],"All") -> 13940.333 | L11: =SUMIFS(ItemizedBudget[Income],ItemizedBudget[Frequency],"One-Time",ItemizedBudget[Planned Month],J11) -> 4400 | M11: =SUMIFS(ItemizedBudget[Expenditures],ItemizedBudget[Frequency],"Monthly",ItemizedBudget[Planned Month],"All") -> 7555.7933 | N11: =SUMIFS(ItemizedBudget[Expenditures],ItemizedBudget[Spending Category],"Mortgage") -> 4450 | O11: =SUMIFS(ItemizedBudget[Expenditures],ItemizedBudget[Spending Category],"Rent - Outgoing",ItemizedBudget[Planned Month],J11) -> 2250 | P11: =M11-(N11+O11) -> 855.79333 | Q11: =SUMIFS(ItemizedBudget[Expenditures],ItemizedBudget[Frequency],"One-Time",ItemizedBudget[Planned Month],J11) -> 2250 | R11: =(K11+L11)-(M11+Q11+O11) -> 6284.54
B12: Consistent | C12: Monthly | D12: All | E12: Electric | F12: Utilities | G12: 135 | J12: August | K12: =SUMIFS(ItemizedBudget[Income],ItemizedBudget[Frequency],"Monthly",ItemizedBudget[Planned Month],"All") -> 13940.333 | L12: =SUMIFS(ItemizedBudget[Income],ItemizedBudget[Frequency],"One-Time",ItemizedBudget[Planned Month],J12) -> 4400 | M12: =SUMIFS(ItemizedBudget[Expenditures],ItemizedBudget[Frequency],"Monthly",ItemizedBudget[Planned Month],"All") -> 7555.7933 | N12: =SUMIFS(ItemizedBudget[Expenditures],ItemizedBudget[Spending Category],"Mortgage") -> 4450 | O12: =SUMIFS(ItemizedBudget[Expenditures],ItemizedBudget[Spending Category],"Rent - Outgoing",ItemizedBudget[Planned Month],J12) -> 2250 | P12: =M12-(N12+O12) -> 855.79333 | Q12: =SUMIFS(ItemizedBudget[Expenditures],ItemizedBudget[Frequency],"One-Time",ItemizedBudget[Planned Month],J12) -> 6000 | R12: =(K12+L12)-(M12+Q12+O12) -> 2534.54
B13: Consistent | C13: Monthly | D13: All | E13: Eric - MITRE Takehome Income | F13: Job Income | G13: 0 | H13: =(2861*26)/12 -> 6198.8333 | J13: September | K13: =SUMIFS(ItemizedBudget[Income],ItemizedBudget[Frequency],"Monthly",ItemizedBudget[Planned Month],"All") -> 13940.333 | L13: =SUMIFS(ItemizedBudget[Income],ItemizedBudget[Frequency],"One-Time",ItemizedBudget[Planned Month],J13) -> 4400 | M13: =SUMIFS(ItemizedBudget[Expenditures],ItemizedBudget[Frequency],"Monthly",ItemizedBudget[Planned Month],"All") -> 7555.7933 | N13: =SUMIFS(ItemizedBudget[Expenditures],ItemizedBudget[Spending Category],"Mortgage") -> 4450 | O13: =SUMIFS(ItemizedBudget[Expenditures],ItemizedBudget[Spending Category],"Rent - Outgoing",ItemizedBudget[Planned Month],J13) -> 2250 | P13: =M13-(N13+O13) -> 855.79333 | Q13: =SUMIFS(ItemizedBudget[Expenditures],ItemizedBudget[Frequency],"One-Time",ItemizedBudget[Planned Month],J13) -> 2250 | R13: =(K13+L13)-(M13+Q13+O13) -> 6284.54
B14: Consistent | C14: Monthly | D14: All | E14: Exterminator | F14: Pest | G14: 39 | J14: October | K14: =SUMIFS(ItemizedBudget[Income],ItemizedBudget[Frequency],"Monthly",ItemizedBudget[Planned Month],"All") -> 13940.333 | L14: =SUMIFS(ItemizedBudget[Income],ItemizedBudget[Frequency],"One-Time",ItemizedBudget[Planned Month],J14) -> 4400 | M14: =SUMIFS(ItemizedBudget[Expenditures],ItemizedBudget[Frequency],"Monthly",ItemizedBudget[Planned Month],"All") -> 7555.7933 | N14: =SUMIFS(ItemizedBudget[Expenditures],ItemizedBudget[Spending Category],"Mortgage") -> 4450 | O14: =SUMIFS(ItemizedBudget[Expenditures],ItemizedBudget[Spending Category],"Rent - Outgoing",ItemizedBudget[Planned Month],J14) -> 2250 | P14: =M14-(N14+O14) -> 855.79333 | Q14: =SUMIFS(ItemizedBudget[Expenditures],ItemizedBudget[Frequency],"One-Time",ItemizedBudget[Planned Month],J14) -> 2250 | R14: =(K14+L14)-(M14+Q14+O14) -> 6284.54
B15: Consistent | C15: Monthly | D15: All | E15: Gas | F15: Gas | G15: 175 | J15: November | K15: =SUMIFS(ItemizedBudget[Income],ItemizedBudget[Frequency],"Monthly",ItemizedBudget[Planned Month],"All") -> 13940.333 | L15: =SUMIFS(ItemizedBudget[Income],ItemizedBudget[Frequency],"One-Time",ItemizedBudget[Planned Month],J15) -> 4400 | M15: =SUMIFS(ItemizedBudget[Expenditures],ItemizedBudget[Frequency],"Monthly",ItemizedBudget[Planned Month],"All") -> 7555.7933 | N15: =SUMIFS(ItemizedBudget[Expenditures],ItemizedBudget[Spending Category],"Mortgage") -> 4450 | O15: =SUMIFS(ItemizedBudget[Expenditures],ItemizedBudget[Spending Category],"Rent - Outgoing",ItemizedBudget[Planned Month],J15) -> 2250 | P15: =M15-(N15+O15) -> 855.79333 | Q15: =SUMIFS(ItemizedBudget[Expenditures],ItemizedBudget[Frequency],"One-Time",ItemizedBudget[Planned Month],J15) -> 3750 | R15: =(K15+L15)-(M15+Q15+O15) -> 4784.54
B16: Consistent | C16: Monthly | D16: All | E16: Groceries | F16: Groceries | G16: 600 | J16: December | K16: =SUMIFS(ItemizedBudget[Income],ItemizedBudget[Frequency],"Monthly",ItemizedBudget[Planned Month],"All") -> 13940.333 | L16: =SUMIFS(ItemizedBudget[Income],ItemizedBudget[Frequency],"One-Time",ItemizedBudget[Planned Month],J16) -> 4400 | M16: =SUMIFS(ItemizedBudget[Expenditures],ItemizedBudget[Frequency],"Monthly",ItemizedBudget[Planned Month],"All") -> 7555.7933 | N16: =SUMIFS(ItemizedBudget[Expenditures],ItemizedBudget[Spending Category],"Mortgage") -> 4450 | O16: =SUMIFS(ItemizedBudget[Expenditures],ItemizedBudget[Spending Category],"Rent - Outgoing",ItemizedBudget[Planned Month],J16) -> 2250 | P16: =M16-(N16+O16) -> 855.79333 | Q16: =SUMIFS(ItemizedBudget[Expenditures],ItemizedBudget[Frequency],"One-Time",ItemizedBudget[Planned Month],J16) -> 2800 | R16: =(K16+L16)-(M16+Q16+O16) -> 5734.54
B17: Consistent | C17: Monthly | D17: All | E17: Gym | F17: Health | G17: 30 | J17: Annual Total | K17: =SUM(K5:K16) -> 167284 | L17: =SUM(L5:L16) -> 47150 | M17: =SUM(M5:M16) -> 90669.52 | N17: =SUM(N5:N16) -> 53400 | O17: =SUM(O5:O16) -> 13500 | P17: =SUM(P5:P16) -> 23769.52 | Q17: =SUM(Q5:Q16) -> 47498 | R17: =SUM(R5:R16) -> 62766.48
B18: Consistent | C18: Monthly | D18: All | E18: Haircut | F18: Health | G18: =40/1.5 -> 26.666667
B19: Consistent | C19: Monthly | D19: All | E19: Home Improvement - Misc (4k/year) | F19: Miscellaneous | G19: 333 | J19: Frequency | K19: Category | L19: Expenditures | M19: Income | N19: Annual Expenditures | O19: Annual Income
B20: Consistent | C20: Monthly | D20: All | E20: Medical | F20: Health | G20: 150 | J20: =INDEX(ItemizedBudget[],MATCH(K20,ItemizedBudget[Spending Category],0),2) -> Monthly | K20: {=INDEX(ItemizedBudget[Spending Category], MATCH(0, COUNTIF($K$19:K19,ItemizedBudget[Spending Category]), 0))} -> Shopping | L20: =SUMIFS(ItemizedBudget[Expenditures],ItemizedBudget[Spending Category],K20) -> 211.58333 | M20: =SUMIFS(ItemizedBudget[Income],ItemizedBudget[Spending Category],K20) -> 0 | N20: =IF(J20="Monthly",12*L20,L20) -> 2539 | O20: =IF(J20="Monthly",12*M20,M20) -> 0
B21: Consistent | C21: Monthly | D21: All | E21: Miscellaneous | F21: Miscellaneous | G21: 350 | J21: =INDEX(ItemizedBudget[],MATCH(K21,ItemizedBudget[Spending Category],0),2) -> Monthly | K21: {=INDEX(ItemizedBudget[Spending Category], MATCH(0, COUNTIF($K$19:K20,ItemizedBudget[Spending Category]), 0))} -> Insurance | L21: =SUMIFS(ItemizedBudget[Expenditures],ItemizedBudget[Spending Category],K21) -> 194.71 | M21: =SUMIFS(ItemizedBudget[Income],ItemizedBudget[Spending Category],K21) -> 0 | N21: =IF(J21="Monthly",12*L21,L21) -> 2336.52 | O21: =IF(J21="Monthly",12*M21,M21) -> 0
B22: Consistent | C22: Monthly | D22: All | E22: Mortgage 50 Morrison | F22: Mortgage | G22: 4450 | J22: =INDEX(ItemizedBudget[],MATCH(K22,ItemizedBudget[Spending Category],0),2) -> Monthly | K22: {=INDEX(ItemizedBudget[Spending Category], MATCH(0, COUNTIF($K$19:K21,ItemizedBudget[Spending Category]), 0))} -> Automotive | L22: =SUMIFS(ItemizedBudget[Expenditures],ItemizedBudget[Spending Category],K22) -> 360 | M22: =SUMIFS(ItemizedBudget[Income],ItemizedBudget[Spending Category],K22) -> 15750 | N22: =IF(J22="Monthly",12*L22,L22) -> 4320 | O22: =IF(J22="Monthly",12*M22,M22) -> 189000
B23: Consistent | C23: Monthly | D23: All | E23: Nasal Spray | F23: Health | G23: 25 | J23: =INDEX(ItemizedBudget[],MATCH(K23,ItemizedBudget[Spending Category],0),2) -> Monthly | K23: {=INDEX(ItemizedBudget[Spending Category], MATCH(0, COUNTIF($K$19:K22,ItemizedBudget[Spending Category]), 0))} -> Cat | L23: =SUMIFS(ItemizedBudget[Expenditures],ItemizedBudget[Spending Category],K23) -> 1073 | M23: =SUMIFS(ItemizedBudget[Income],ItemizedBudget[Spending Category],K23) -> 0 | N23: =IF(J23="Monthly",12*L23,L23) -> 12876 | O23: =IF(J23="Monthly",12*M23,M23) -> 0
B24: Consistent | C24: Monthly | D24: All | E24: Phone Bill | F24: Phone | G24: 60 | J24: =INDEX(ItemizedBudget[],MATCH(K24,ItemizedBudget[Spending Category],0),2) -> Monthly | K24: {=INDEX(ItemizedBudget[Spending Category], MATCH(0, COUNTIF($K$19:K23,ItemizedBudget[Spending Category]), 0))} -> Health | L24: =SUMIFS(ItemizedBudget[Expenditures],ItemizedBudget[Spending Category],K24) -> 1537.5 | M24: =SUMIFS(ItemizedBudget[Income],ItemizedBudget[Spending Category],K24) -> 0 | N24: =IF(J24="Monthly",12*L24,L24) -> 18450 | O24: =IF(J24="Monthly",12*M24,M24) -> 0
B25: Consistent | C25: Monthly | D25: All | E25: Restaurant | F25: Restaurant | G25: 400 | J25: =INDEX(ItemizedBudget[],MATCH(K25,ItemizedBudget[Spending Category],0),2) -> Monthly | K25: {=INDEX(ItemizedBudget[Spending Category], MATCH(0, COUNTIF($K$19:K24,ItemizedBudget[Spending Category]), 0))} -> Utilities | L25: =SUMIFS(ItemizedBudget[Expenditures],ItemizedBudget[Spending Category],K25) -> 135 | M25: =SUMIFS(ItemizedBudget[Income],ItemizedBudget[Spending Category],K25) -> 0 | N25: =IF(J25="Monthly",12*L25,L25) -> 1620 | O25: =IF(J25="Monthly",12*M25,M25) -> 0
B26: Consistent | C26: Monthly | D26: All | E26: Sara - Fannie Mae Takehome Income | F26: Job Income | G26: 0 | H26: =(3573*26)/12 -> 7741.5 | J26: =INDEX(ItemizedBudget[],MATCH(K26,ItemizedBudget[Spending Category],0),2) -> Monthly | K26: {=INDEX(ItemizedBudget[Spending Category], MATCH(0, COUNTIF($K$19:K25,ItemizedBudget[Spending Category]), 0))} -> Job Income | L26: =SUMIFS(ItemizedBudget[Expenditures],ItemizedBudget[Spending Category],K26) -> 0 | M26: =SUMIFS(ItemizedBudget[Income],ItemizedBudget[Spending Category],K26) -> 13940.333 | N26: =IF(J26="Monthly",12*L26,L26) -> 0 | O26: =IF(J26="Monthly",12*M26,M26) -> 167284
B27: Consistent | C27: Monthly | D27: All | E27: Tolls | F27: Automotive | G27: 10 | J27: =INDEX(ItemizedBudget[],MATCH(K27,ItemizedBudget[Spending Category],0),2) -> Monthly | K27: {=INDEX(ItemizedBudget[Spending Category], MATCH(0, COUNTIF($K$19:K26,ItemizedBudget[Spending Category]), 0))} -> Pest | L27: =SUMIFS(ItemizedBudget[Expenditures],ItemizedBudget[Spending Category],K27) -> 39 | M27: =SUMIFS(ItemizedBudget[Income],ItemizedBudget[Spending Category],K27) -> 0 | N27: =IF(J27="Monthly",12*L27,L27) -> 468 | O27: =IF(J27="Monthly",12*M27,M27) -> 0
C28: Monthly | D28: All | E28: Trash | F28: Trash | G28: 35 | J28: =INDEX(ItemizedBudget[],MATCH(K28,ItemizedBudget[Spending Category],0),2) -> Monthly | K28: {=INDEX(ItemizedBudget[Spending Category], MATCH(0, COUNTIF($K$19:K27,ItemizedBudget[Spending Category]), 0))} -> Gas | L28: =SUMIFS(ItemizedBudget[Expenditures],ItemizedBudget[Spending Category],K28) -> 175 | M28: =SUMIFS(ItemizedBudget[Income],ItemizedBudget[Spending Category],K28) -> 0 | N28: =IF(J28="Monthly",12*L28,L28) -> 2100 | O28: =IF(J28="Monthly",12*M28,M28) -> 0
B29: Consistent | C29: Monthly | D29: All | E29: Vitamins | F29: Health | G29: 30 | J29: =INDEX(ItemizedBudget[],MATCH(K29,ItemizedBudget[Spending Category],0),2) -> Monthly | K29: {=INDEX(ItemizedBudget[Spending Category], MATCH(0, COUNTIF($K$19:K28,ItemizedBudget[Spending Category]), 0))} -> Groceries | L29: =SUMIFS(ItemizedBudget[Expenditures],ItemizedBudget[Spending Category],K29) -> 600 | M29: =SUMIFS(ItemizedBudget[Income],ItemizedBudget[Spending Category],K29) -> 0 | N29: =IF(J29="Monthly",12*L29,L29) -> 7200 | O29: =IF(J29="Monthly",12*M29,M29) -> 0
B30: Consistent | C30: Monthly | D30: All | E30: Yoga | F30: Health | G30: =275/6 -> 45.833333 | J30: =INDEX(ItemizedBudget[],MATCH(K30,ItemizedBudget[Spending Category],0),2) -> Monthly | K30: {=INDEX(ItemizedBudget[Spending Category], MATCH(0, COUNTIF($K$19:K29,ItemizedBudget[Spending Category]), 0))} -> Miscellaneous | L30: =SUMIFS(ItemizedBudget[Expenditures],ItemizedBudget[Spending Category],K30) -> 683 | M30: =SUMIFS(ItemizedBudget[Income],ItemizedBudget[Spending Category],K30) -> 0 | N30: =IF(J30="Monthly",12*L30,L30) -> 8196 | O30: =IF(J30="Monthly",12*M30,M30) -> 0
C31: One-Time | D31: January | E31: Bedroom Fans (2) | F31: Home Maintenance | G31: 300 | J31: =INDEX(ItemizedBudget[],MATCH(K31,ItemizedBudget[Spending Category],0),2) -> Monthly | K31: {=INDEX(ItemizedBudget[Spending Category], MATCH(0, COUNTIF($K$19:K30,ItemizedBudget[Spending Category]), 0))} -> Mortgage | L31: =SUMIFS(ItemizedBudget[Expenditures],ItemizedBudget[Spending Category],K31) -> 4450 | M31: =SUMIFS(ItemizedBudget[Income],ItemizedBudget[Spending Category],K31) -> 0 | N31: =IF(J31="Monthly",12*L31,L31) -> 53400 | O31: =IF(J31="Monthly",12*M31,M31) -> 0
C32: One-Time | D32: April | E32: Buckup Lift - Clean Side of House | F32: Home Maintenance | G32: 600 | J32: =INDEX(ItemizedBudget[],MATCH(K32,ItemizedBudget[Spending Category],0),2) -> Monthly | K32: {=INDEX(ItemizedBudget[Spending Category], MATCH(0, COUNTIF($K$19:K31,ItemizedBudget[Spending Category]), 0))} -> Phone | L32: =SUMIFS(ItemizedBudget[Expenditures],ItemizedBudget[Spending Category],K32) -> 60 | M32: =SUMIFS(ItemizedBudget[Income],ItemizedBudget[Spending Category],K32) -> 0 | N32: =IF(J32="Monthly",12*L32,L32) -> 720 | O32: =IF(J32="Monthly",12*M32,M32) -> 0
B33: Consistent | C33: One-Time | D33: November | E33: Car Undercoating | F33: Automotive | G33: 250 | J33: =INDEX(ItemizedBudget[],MATCH(K33,ItemizedBudget[Spending Category],0),2) -> Monthly | K33: {=INDEX(ItemizedBudget[Spending Category], MATCH(0, COUNTIF($K$19:K32,ItemizedBudget[Spending Category]), 0))} -> Restaurant | L33: =SUMIFS(ItemizedBudget[Expenditures],ItemizedBudget[Spending Category],K33) -> 400 | M33: =SUMIFS(ItemizedBudget[Income],ItemizedBudget[Spending Category],K33) -> 0 | N33: =IF(J33="Monthly",12*L33,L33) -> 4800 | O33: =IF(J33="Monthly",12*M33,M33) -> 0
B34: Consistent | C34: One-Time | D34: December | E34: Christmas Expenses | F34: Gifts | G34: 550 | J34: =INDEX(ItemizedBudget[],MATCH(K34,ItemizedBudget[Spending Category],0),2) -> Monthly | K34: {=INDEX(ItemizedBudget[Spending Category], MATCH(0, COUNTIF($K$19:K33,ItemizedBudget[Spending Category]), 0))} -> Trash | L34: =SUMIFS(ItemizedBudget[Expenditures],ItemizedBudget[Spending Category],K34) -> 35 | M34: =SUMIFS(ItemizedBudget[Income],ItemizedBudget[Spending Category],K34) -> 0 | N34: =IF(J34="Monthly",12*L34,L34) -> 420 | O34: =IF(J34="Monthly",12*M34,M34) -> 0
B35: Consistent | C35: One-Time | D35: March | E35: Contacts | F35: Health | G35: 1200 | J35: =INDEX(ItemizedBudget[],MATCH(K35,ItemizedBudget[Spending Category],0),2) -> One-Time | K35: {=INDEX(ItemizedBudget[Spending Category], MATCH(0, COUNTIF($K$19:K34,ItemizedBudget[Spending Category]), 0))} -> Home Maintenance | L35: =SUMIFS(ItemizedBudget[Expenditures],ItemizedBudget[Spending Category],K35) -> 25800 | M35: =SUMIFS(ItemizedBudget[Income],ItemizedBudget[Spending Category],K35) -> 0 | N35: =IF(J35="Monthly",12*L35,L35) -> 25800 | O35: =IF(J35="Monthly",12*M35,M35) -> 0
C36: One-Time | D36: June | E36: Couches | F36: Home Maintenance | G36: 500 | J36: =INDEX(ItemizedBudget[],MATCH(K36,ItemizedBudget[Spending Category],0),2) -> One-Time | K36: {=INDEX(ItemizedBudget[Spending Category], MATCH(0, COUNTIF($K$19:K35,ItemizedBudget[Spending Category]), 0))} -> Gifts | L36: =SUMIFS(ItemizedBudget[Expenditures],ItemizedBudget[Spending Category],K36) -> 550 | M36: =SUMIFS(ItemizedBudget[Income],ItemizedBudget[Spending Category],K36) -> 0 | N36: =IF(J36="Monthly",12*L36,L36) -> 550 | O36: =IF(J36="Monthly",12*M36,M36) -> 0
B37: Inconsistent | C37: One-Time | D37: April | E37: Deck | F37: Home Maintenance | G37: 7500 | J37: =INDEX(ItemizedBudget[],MATCH(K37,ItemizedBudget[Spending Category],0),2) -> One-Time | K37: {=INDEX(ItemizedBudget[Spending Category], MATCH(0, COUNTIF($K$19:K36,ItemizedBudget[Spending Category]), 0))} -> Home Heating | L37: =SUMIFS(ItemizedBudget[Expenditures],ItemizedBudget[Spending Category],K37) -> 2750 | M37: =SUMIFS(ItemizedBudget[Income],ItemizedBudget[Spending Category],K37) -> 0 | N37: =IF(J37="Monthly",12*L37,L37) -> 2750 | O37: =IF(J37="Monthly",12*M37,M37) -> 0
C38: One-Time | D38: November | E38: Fall Cleanup | F38: Home Maintenance | G38: 500 | J38: =INDEX(ItemizedBudget[],MATCH(K38,ItemizedBudget[Spending Category],0),2) -> One-Time | K38: {=INDEX(ItemizedBudget[Spending Category], MATCH(0, COUNTIF($K$19:K37,ItemizedBudget[Spending Category]), 0))} -> Rent - Incoming | L38: =SUMIFS(ItemizedBudget[Expenditures],ItemizedBudget[Spending Category],K38) -> 0 | M38: =SUMIFS(ItemizedBudget[Income],ItemizedBudget[Spending Category],K38) -> 26400 | N38: =IF(J38="Monthly",12*L38,L38) -> 0 | O38: =IF(J38="Monthly",12*M38,M38) -> 26400
C39: One-Time | D39: January | E39: Fire Alarm Devices | F39: Home Maintenance | G39: 350 | J39: =INDEX(ItemizedBudget[],MATCH(K39,ItemizedBudget[Spending Category],0),2) -> One-Time | K39: {=INDEX(ItemizedBudget[Spending Category], MATCH(0, COUNTIF($K$19:K38,ItemizedBudget[Spending Category]), 0))} -> Rent - Outgoing | L39: =SUMIFS(ItemizedBudget[Expenditures],ItemizedBudget[Spending Category],K39) -> 13500 | M39: =SUMIFS(ItemizedBudget[Income],ItemizedBudget[Spending Category],K39) -> 0 | N39: =IF(J39="Monthly",12*L39,L39) -> 13500 | O39: =IF(J39="Monthly",12*M39,M39) -> 0
C40: One-Time | D40: January | E40: Fire Alarms Electrician | F40: Home Maintenance | G40: 350 | J40: =INDEX(ItemizedBudget[],MATCH(K40,ItemizedBudget[Spending Category],0),2) -> One-Time | K40: {=INDEX(ItemizedBudget[Spending Category], MATCH(0, COUNTIF($K$19:K39,ItemizedBudget[Spending Category]), 0))} -> Tax Refund | L40: =SUMIFS(ItemizedBudget[Expenditures],ItemizedBudget[Spending Category],K40) -> 0 | M40: =SUMIFS(ItemizedBudget[Income],ItemizedBudget[Spending Category],K40) -> 5000
C41: One-Time | D41: January | E41: Flooring | F41: Home Maintenance | G41: 2250 | J41: =INDEX(ItemizedBudget[],MATCH(K41,ItemizedBudget[Spending Category],0),2) -> One-Time | K41: {=INDEX(ItemizedBudget[Spending Category], MATCH(0, COUNTIF($K$19:K40,ItemizedBudget[Spending Category]), 0))} -> Vacation | L41: =SUMIFS(ItemizedBudget[Expenditures],ItemizedBudget[Spending Category],K41) -> 2500 | M41: =SUMIFS(ItemizedBudget[Income],ItemizedBudget[Spending Category],K41) -> 0
B42: Consistent | C42: One-Time | D42: November | E42: Heating Oil | F42: Home Heating | G42: 750 | J42: =INDEX(ItemizedBudget[],MATCH(K42,ItemizedBudget[Spending Category],0),2) -> #N/A | K42: {=INDEX(ItemizedBudget[Spending Category], MATCH(0, COUNTIF($K$19:K41,ItemizedBudget[Spending Category]), 0))} -> 0 | L42: =SUMIFS(ItemizedBudget[Expenditures],ItemizedBudget[Spending Category],K42) -> 0 | M42: =SUMIFS(ItemizedBudget[Income],ItemizedBudget[Spending Category],K42) -> 0
B43: Inconsistent | C43: One-Time | D43: January | E43: Insulation | F43: Home Maintenance | G43: 500 | J43: =INDEX(ItemizedBudget[],MATCH(K43,ItemizedBudget[Spending Category],0),2) -> #N/A | K43: {=INDEX(ItemizedBudget[Spending Category], MATCH(0, COUNTIF($K$19:K42,ItemizedBudget[Spending Category]), 0))} -> #N/A | L43: =SUMIFS(ItemizedBudget[Expenditures],ItemizedBudget[Spending Category],K43) -> 0 | M43: =SUMIFS(ItemizedBudget[Income],ItemizedBudget[Spending Category],K43) -> 0
C44: One-Time | D44: January | E44: Kitchen Faucet | F44: Home Maintenance | G44: 150
B45: Consistent | C45: One-Time | D45: April | E45: Mulch | F45: Home Maintenance | G45: 300
C46: One-Time | D46: January | E46: Paint | F46: Home Maintenance | G46: 350
B47: Inconsistent | C47: One-Time | D47: August | E47: Pellets | F47: Home Heating | G47: 2000
B48: Inconsistent | C48: One-Time | D48: August | E48: Rent - Incoming | F48: Rent - Incoming | G48: 0 | H48: 4400
B49: Inconsistent | C49: One-Time | D49: September | E49: Rent - Incoming | F49: Rent - Incoming | G49: 0 | H49: 4400
B50: Inconsistent | C50: One-Time | D50: October | E50: Rent - Incoming | F50: Rent - Incoming | G50: 0 | H50: 4400
B51: Inconsistent | C51: One-Time | D51: November | E51: Rent - Incoming | F51: Rent - Incoming | G51: 0 | H51: 4400
B52: Inconsistent | C52: One-Time | D52: December | E52: Rent - Incoming | F52: Rent - Incoming | G52: 0 | H52: 4400
C53: One-Time | D53: July | E53: Rent - Incoming | F53: Rent - Incoming | H53: 4400
B54: Inconsistent | C54: One-Time | D54: August | E54: Rent - Outgoing | F54: Rent - Outgoing | G54: 2250
B55: Inconsistent | C55: One-Time | D55: September | E55: Rent - Outgoing | F55: Rent - Outgoing | G55: 2250
B56: Inconsistent | C56: One-Time | D56: October | E56: Rent - Outgoing | F56: Rent - Outgoing | G56: 2250
B57: Inconsistent | C57: One-Time | D57: November | E57: Rent - Outgoing | F57: Rent - Outgoing | G57: 2250
B58: Inconsistent | C58: One-Time | D58: December | E58: Rent - Outgoing | F58: Rent - Outgoing | G58: 2250
C59: One-Time | D59: July | E59: Rent - Outgoing | F59: Rent - Outgoing | G59: 2250
C60: One-Time | D60: June | E60: Reseal Driveway | F60: Home Maintenance | G60: 1500
C61: One-Time | D61: January | E61: Sale of Mustang | F61: Automotive | H61: 15750
C62: One-Time | D62: February | E62: Shower | F62: Home Maintenance | G62: 5000
C63: One-Time | D63: August | E63: Snow Plow Service | F63: Home Maintenance | G63: 1750
C64: One-Time | D64: January | E64: Spiggot | F64: Home Maintenance | G64: 350
B65: Inconsistent | C65: One-Time | D65: April | E65: Taxes | F65: Tax Refund | H65: 5000
B66: Inconsistent | C66: One-Time | D66: June | E66: Vacation | F66: Vacation | G66: 2500
B67: Consistent | C67: One-Time | D67: March | E67: Vet - Bravecto | F67: Cat | G67: =(58*3)*2 -> 348
B68: Consistent | C68: One-Time | D68: April | E68: Vet - Charles | F68: Cat | G68: 300
B69: Consistent | C69: One-Time | D69: April | E69: Vet - Luna | F69: Cat | G69: 300
B70: Inconsistent | C70: One-Time | D70: March | E70: Water Filtration (UV) | F70: Home Maintenance | G70: 2850
C71: One-Time | D71: February | E71: Well Cap | F71: Home Maintenance | G71: 150
C72: One-Time | D72: February | E72: Well Shock | F72: Home Maintenance | G72: 550

Sheet 2026 Budget (Rent 50)
C2: Sara working 100%, no kids yet, cheaper mortgage | N2: =SUM(N5:N11)+SUM(O12:O16) -> 52850 | O2: =N2/12 -> 4404.1667
B3: Expense & Income Table | J3: 2025 Summary
B4: Type | C4: Frequency | D4: Planned Month | E4: Item | F4: Spending Category | G4: Expenditures | H4: Income | J4: Month | K4: Monthly Income | L4: One-Time Income | M4: Monthly Expenses | N4: Monthly Mortgage Expenses | O4: One-Time Rent Expense | P4: Monthly Non-Housing Expenses | Q4: One-Time Expenses | R4: Remaining
B5: Consistent | C5: Monthly | D5: All | E5: Car Maintenance | F5: Automotive | G5: 100 | J5: January | K5: =SUMIFS(ItemizedBudget14[Income],ItemizedBudget14[Frequency],"Monthly",ItemizedBudget14[Planned Month],"All") -> 18600 | L5: =SUMIFS(ItemizedBudget14[Income],ItemizedBudget14[Frequency],"One-Time",ItemizedBudget14[Planned Month],J5) -> 0 | M5: =SUMIFS(ItemizedBudget14[Expenditures],ItemizedBudget14[Frequency],"Monthly",ItemizedBudget14[Planned Month],"All") -> 10655.793 | N5: =SUMIFS(ItemizedBudget14[Expenditures],ItemizedBudget14[Spending Category],"Mortgage") -> 7550 | O5: =SUMIFS(ItemizedBudget14[Expenditures],ItemizedBudget14[Spending Category],"Rent - Outgoing",ItemizedBudget14[Planned Month],J5) -> 0 | P5: =M5-(N5+O5) -> 3105.7933 | Q5: =SUMIFS(ItemizedBudget14[Expenditures],ItemizedBudget14[Frequency],"One-Time",ItemizedBudget14[Planned Month],J5) -> 1500 | R5: =(K5+L5)-(M5+Q5+O5) -> 6444.2067
B6: Consistent | C6: Monthly | D6: All | E6: Tolls | F6: Automotive | G6: 10 | J6: February | K6: =SUMIFS(ItemizedBudget14[Income],ItemizedBudget14[Frequency],"Monthly",ItemizedBudget14[Planned Month],"All") -> 18600 | L6: =SUMIFS(ItemizedBudget14[Income],ItemizedBudget14[Frequency],"One-Time",ItemizedBudget14[Planned Month],J6) -> 0 | M6: =SUMIFS(ItemizedBudget14[Expenditures],ItemizedBudget14[Frequency],"Monthly",ItemizedBudget14[Planned Month],"All") -> 10655.793 | N6: =SUMIFS(ItemizedBudget14[Expenditures],ItemizedBudget14[Spending Category],"Mortgage") -> 7550 | O6: =SUMIFS(ItemizedBudget14[Expenditures],ItemizedBudget14[Spending Category],"Rent - Outgoing",ItemizedBudget14[Planned Month],J6) -> 0 | P6: =M6-(N6+O6) -> 3105.7933 | Q6: =SUMIFS(ItemizedBudget14[Expenditures],ItemizedBudget14[Frequency],"One-Time",ItemizedBudget14[Planned Month],J6) -> 0 | R6: =(K6+L6)-(M6+Q6+O6) -> 7944.2067 | T6: =SUMIFS(ItemizedBudget14[Expenditures],ItemizedBudget14[Item],"Rent: Outgoing",ItemizedBudget14[Item],"Mortgage 50 Morrison",ItemizedBudget14[Planned Month],J5) -> 0
B7: Consistent | C7: Monthly | D7: All | E7: Cat Food | F7: Cat | G7: 100 | J7: March | K7: =SUMIFS(ItemizedBudget14[Income],ItemizedBudget14[Frequency],"Monthly",ItemizedBudget14[Planned Month],"All") -> 18600 | L7: =SUMIFS(ItemizedBudget14[Income],ItemizedBudget14[Frequency],"One-Time",ItemizedBudget14[Planned Month],J7) -> 0 | M7: =SUMIFS(ItemizedBudget14[Expenditures],ItemizedBudget14[Frequency],"Monthly",ItemizedBudget14[Planned Month],"All") -> 10655.793 | N7: =SUMIFS(ItemizedBudget14[Expenditures],ItemizedBudget14[Spending Category],"Mortgage") -> 7550 | O7: =SUMIFS(ItemizedBudget14[Expenditures],ItemizedBudget14[Spending Category],"Rent - Outgoing",ItemizedBudget14[Planned Month],J7) -> 0 | P7: =M7-(N7+O7) -> 3105.7933 | Q7: =SUMIFS(ItemizedBudget14[Expenditures],ItemizedBudget14[Frequency],"One-Time",ItemizedBudget14[Planned Month],J7) -> 1548 | R7: =(K7+L7)-(M7+Q7+O7) -> 6396.2067
B8: Consistent | C8: Monthly | D8: All | E8: Cat Litter | F8: Cat | G8: 25 | J8: April | K8: =SUMIFS(ItemizedBudget14[Income],ItemizedBudget14[Frequency],"Monthly",ItemizedBudget14[Planned Month],"All") -> 18600 | L8: =SUMIFS(ItemizedBudget14[Income],ItemizedBudget14[Frequency],"One-Time",ItemizedBudget14[Planned Month],J8) -> 5000 | M8: =SUMIFS(ItemizedBudget14[Expenditures],ItemizedBudget14[Frequency],"Monthly",ItemizedBudget14[Planned Month],"All") -> 10655.793 | N8: =SUMIFS(ItemizedBudget14[Expenditures],ItemizedBudget14[Spending Category],"Mortgage") -> 7550 | O8: =SUMIFS(ItemizedBudget14[Expenditures],ItemizedBudget14[Spending Category],"Rent - Outgoing",ItemizedBudget14[Planned Month],J8) -> 0 | P8: =M8-(N8+O8) -> 3105.7933 | Q8: =SUMIFS(ItemizedBudget14[Expenditures],ItemizedBudget14[Frequency],"One-Time",ItemizedBudget14[Planned Month],J8) -> 3900 | R8: =(K8+L8)-(M8+Q8+O8) -> 9044.2067
B9: Consistent | C9: Monthly | D9: All | E9: Car Insurance & Umbrella | F9: Insurance | G9: 194.71 | J9: May | K9: =SUMIFS(ItemizedBudget14[Income],ItemizedBudget14[Frequency],"Monthly",ItemizedBudget14[Planned Month],"All") -> 18600 | L9: =SUMIFS(ItemizedBudget14[Income],ItemizedBudget14[Frequency],"One-Time",ItemizedBudget14[Planned Month],J9) -> 0 | M9: =SUMIFS(ItemizedBudget14[Expenditures],ItemizedBudget14[Frequency],"Monthly",ItemizedBudget14[Planned Month],"All") -> 10655.793 | N9: =SUMIFS(ItemizedBudget14[Expenditures],ItemizedBudget14[Spending Category],"Mortgage") -> 7550 | O9: =SUMIFS(ItemizedBudget14[Expenditures],ItemizedBudget14[Spending Category],"Rent - Outgoing",ItemizedBudget14[Planned Month],J9) -> 0 | P9: =M9-(N9+O9) -> 3105.7933 | Q9: =SUMIFS(ItemizedBudget14[Expenditures],ItemizedBudget14[Frequency],"One-Time",ItemizedBudget14[Planned Month],J9) -> 0 | R9: =(K9+L9)-(M9+Q9+O9) -> 7944.2067
B10: Consistent | C10: Monthly | D10: All | E10: Gas | F10: Gas | G10: 175 | J10: June | K10: =SUMIFS(ItemizedBudget14[Income],ItemizedBudget14[Frequency],"Monthly",ItemizedBudget14[Planned Month],"All") -> 18600 | L10: =SUMIFS(ItemizedBudget14[Income],ItemizedBudget14[Frequency],"One-Time",ItemizedBudget14[Planned Month],J10) -> 0 | M10: =SUMIFS(ItemizedBudget14[Expenditures],ItemizedBudget14[Frequency],"Monthly",ItemizedBudget14[Planned Month],"All") -> 10655.793 | N10: =SUMIFS(ItemizedBudget14[Expenditures],ItemizedBudget14[Spending Category],"Mortgage") -> 7550 | O10: =SUMIFS(ItemizedBudget14[Expenditures],ItemizedBudget14[Spending Category],"Rent - Outgoing",ItemizedBudget14[Planned Month],J10) -> 0 | P10: =M10-(N10+O10) -> 3105.7933 | Q10: =SUMIFS(ItemizedBudget14[Expenditures],ItemizedBudget14[Frequency],"One-Time",ItemizedBudget14[Planned Month],J10) -> 1500 | R10: =(K10+L10)-(M10+Q10+O10) -> 6444.2067
B11: Consistent | C11: Monthly | D11: All | E11: Groceries | F11: Groceries | G11: 600 | J11: July | K11: =SUMIFS(ItemizedBudget14[Income],ItemizedBudget14[Frequency],"Monthly",ItemizedBudget14[Planned Month],"All") -> 18600 | L11: =SUMIFS(ItemizedBudget14[Income],ItemizedBudget14[Frequency],"One-Time",ItemizedBudget14[Planned Month],J11) -> 0 | M11: =SUMIFS(ItemizedBudget14[Expenditures],ItemizedBudget14[Frequency],"Monthly",ItemizedBudget14[Planned Month],"All") -> 10655.793 | N11: =SUMIFS(ItemizedBudget14[Expenditures],ItemizedBudget14[Spending Category],"Mortgage") -> 7550 | O11: =SUMIFS(ItemizedBudget14[Expenditures],ItemizedBudget14[Spending Category],"Rent - Outgoing",ItemizedBudget14[Planned Month],J11) -> 0 | P11: =M11-(N11+O11) -> 3105.7933 | Q11: =SUMIFS(ItemizedBudget14[Expenditures],ItemizedBudget14[Frequency],"One-Time",ItemizedBudget14[Planned Month],J11) -> 0 | R11: =(K11+L11)-(M11+Q11+O11) -> 7944.2067
B12: Consistent | C12: Monthly | D12: All | E12: Gym | F12: Health | G12: 30 | J12: August | K12: =SUMIFS(ItemizedBudget14[Income],ItemizedBudget14[Frequency],"Monthly",ItemizedBudget14[Planned Month],"All") -> 18600 | L12: =SUMIFS(ItemizedBudget14[Income],ItemizedBudget14[Frequency],"One-Time",ItemizedBudget14[Planned Month],J12) -> 0 | M12: =SUMIFS(ItemizedBudget14[Expenditures],ItemizedBudget14[Frequency],"Monthly",ItemizedBudget14[Planned Month],"All") -> 10655.793 | N12: =SUMIFS(ItemizedBudget14[Expenditures],ItemizedBudget14[Spending Category],"Mortgage") -> 7550 | O12: =SUMIFS(ItemizedBudget14[Expenditures],ItemizedBudget14[Spending Category],"Rent - Outgoing",ItemizedBudget14[Planned Month],J12) -> 0 | P12: =M12-(N12+O12) -> 3105.7933 | Q12: =SUMIFS(ItemizedBudget14[Expenditures],ItemizedBudget14[Frequency],"One-Time",ItemizedBudget14[Planned Month],J12) -> 1750 | R12: =(K12+L12)-(M12+Q12+O12) -> 6194.2067
B13: Consistent | C13: Monthly | D13: All | E13: Yoga | F13: Health | G13: =275/6 -> 45.833333 | J13: September | K13: =SUMIFS(ItemizedBudget14[Income],ItemizedBudget14[Frequency],"Monthly",ItemizedBudget14[Planned Month],"All") -> 18600 | L13: =SUMIFS(ItemizedBudget14[Income],ItemizedBudget14[Frequency],"One-Time",ItemizedBudget14[Planned Month],J13) -> 0 | M13: =SUMIFS(ItemizedBudget14[Expenditures],ItemizedBudget14[Frequency],"Monthly",ItemizedBudget14[Planned Month],"All") -> 10655.793 | N13: =SUMIFS(ItemizedBudget14[Expenditures],ItemizedBudget14[Spending Category],"Mortgage") -> 7550 | O13: =SUMIFS(ItemizedBudget14[Expenditures],ItemizedBudget14[Spending Category],"Rent - Outgoing",ItemizedBudget14[Planned Month],J13) -> 0 | P13: =M13-(N13+O13) -> 3105.7933 | Q13: =SUMIFS(ItemizedBudget14[Expenditures],ItemizedBudget14[Frequency],"One-Time",ItemizedBudget14[Planned Month],J13) -> 0 | R13: =(K13+L13)-(M13+Q13+O13) -> 7944.2067
B14: Consistent | C14: Monthly | D14: All | E14: Vitamins | F14: Health | G14: 30 | J14: October | K14: =SUMIFS(ItemizedBudget14[Income],ItemizedBudget14[Frequency],"Monthly",ItemizedBudget14[Planned Month],"All") -> 18600 | L14: =SUMIFS(ItemizedBudget14[Income],ItemizedBudget14[Frequency],"One-Time",ItemizedBudget14[Planned Month],J14) -> 0 | M14: =SUMIFS(ItemizedBudget14[Expenditures],ItemizedBudget14[Frequency],"Monthly",ItemizedBudget14[Planned Month],"All") -> 10655.793 | N14: =SUMIFS(ItemizedBudget14[Expenditures],ItemizedBudget14[Spending Category],"Mortgage") -> 7550 | O14: =SUMIFS(ItemizedBudget14[Expenditures],ItemizedBudget14[Spending Category],"Rent - Outgoing",ItemizedBudget14[Planned Month],J14) -> 0 | P14: =M14-(N14+O14) -> 3105.7933 | Q14: =SUMIFS(ItemizedBudget14[Expenditures],ItemizedBudget14[Frequency],"One-Time",ItemizedBudget14[Planned Month],J14) -> 0 | R14: =(K14+L14)-(M14+Q14+O14) -> 7944.2067
B15: Consistent | C15: Monthly | D15: All | E15: Deoderant | F15: Health | G15: 30 | J15: November | K15: =SUMIFS(ItemizedBudget14[Income],ItemizedBudget14[Frequency],"Monthly",ItemizedBudget14[Planned Month],"All") -> 18600 | L15: =SUMIFS(ItemizedBudget14[Income],ItemizedBudget14[Frequency],"One-Time",ItemizedBudget14[Planned Month],J15) -> 0 | M15: =SUMIFS(ItemizedBudget14[Expenditures],ItemizedBudget14[Frequency],"Monthly",ItemizedBudget14[Planned Month],"All") -> 10655.793 | N15: =SUMIFS(ItemizedBudget14[Expenditures],ItemizedBudget14[Spending Category],"Mortgage") -> 7550 | O15: =SUMIFS(ItemizedBudget14[Expenditures],ItemizedBudget14[Spending Category],"Rent - Outgoing",ItemizedBudget14[Planned Month],J15) -> 0 | P15: =M15-(N15+O15) -> 3105.7933 | Q15: =SUMIFS(ItemizedBudget14[Expenditures],ItemizedBudget14[Frequency],"One-Time",ItemizedBudget14[Planned Month],J15) -> 750 | R15: =(K15+L15)-(M15+Q15+O15) -> 7194.2067
B16: Consistent | C16: Monthly | D16: All | E16: Nasal Spray | F16: Health | G16: 25 | J16: December | K16: =SUMIFS(ItemizedBudget14[Income],ItemizedBudget14[Frequency],"Monthly",ItemizedBudget14[Planned Month],"All") -> 18600 | L16: =SUMIFS(ItemizedBudget14[Income],ItemizedBudget14[Frequency],"One-Time",ItemizedBudget14[Planned Month],J16) -> 0 | M16: =SUMIFS(ItemizedBudget14[Expenditures],ItemizedBudget14[Frequency],"Monthly",ItemizedBudget14[Planned Month],"All") -> 10655.793 | N16: =SUMIFS(ItemizedBudget14[Expenditures],ItemizedBudget14[Spending Category],"Mortgage") -> 7550 | O16: =SUMIFS(ItemizedBudget14[Expenditures],ItemizedBudget14[Spending Category],"Rent - Outgoing",ItemizedBudget14[Planned Month],J16) -> 0 | P16: =M16-(N16+O16) -> 3105.7933 | Q16: =SUMIFS(ItemizedBudget14[Expenditures],ItemizedBudget14[Frequency],"One-Time",ItemizedBudget14[Planned Month],J16) -> 550 | R16: =(K16+L16)-(M16+Q16+O16) -> 7394.2067
B17: Consistent | C17: Monthly | D17: All | E17: Medical | F17: Health | G17: 150 | J17: Annual Total | K17: =SUM(K5:K16) -> 223200 | L17: =SUM(L5:L16) -> 5000 | M17: =SUM(M5:M16) -> 127869.52 | N17: =SUM(N5:N16) -> 90600 | O17: =SUM(O5:O16) -> 0 | P17: =SUM(P5:P16) -> 37269.52 | Q17: =SUM(Q5:Q16) -> 11498 | R17: =SUM(R5:R16) -> 88832.48
B18: Consistent | C18: Monthly | D18: All | E18: Haircut | F18: Health | G18: =40/1.5 -> 26.666667
B19: Consistent | C19: Monthly | D19: All | E19: Exterminator | F19: Pest | G19: 39 | J19: Frequency | K19: Category | L19: Expenditures | M19: Income | N19: Annual Expenditures | O19: Annual Income
B20: Consistent | C20: Monthly | D20: All | E20: Home Improvement - Misc (4k/year) | F20: Miscellaneous | G20: 333 | J20: =INDEX(ItemizedBudget14[],MATCH(K20,ItemizedBudget14[Spending Category],0),2) -> Monthly | K20: {=INDEX(ItemizedBudget14[Spending Category], MATCH(0, COUNTIF($K$19:K19,ItemizedBudget14[Spending Category]), 0))} -> Automotive | L20: =SUMIFS(ItemizedBudget14[Expenditures],ItemizedBudget14[Spending Category],K20) -> 360 | M20: =SUMIFS(ItemizedBudget14[Income],ItemizedBudget14[Spending Category],K20) -> 0 | N20: =IF(J20="Monthly",12*L20,L20) -> 4320 | O20: =IF(J20="Monthly",12*M20,M20) -> 0
B21: Consistent | C21: Monthly | D21: All | E21: Eric - MITRE Takehome Income | F21: Job Income | G21: 0 | H21: 6400 | J21: =INDEX(ItemizedBudget14[],MATCH(K21,ItemizedBudget14[Spending Category],0),2) -> Monthly | K21: {=INDEX(ItemizedBudget14[Spending Category], MATCH(0, COUNTIF($K$19:K20,ItemizedBudget14[Spending Category]), 0))} -> Cat | L21: =SUMIFS(ItemizedBudget14[Expenditures],ItemizedBudget14[Spending Category],K21) -> 1073 | M21: =SUMIFS(ItemizedBudget14[Income],ItemizedBudget14[Spending Category],K21) -> 0 | N21: =IF(J21="Monthly",12*L21,L21) -> 12876 | O21: =IF(J21="Monthly",12*M21,M21) -> 0
B22: Consistent | C22: Monthly | D22: All | E22: Sara - Fannie Mae Takehome Income | F22: Job Income | G22: 0 | H22: 7800 | J22: =INDEX(ItemizedBudget14[],MATCH(K22,ItemizedBudget14[Spending Category],0),2) -> Monthly | K22: {=INDEX(ItemizedBudget14[Spending Category], MATCH(0, COUNTIF($K$19:K21,ItemizedBudget14[Spending Category]), 0))} -> Insurance | L22: =SUMIFS(ItemizedBudget14[Expenditures],ItemizedBudget14[Spending Category],K22) -> 194.71 | M22: =SUMIFS(ItemizedBudget14[Income],ItemizedBudget14[Spending Category],K22) -> 0 | N22: =IF(J22="Monthly",12*L22,L22) -> 2336.52 | O22: =IF(J22="Monthly",12*M22,M22) -> 0
B23: Consistent | C23: Monthly | D23: All | E23: Miscellaneous | F23: Miscellaneous | G23: 350 | J23: =INDEX(ItemizedBudget14[],MATCH(K23,ItemizedBudget14[Spending Category],0),2) -> Monthly | K23: {=INDEX(ItemizedBudget14[Spending Category], MATCH(0, COUNTIF($K$19:K22,ItemizedBudget14[Spending Category]), 0))} -> Gas | L23: =SUMIFS(ItemizedBudget14[Expenditures],ItemizedBudget14[Spending Category],K23) -> 175 | M23: =SUMIFS(ItemizedBudget14[Income],ItemizedBudget14[Spending Category],K23) -> 0 | N23: =IF(J23="Monthly",12*L23,L23) -> 2100 | O23: =IF(J23="Monthly",12*M23,M23) -> 0
B24: Consistent | C24: Monthly | D24: All | E24: Mortgage 50 Morrison | F24: Mortgage | G24: 4450 | J24: =INDEX(ItemizedBudget14[],MATCH(K24,ItemizedBudget14[Spending Category],0),2) -> Monthly | K24: {=INDEX(ItemizedBudget14[Spending Category], MATCH(0, COUNTIF($K$19:K23,ItemizedBudget14[Spending Category]), 0))} -> Groceries | L24: =SUMIFS(ItemizedBudget14[Expenditures],ItemizedBudget14[Spending Category],K24) -> 600 | M24: =SUMIFS(ItemizedBudget14[Income],ItemizedBudget14[Spending Category],K24) -> 0 | N24: =IF(J24="Monthly",12*L24,L24) -> 7200 | O24: =IF(J24="Monthly",12*M24,M24) -> 0
B25: Consistent | C25: Monthly | D25: All | E25: Phone Bill | F25: Phone | G25: 60 | J25: =INDEX(ItemizedBudget14[],MATCH(K25,ItemizedBudget14[Spending Category],0),2) -> Monthly | K25: {=INDEX(ItemizedBudget14[Spending Category], MATCH(0, COUNTIF($K$19:K24,ItemizedBudget14[Spending Category]), 0))} -> Health | L25: =SUMIFS(ItemizedBudget14[Expenditures],ItemizedBudget14[Spending Category],K25) -> 1537.5 | M25: =SUMIFS(ItemizedBudget14[Income],ItemizedBudget14[Spending Category],K25) -> 0 | N25: =IF(J25="Monthly",12*L25,L25) -> 18450 | O25: =IF(J25="Monthly",12*M25,M25) -> 0
B26: Consistent | C26: Monthly | D26: All | E26: Restaurant | F26: Restaurant | G26: 400 | J26: =INDEX(ItemizedBudget14[],MATCH(K26,ItemizedBudget14[Spending Category],0),2) -> Monthly | K26: {=INDEX(ItemizedBudget14[Spending Category], MATCH(0, COUNTIF($K$19:K25,ItemizedBudget14[Spending Category]), 0))} -> Pest | L26: =SUMIFS(ItemizedBudget14[Expenditures],ItemizedBudget14[Spending Category],K26) -> 39 | M26: =SUMIFS(ItemizedBudget14[Income],ItemizedBudget14[Spending Category],K26) -> 0 | N26: =IF(J26="Monthly",12*L26,L26) -> 468 | O26: =IF(J26="Monthly",12*M26,M26) -> 0
B27: Consistent | C27: Monthly | D27: All | E27: Clothes & Shoes | F27: Shopping | G27: 200 | J27: =INDEX(ItemizedBudget14[],MATCH(K27,ItemizedBudget14[Spending Category],0),2) -> Monthly | K27: {=INDEX(ItemizedBudget14[Spending Category], MATCH(0, COUNTIF($K$19:K26,ItemizedBudget14[Spending Category]), 0))} -> Miscellaneous | L27: =SUMIFS(ItemizedBudget14[Expenditures],ItemizedBudget14[Spending Category],K27) -> 683 | M27: =SUMIFS(ItemizedBudget14[Income],ItemizedBudget14[Spending Category],K27) -> 0 | N27: =IF(J27="Monthly",12*L27,L27) -> 8196 | O27: =IF(J27="Monthly",12*M27,M27) -> 0
B28: Consistent | C28: Monthly | D28: All | E28: Amazon Subscription | F28: Shopping | G28: =139/12 -> 11.583333 | J28: =INDEX(ItemizedBudget14[],MATCH(K28,ItemizedBudget14[Spending Category],0),2) -> Monthly | K28: {=INDEX(ItemizedBudget14[Spending Category], MATCH(0, COUNTIF($K$19:K27,ItemizedBudget14[Spending Category]), 0))} -> Job Income | L28: =SUMIFS(ItemizedBudget14[Expenditures],ItemizedBudget14[Spending Category],K28) -> 0 | M28: =SUMIFS(ItemizedBudget14[Income],ItemizedBudget14[Spending Category],K28) -> 14200 | N28: =IF(J28="Monthly",12*L28,L28) -> 0 | O28: =IF(J28="Monthly",12*M28,M28) -> 170400
B29: Consistent | C29: Monthly | D29: All | E29: Electric | F29: Utilities | G29: 135 | J29: =INDEX(ItemizedBudget14[],MATCH(K29,ItemizedBudget14[Spending Category],0),2) -> Monthly | K29: {=INDEX(ItemizedBudget14[Spending Category], MATCH(0, COUNTIF($K$19:K28,ItemizedBudget14[Spending Category]), 0))} -> Mortgage | L29: =SUMIFS(ItemizedBudget14[Expenditures],ItemizedBudget14[Spending Category],K29) -> 7550 | M29: =SUMIFS(ItemizedBudget14[Income],ItemizedBudget14[Spending Category],K29) -> 0 | N29: =IF(J29="Monthly",12*L29,L29) -> 90600 | O29: =IF(J29="Monthly",12*M29,M29) -> 0
C30: Monthly | D30: All | E30: Trash | F30: Trash | G30: 35 | J30: =INDEX(ItemizedBudget14[],MATCH(K30,ItemizedBudget14[Spending Category],0),2) -> Monthly | K30: {=INDEX(ItemizedBudget14[Spending Category], MATCH(0, COUNTIF($K$19:K29,ItemizedBudget14[Spending Category]), 0))} -> Phone | L30: =SUMIFS(ItemizedBudget14[Expenditures],ItemizedBudget14[Spending Category],K30) -> 60 | M30: =SUMIFS(ItemizedBudget14[Income],ItemizedBudget14[Spending Category],K30) -> 0 | N30: =IF(J30="Monthly",12*L30,L30) -> 720 | O30: =IF(J30="Monthly",12*M30,M30) -> 0
B31: Inconsistent | C31: Monthly | D31: All | E31: Rent - Incoming | F31: Rent - Incoming | G31: 0 | H31: 4400 | J31: =INDEX(ItemizedBudget14[],MATCH(K31,ItemizedBudget14[Spending Category],0),2) -> Monthly | K31: {=INDEX(ItemizedBudget14[Spending Category], MATCH(0, COUNTIF($K$19:K30,ItemizedBudget14[Spending Category]), 0))} -> Restaurant | L31: =SUMIFS(ItemizedBudget14[Expenditures],ItemizedBudget14[Spending Category],K31) -> 400 | M31: =SUMIFS(ItemizedBudget14[Income],ItemizedBudget14[Spending Category],K31) -> 0 | N31: =IF(J31="Monthly",12*L31,L31) -> 4800 | O31: =IF(J31="Monthly",12*M31,M31) -> 0
B32: Inconsistent | C32: Monthly | D32: All | E32: Mortgage - Colorado | F32: Mortgage | G32: 3100 | J32: =INDEX(ItemizedBudget14[],MATCH(K32,ItemizedBudget14[Spending Category],0),2) -> Monthly | K32: {=INDEX(ItemizedBudget14[Spending Category], MATCH(0, COUNTIF($K$19:K31,ItemizedBudget14[Spending Category]), 0))} -> Shopping | L32: =SUMIFS(ItemizedBudget14[Expenditures],ItemizedBudget14[Spending Category],K32) -> 211.58333 | M32: =SUMIFS(ItemizedBudget14[Income],ItemizedBudget14[Spending Category],K32) -> 0 | N32: =IF(J32="Monthly",12*L32,L32) -> 2539 | O32: =IF(J32="Monthly",12*M32,M32) -> 0
B33: Consistent | C33: One-Time | D33: November | E33: Car Undercoating | F33: Automotive | G33: 250 | J33: =INDEX(ItemizedBudget14[],MATCH(K33,ItemizedBudget14[Spending Category],0),2) -> Monthly | K33: {=INDEX(ItemizedBudget14[Spending Category], MATCH(0, COUNTIF($K$19:K32,ItemizedBudget14[Spending Category]), 0))} -> Utilities | L33: =SUMIFS(ItemizedBudget14[Expenditures],ItemizedBudget14[Spending Category],K33) -> 135 | M33: =SUMIFS(ItemizedBudget14[Income],ItemizedBudget14[Spending Category],K33) -> 0 | N33: =IF(J33="Monthly",12*L33,L33) -> 1620 | O33: =IF(J33="Monthly",12*M33,M33) -> 0
B34: Consistent | C34: One-Time | D34: April | E34: Vet - Charles | F34: Cat | G34: 300 | J34: =INDEX(ItemizedBudget14[],MATCH(K34,ItemizedBudget14[Spending Category],0),2) -> Monthly | K34: {=INDEX(ItemizedBudget14[Spending Category], MATCH(0, COUNTIF($K$19:K33,ItemizedBudget14[Spending Category]), 0))} -> Trash | L34: =SUMIFS(ItemizedBudget14[Expenditures],ItemizedBudget14[Spending Category],K34) -> 35 | M34: =SUMIFS(ItemizedBudget14[Income],ItemizedBudget14[Spending Category],K34) -> 0 | N34: =IF(J34="Monthly",12*L34,L34) -> 420 | O34: =IF(J34="Monthly",12*M34,M34) -> 0
B35: Consistent | C35: One-Time | D35: April | E35: Vet - Luna | F35: Cat | G35: 300 | J35: =INDEX(ItemizedBudget14[],MATCH(K35,ItemizedBudget14[Spending Category],0),2) -> Monthly | K35: {=INDEX(ItemizedBudget14[Spending Category], MATCH(0, COUNTIF($K$19:K34,ItemizedBudget14[Spending Category]), 0))} -> Rent - Incoming | L35: =SUMIFS(ItemizedBudget14[Expenditures],ItemizedBudget14[Spending Category],K35) -> 0 | M35: =SUMIFS(ItemizedBudget14[Income],ItemizedBudget14[Spending Category],K35) -> 4400 | N35: =IF(J35="Monthly",12*L35,L35) -> 0 | O35: =IF(J35="Monthly",12*M35,M35) -> 52800
B36: Consistent | C36: One-Time | D36: March | E36: Vet - Bravecto | F36: Cat | G36: =(58*3)*2 -> 348 | J36: =INDEX(ItemizedBudget14[],MATCH(K36,ItemizedBudget14[Spending Category],0),2) -> One-Time | K36: {=INDEX(ItemizedBudget14[Spending Category], MATCH(0, COUNTIF($K$19:K35,ItemizedBudget14[Spending Category]), 0))} -> Gifts | L36: =SUMIFS(ItemizedBudget14[Expenditures],ItemizedBudget14[Spending Category],K36) -> 550 | M36: =SUMIFS(ItemizedBudget14[Income],ItemizedBudget14[Spending Category],K36) -> 0 | N36: =IF(J36="Monthly",12*L36,L36) -> 550 | O36: =IF(J36="Monthly",12*M36,M36) -> 0
B37: Consistent | C37: One-Time | D37: December | E37: Christmas Expenses | F37: Gifts | G37: 550 | J37: =INDEX(ItemizedBudget14[],MATCH(K37,ItemizedBudget14[Spending Category],0),2) -> One-Time | K37: {=INDEX(ItemizedBudget14[Spending Category], MATCH(0, COUNTIF($K$19:K36,ItemizedBudget14[Spending Category]), 0))} -> Home Maintenance | L37: =SUMIFS(ItemizedBudget14[Expenditures],ItemizedBudget14[Spending Category],K37) -> 7050 | M37: =SUMIFS(ItemizedBudget14[Income],ItemizedBudget14[Spending Category],K37) -> 0 | N37: =IF(J37="Monthly",12*L37,L37) -> 7050 | O37: =IF(J37="Monthly",12*M37,M37) -> 0
B38: Consistent | C38: One-Time | D38: March | E38: Contacts | F38: Health | G38: 1200 | J38: =INDEX(ItemizedBudget14[],MATCH(K38,ItemizedBudget14[Spending Category],0),2) -> One-Time | K38: {=INDEX(ItemizedBudget14[Spending Category], MATCH(0, COUNTIF($K$19:K37,ItemizedBudget14[Spending Category]), 0))} -> Tax Refund | L38: =SUMIFS(ItemizedBudget14[Expenditures],ItemizedBudget14[Spending Category],K38) -> 0 | M38: =SUMIFS(ItemizedBudget14[Income],ItemizedBudget14[Spending Category],K38) -> 5000 | N38: =IF(J38="Monthly",12*L38,L38) -> 0 | O38: =IF(J38="Monthly",12*M38,M38) -> 5000
B39: Consistent | C39: One-Time | D39: April | E39: Mulch | F39: Home Maintenance | G39: 300 | J39: =INDEX(ItemizedBudget14[],MATCH(K39,ItemizedBudget14[Spending Category],0),2) -> One-Time | K39: {=INDEX(ItemizedBudget14[Spending Category], MATCH(0, COUNTIF($K$19:K38,ItemizedBudget14[Spending Category]), 0))} -> Vacation | L39: =SUMIFS(ItemizedBudget14[Expenditures],ItemizedBudget14[Spending Category],K39) -> 1500 | M39: =SUMIFS(ItemizedBudget14[Income],ItemizedBudget14[Spending Category],K39) -> 0 | N39: =IF(J39="Monthly",12*L39,L39) -> 1500 | O39: =IF(J39="Monthly",12*M39,M39) -> 0
B40: Inconsistent | C40: One-Time | D40: April | E40: Taxes | F40: Tax Refund | H40: 5000
B41: Inconsistent | C41: One-Time | D41: June | E41: Vacation | F41: Vacation | G41: 1500
C42: One-Time | D42: August | E42: Snow Plow Service | F42: Home Maintenance | G42: 1750
C43: One-Time | D43: November | E43: Fall Cleanup | F43: Home Maintenance | G43: 500
C44: One-Time | D44: April | E44: 50 Morrison Mowing | F44: Home Maintenance | G44: 3000
C45: One-Time | D45: January | E45: 50 Morrison Snow Removal | F45: Home Maintenance | G45: 1500

Sheet 2027 Budget
C2: Sara working 100%, no kids yet, cheaper mortgage | N2: =SUM(N5:N11)+SUM(O12:O16) -> 52850 | O2: =N2/12 -> 4404.1667
B3: Expense & Income Table | J3: 2025 Summary
B4: Type | C4: Frequency | D4: Planned Month | E4: Item | F4: Spending Category | G4: Expenditures | H4: Income | J4: Month | K4: Monthly Income | L4: One-Time Income | M4: Monthly Expenses | N4: Monthly Mortgage Expenses | O4: One-Time Rent Expense | P4: Monthly Non-Housing Expenses | Q4: One-Time Expenses | R4: Remaining
B5: Consistent | C5: Monthly | D5: All | E5: Amazon Subscription | F5: Shopping | G5: =139/12 -> 11.583333 | J5: January | K5: =SUMIFS(ItemizedBudget1424[Income],ItemizedBudget1424[Frequency],"Monthly",ItemizedBudget1424[Planned Month],"All") -> 10598.833 | L5: =SUMIFS(ItemizedBudget1424[Income],ItemizedBudget1424[Frequency],"One-Time",ItemizedBudget1424[Planned Month],J5) -> 7741.5 | M5: =SUMIFS(ItemizedBudget1424[Expenditures],ItemizedBudget1424[Frequency],"Monthly",ItemizedBudget1424[Planned Month],"All") -> 11505.793 | N5: =SUMIFS(ItemizedBudget1424[Expenditures],ItemizedBudget1424[Spending Category],"Mortgage") -> 7550 | O5: =SUMIFS(ItemizedBudget1424[Expenditures],ItemizedBudget1424[Spending Category],"Rent - Outgoing",ItemizedBudget1424[Planned Month],J5) -> 0 | P5: =M5-(N5+O5) -> 3955.7933 | Q5: =SUMIFS(ItemizedBudget1424[Expenditures],ItemizedBudget1424[Frequency],"One-Time",ItemizedBudget1424[Planned Month],J5) -> 1500 | R5: =(K5+L5)-(M5+Q5+O5) -> 5334.54
C6: Monthly | D6: All | E6: Baby Formula | F6: Baby | G6: 400 | J6: February | K6: =SUMIFS(ItemizedBudget1424[Income],ItemizedBudget1424[Frequency],"Monthly",ItemizedBudget1424[Planned Month],"All") -> 10598.833 | L6: =SUMIFS(ItemizedBudget1424[Income],ItemizedBudget1424[Frequency],"One-Time",ItemizedBudget1424[Planned Month],J6) -> 7741.5 | M6: =SUMIFS(ItemizedBudget1424[Expenditures],ItemizedBudget1424[Frequency],"Monthly",ItemizedBudget1424[Planned Month],"All") -> 11505.793 | N6: =SUMIFS(ItemizedBudget1424[Expenditures],ItemizedBudget1424[Spending Category],"Mortgage") -> 7550 | O6: =SUMIFS(ItemizedBudget1424[Expenditures],ItemizedBudget1424[Spending Category],"Rent - Outgoing",ItemizedBudget1424[Planned Month],J6) -> 0 | P6: =M6-(N6+O6) -> 3955.7933 | Q6: =SUMIFS(ItemizedBudget1424[Expenditures],ItemizedBudget1424[Frequency],"One-Time",ItemizedBudget1424[Planned Month],J6) -> 0 | R6: =(K6+L6)-(M6+Q6+O6) -> 6834.54 | T6: =SUMIFS(ItemizedBudget1424[Expenditures],ItemizedBudget1424[Item],"Rent: Outgoing",ItemizedBudget1424[Item],"Mortgage 50 Morrison",ItemizedBudget1424[Planned Month],J5) -> 0
B7: Consistent | C7: Monthly | D7: All | E7: Car Insurance & Umbrella | F7: Insurance | G7: 194.71 | J7: March | K7: =SUMIFS(ItemizedBudget1424[Income],ItemizedBudget1424[Frequency],"Monthly",ItemizedBudget1424[Planned Month],"All") -> 10598.833 | L7: =SUMIFS(ItemizedBudget1424[Income],ItemizedBudget1424[Frequency],"One-Time",ItemizedBudget1424[Planned Month],J7) -> 7741.5 | M7: =SUMIFS(ItemizedBudget1424[Expenditures],ItemizedBudget1424[Frequency],"Monthly",ItemizedBudget1424[Planned Month],"All") -> 11505.793 | N7: =SUMIFS(ItemizedBudget1424[Expenditures],ItemizedBudget1424[Spending Category],"Mortgage") -> 7550 | O7: =SUMIFS(ItemizedBudget1424[Expenditures],ItemizedBudget1424[Spending Category],"Rent - Outgoing",ItemizedBudget1424[Planned Month],J7) -> 0 | P7: =M7-(N7+O7) -> 3955.7933 | Q7: =SUMIFS(ItemizedBudget1424[Expenditures],ItemizedBudget1424[Frequency],"One-Time",ItemizedBudget1424[Planned Month],J7) -> 1548 | R7: =(K7+L7)-(M7+Q7+O7) -> 5286.54
B8: Consistent | C8: Monthly | D8: All | E8: Car Maintenance | F8: Automotive | G8: 100 | J8: April | K8: =SUMIFS(ItemizedBudget1424[Income],ItemizedBudget1424[Frequency],"Monthly",ItemizedBudget1424[Planned Month],"All") -> 10598.833 | L8: =SUMIFS(ItemizedBudget1424[Income],ItemizedBudget1424[Frequency],"One-Time",ItemizedBudget1424[Planned Month],J8) -> 7741.5 | M8: =SUMIFS(ItemizedBudget1424[Expenditures],ItemizedBudget1424[Frequency],"Monthly",ItemizedBudget1424[Planned Month],"All") -> 11505.793 | N8: =SUMIFS(ItemizedBudget1424[Expenditures],ItemizedBudget1424[Spending Category],"Mortgage") -> 7550 | O8: =SUMIFS(ItemizedBudget1424[Expenditures],ItemizedBudget1424[Spending Category],"Rent - Outgoing",ItemizedBudget1424[Planned Month],J8) -> 0 | P8: =M8-(N8+O8) -> 3955.7933 | Q8: =SUMIFS(ItemizedBudget1424[Expenditures],ItemizedBudget1424[Frequency],"One-Time",ItemizedBudget1424[Planned Month],J8) -> 3900 | R8: =(K8+L8)-(M8+Q8+O8) -> 2934.54
B9: Consistent | C9: Monthly | D9: All | E9: Cat Food | F9: Cat | G9: 100 | J9: May | K9: =SUMIFS(ItemizedBudget1424[Income],ItemizedBudget1424[Frequency],"Monthly",ItemizedBudget1424[Planned Month],"All") -> 10598.833 | L9: =SUMIFS(ItemizedBudget1424[Income],ItemizedBudget1424[Frequency],"One-Time",ItemizedBudget1424[Planned Month],J9) -> 7741.5 | M9: =SUMIFS(ItemizedBudget1424[Expenditures],ItemizedBudget1424[Frequency],"Monthly",ItemizedBudget1424[Planned Month],"All") -> 11505.793 | N9: =SUMIFS(ItemizedBudget1424[Expenditures],ItemizedBudget1424[Spending Category],"Mortgage") -> 7550 | O9: =SUMIFS(ItemizedBudget1424[Expenditures],ItemizedBudget1424[Spending Category],"Rent - Outgoing",ItemizedBudget1424[Planned Month],J9) -> 0 | P9: =M9-(N9+O9) -> 3955.7933 | Q9: =SUMIFS(ItemizedBudget1424[Expenditures],ItemizedBudget1424[Frequency],"One-Time",ItemizedBudget1424[Planned Month],J9) -> 0 | R9: =(K9+L9)-(M9+Q9+O9) -> 6834.54
B10: Consistent | C10: Monthly | D10: All | E10: Cat Litter | F10: Cat | G10: 25 | J10: June | K10: =SUMIFS(ItemizedBudget1424[Income],ItemizedBudget1424[Frequency],"Monthly",ItemizedBudget1424[Planned Month],"All") -> 10598.833 | L10: =SUMIFS(ItemizedBudget1424[Income],ItemizedBudget1424[Frequency],"One-Time",ItemizedBudget1424[Planned Month],J10) -> 7741.5 | M10: =SUMIFS(ItemizedBudget1424[Expenditures],ItemizedBudget1424[Frequency],"Monthly",ItemizedBudget1424[Planned Month],"All") -> 11505.793 | N10: =SUMIFS(ItemizedBudget1424[Expenditures],ItemizedBudget1424[Spending Category],"Mortgage") -> 7550 | O10: =SUMIFS(ItemizedBudget1424[Expenditures],ItemizedBudget1424[Spending Category],"Rent - Outgoing",ItemizedBudget1424[Planned Month],J10) -> 0 | P10: =M10-(N10+O10) -> 3955.7933 | Q10: =SUMIFS(ItemizedBudget1424[Expenditures],ItemizedBudget1424[Frequency],"One-Time",ItemizedBudget1424[Planned Month],J10) -> 4500 | R10: =(K10+L10)-(M10+Q10+O10) -> 2334.54
C11: Monthly | D11: All | E11: Child Clothing | F11: Baby | G11: 200 | J11: July | K11: =SUMIFS(ItemizedBudget1424[Income],ItemizedBudget1424[Frequency],"Monthly",ItemizedBudget1424[Planned Month],"All") -> 10598.833 | L11: =SUMIFS(ItemizedBudget1424[Income],ItemizedBudget1424[Frequency],"One-Time",ItemizedBudget1424[Planned Month],J11) -> 7741.5 | M11: =SUMIFS(ItemizedBudget1424[Expenditures],ItemizedBudget1424[Frequency],"Monthly",ItemizedBudget1424[Planned Month],"All") -> 11505.793 | N11: =SUMIFS(ItemizedBudget1424[Expenditures],ItemizedBudget1424[Spending Category],"Mortgage") -> 7550 | O11: =SUMIFS(ItemizedBudget1424[Expenditures],ItemizedBudget1424[Spending Category],"Rent - Outgoing",ItemizedBudget1424[Planned Month],J11) -> 0 | P11: =M11-(N11+O11) -> 3955.7933 | Q11: =SUMIFS(ItemizedBudget1424[Expenditures],ItemizedBudget1424[Frequency],"One-Time",ItemizedBudget1424[Planned Month],J11) -> 0 | R11: =(K11+L11)-(M11+Q11+O11) -> 6834.54
B12: Consistent | C12: Monthly | D12: All | E12: Clothes & Shoes | F12: Shopping | G12: 200 | J12: August | K12: =SUMIFS(ItemizedBudget1424[Income],ItemizedBudget1424[Frequency],"Monthly",ItemizedBudget1424[Planned Month],"All") -> 10598.833 | L12: =SUMIFS(ItemizedBudget1424[Income],ItemizedBudget1424[Frequency],"One-Time",ItemizedBudget1424[Planned Month],J12) -> 7741.5 | M12: =SUMIFS(ItemizedBudget1424[Expenditures],ItemizedBudget1424[Frequency],"Monthly",ItemizedBudget1424[Planned Month],"All") -> 11505.793 | N12: =SUMIFS(ItemizedBudget1424[Expenditures],ItemizedBudget1424[Spending Category],"Mortgage") -> 7550 | O12: =SUMIFS(ItemizedBudget1424[Expenditures],ItemizedBudget1424[Spending Category],"Rent - Outgoing",ItemizedBudget1424[Planned Month],J12) -> 0 | P12: =M12-(N12+O12) -> 3955.7933 | Q12: =SUMIFS(ItemizedBudget1424[Expenditures],ItemizedBudget1424[Frequency],"One-Time",ItemizedBudget1424[Planned Month],J12) -> 6750 | R12: =(K12+L12)-(M12+Q12+O12) -> 84.54
B13: Consistent | C13: Monthly | D13: All | E13: Deoderant | F13: Health | G13: 30 | J13: September | K13: =SUMIFS(ItemizedBudget1424[Income],ItemizedBudget1424[Frequency],"Monthly",ItemizedBudget1424[Planned Month],"All") -> 10598.833 | L13: =SUMIFS(ItemizedBudget1424[Income],ItemizedBudget1424[Frequency],"One-Time",ItemizedBudget1424[Planned Month],J13) -> 7741.5 | M13: =SUMIFS(ItemizedBudget1424[Expenditures],ItemizedBudget1424[Frequency],"Monthly",ItemizedBudget1424[Planned Month],"All") -> 11505.793 | N13: =SUMIFS(ItemizedBudget1424[Expenditures],ItemizedBudget1424[Spending Category],"Mortgage") -> 7550 | O13: =SUMIFS(ItemizedBudget1424[Expenditures],ItemizedBudget1424[Spending Category],"Rent - Outgoing",ItemizedBudget1424[Planned Month],J13) -> 0 | P13: =M13-(N13+O13) -> 3955.7933 | Q13: =SUMIFS(ItemizedBudget1424[Expenditures],ItemizedBudget1424[Frequency],"One-Time",ItemizedBudget1424[Planned Month],J13) -> 0 | R13: =(K13+L13)-(M13+Q13+O13) -> 6834.54
C14: Monthly | D14: All | E14: Diapers | F14: Baby | G14: 100 | J14: October | K14: =SUMIFS(ItemizedBudget1424[Income],ItemizedBudget1424[Frequency],"Monthly",ItemizedBudget1424[Planned Month],"All") -> 10598.833 | L14: =SUMIFS(ItemizedBudget1424[Income],ItemizedBudget1424[Frequency],"One-Time",ItemizedBudget1424[Planned Month],J14) -> 7741.5 | M14: =SUMIFS(ItemizedBudget1424[Expenditures],ItemizedBudget1424[Frequency],"Monthly",ItemizedBudget1424[Planned Month],"All") -> 11505.793 | N14: =SUMIFS(ItemizedBudget1424[Expenditures],ItemizedBudget1424[Spending Category],"Mortgage") -> 7550 | O14: =SUMIFS(ItemizedBudget1424[Expenditures],ItemizedBudget1424[Spending Category],"Rent - Outgoing",ItemizedBudget1424[Planned Month],J14) -> 0 | P14: =M14-(N14+O14) -> 3955.7933 | Q14: =SUMIFS(ItemizedBudget1424[Expenditures],ItemizedBudget1424[Frequency],"One-Time",ItemizedBudget1424[Planned Month],J14) -> 0 | R14: =(K14+L14)-(M14+Q14+O14) -> 6834.54
B15: Consistent | C15: Monthly | D15: All | E15: Electric | F15: Utilities | G15: 135 | J15: November | K15: =SUMIFS(ItemizedBudget1424[Income],ItemizedBudget1424[Frequency],"Monthly",ItemizedBudget1424[Planned Month],"All") -> 10598.833 | L15: =SUMIFS(ItemizedBudget1424[Income],ItemizedBudget1424[Frequency],"One-Time",ItemizedBudget1424[Planned Month],J15) -> 7741.5 | M15: =SUMIFS(ItemizedBudget1424[Expenditures],ItemizedBudget1424[Frequency],"Monthly",ItemizedBudget1424[Planned Month],"All") -> 11505.793 | N15: =SUMIFS(ItemizedBudget1424[Expenditures],ItemizedBudget1424[Spending Category],"Mortgage") -> 7550 | O15: =SUMIFS(ItemizedBudget1424[Expenditures],ItemizedBudget1424[Spending Category],"Rent - Outgoing",ItemizedBudget1424[Planned Month],J15) -> 0 | P15: =M15-(N15+O15) -> 3955.7933 | Q15: =SUMIFS(ItemizedBudget1424[Expenditures],ItemizedBudget1424[Frequency],"One-Time",ItemizedBudget1424[Planned Month],J15) -> 750 | R15: =(K15+L15)-(M15+Q15+O15) -> 6084.54
B16: Consistent | C16: Monthly | D16: All | E16: Eric - MITRE Takehome Income | F16: Job Income | G16: 0 | H16: =(2861*26)/12 -> 6198.8333 | J16: December | K16: =SUMIFS(ItemizedBudget1424[Income],ItemizedBudget1424[Frequency],"Monthly",ItemizedBudget1424[Planned Month],"All") -> 10598.833 | L16: =SUMIFS(ItemizedBudget1424[Income],ItemizedBudget1424[Frequency],"One-Time",ItemizedBudget1424[Planned Month],J16) -> 3870.75 | M16: =SUMIFS(ItemizedBudget1424[Expenditures],ItemizedBudget1424[Frequency],"Monthly",ItemizedBudget1424[Planned Month],"All") -> 11505.793 | N16: =SUMIFS(ItemizedBudget1424[Expenditures],ItemizedBudget1424[Spending Category],"Mortgage") -> 7550 | O16: =SUMIFS(ItemizedBudget1424[Expenditures],ItemizedBudget1424[Spending Category],"Rent - Outgoing",ItemizedBudget1424[Planned Month],J16) -> 0 | P16: =M16-(N16+O16) -> 3955.7933 | Q16: =SUMIFS(ItemizedBudget1424[Expenditures],ItemizedBudget1424[Frequency],"One-Time",ItemizedBudget1424[Planned Month],J16) -> 550 | R16: =(K16+L16)-(M16+Q16+O16) -> 2413.79
B17: Consistent | C17: Monthly | D17: All | E17: Exterminator | F17: Pest | G17: 39 | J17: Annual Total | K17: =SUM(K5:K16) -> 127186 | L17: =SUM(L5:L16) -> 89027.25 | M17: =SUM(M5:M16) -> 138069.52 | N17: =SUM(N5:N16) -> 90600 | O17: =SUM(O5:O16) -> 0 | P17: =SUM(P5:P16) -> 47469.52 | Q17: =SUM(Q5:Q16) -> 19498 | R17: =SUM(R5:R16) -> 58645.73
B18: Consistent | C18: Monthly | D18: All | E18: Gas | F18: Gas | G18: 175
B19: Consistent | C19: Monthly | D19: All | E19: Groceries | F19: Groceries | G19: 600 | J19: Frequency | K19: Category | L19: Expenditures | M19: Income | N19: Annual Expenditures | O19: Annual Income
B20: Consistent | C20: Monthly | D20: All | E20: Gym | F20: Health | G20: 30 | J20: =INDEX(ItemizedBudget1424[],MATCH(K20,ItemizedBudget1424[Spending Category],0),2) -> Monthly | K20: {=INDEX(ItemizedBudget1424[Spending Category], MATCH(0, COUNTIF($K$19:K19,ItemizedBudget1424[Spending Category]), 0))} -> Shopping | L20: =SUMIFS(ItemizedBudget1424[Expenditures],ItemizedBudget1424[Spending Category],K20) -> 211.58333 | M20: =SUMIFS(ItemizedBudget1424[Income],ItemizedBudget1424[Spending Category],K20) -> 0 | N20: =IF(J20="Monthly",12*L20,L20) -> 2539 | O20: =IF(J20="Monthly",12*M20,M20) -> 0
B21: Consistent | C21: Monthly | D21: All | E21: Haircut | F21: Health | G21: =40/1.5 -> 26.666667 | J21: =INDEX(ItemizedBudget1424[],MATCH(K21,ItemizedBudget1424[Spending Category],0),2) -> Monthly | K21: {=INDEX(ItemizedBudget1424[Spending Category], MATCH(0, COUNTIF($K$19:K20,ItemizedBudget1424[Spending Category]), 0))} -> Baby | L21: =SUMIFS(ItemizedBudget1424[Expenditures],ItemizedBudget1424[Spending Category],K21) -> 8850 | M21: =SUMIFS(ItemizedBudget1424[Income],ItemizedBudget1424[Spending Category],K21) -> 0 | N21: =IF(J21="Monthly",12*L21,L21) -> 106200 | O21: =IF(J21="Monthly",12*M21,M21) -> 0
B22: Consistent | C22: Monthly | D22: All | E22: Home Improvement - Misc (4k/year) | F22: Miscellaneous | G22: 333 | J22: =INDEX(ItemizedBudget1424[],MATCH(K22,ItemizedBudget1424[Spending Category],0),2) -> Monthly | K22: {=INDEX(ItemizedBudget1424[Spending Category], MATCH(0, COUNTIF($K$19:K21,ItemizedBudget1424[Spending Category]), 0))} -> Insurance | L22: =SUMIFS(ItemizedBudget1424[Expenditures],ItemizedBudget1424[Spending Category],K22) -> 194.71 | M22: =SUMIFS(ItemizedBudget1424[Income],ItemizedBudget1424[Spending Category],K22) -> 0 | N22: =IF(J22="Monthly",12*L22,L22) -> 2336.52 | O22: =IF(J22="Monthly",12*M22,M22) -> 0
B23: Consistent | C23: Monthly | D23: All | E23: Medical | F23: Health | G23: 150 | J23: =INDEX(ItemizedBudget1424[],MATCH(K23,ItemizedBudget1424[Spending Category],0),2) -> Monthly | K23: {=INDEX(ItemizedBudget1424[Spending Category], MATCH(0, COUNTIF($K$19:K22,ItemizedBudget1424[Spending Category]), 0))} -> Automotive | L23: =SUMIFS(ItemizedBudget1424[Expenditures],ItemizedBudget1424[Spending Category],K23) -> 360 | M23: =SUMIFS(ItemizedBudget1424[Income],ItemizedBudget1424[Spending Category],K23) -> 0 | N23: =IF(J23="Monthly",12*L23,L23) -> 4320 | O23: =IF(J23="Monthly",12*M23,M23) -> 0
B24: Consistent | C24: Monthly | D24: All | E24: Miscellaneous | F24: Miscellaneous | G24: 350 | J24: =INDEX(ItemizedBudget1424[],MATCH(K24,ItemizedBudget1424[Spending Category],0),2) -> Monthly | K24: {=INDEX(ItemizedBudget1424[Spending Category], MATCH(0, COUNTIF($K$19:K23,ItemizedBudget1424[Spending Category]), 0))} -> Cat | L24: =SUMIFS(ItemizedBudget1424[Expenditures],ItemizedBudget1424[Spending Category],K24) -> 1073 | M24: =SUMIFS(ItemizedBudget1424[Income],ItemizedBudget1424[Spending Category],K24) -> 0 | N24: =IF(J24="Monthly",12*L24,L24) -> 12876 | O24: =IF(J24="Monthly",12*M24,M24) -> 0
B25: Consistent | C25: Monthly | D25: All | E25: Mortgage 50 Morrison | F25: Mortgage | G25: 4450 | J25: =INDEX(ItemizedBudget1424[],MATCH(K25,ItemizedBudget1424[Spending Category],0),2) -> Monthly | K25: {=INDEX(ItemizedBudget1424[Spending Category], MATCH(0, COUNTIF($K$19:K24,ItemizedBudget1424[Spending Category]), 0))} -> Health | L25: =SUMIFS(ItemizedBudget1424[Expenditures],ItemizedBudget1424[Spending Category],K25) -> 1537.5 | M25: =SUMIFS(ItemizedBudget1424[Income],ItemizedBudget1424[Spending Category],K25) -> 0 | N25: =IF(J25="Monthly",12*L25,L25) -> 18450 | O25: =IF(J25="Monthly",12*M25,M25) -> 0
B26: Consistent | C26: Monthly | D26: All | E26: Nasal Spray | F26: Health | G26: 25 | J26: =INDEX(ItemizedBudget1424[],MATCH(K26,ItemizedBudget1424[Spending Category],0),2) -> Monthly | K26: {=INDEX(ItemizedBudget1424[Spending Category], MATCH(0, COUNTIF($K$19:K25,ItemizedBudget1424[Spending Category]), 0))} -> Utilities | L26: =SUMIFS(ItemizedBudget1424[Expenditures],ItemizedBudget1424[Spending Category],K26) -> 135 | M26: =SUMIFS(ItemizedBudget1424[Income],ItemizedBudget1424[Spending Category],K26) -> 0 | N26: =IF(J26="Monthly",12*L26,L26) -> 1620 | O26: =IF(J26="Monthly",12*M26,M26) -> 0
B27: Consistent | C27: Monthly | D27: All | E27: Phone Bill | F27: Phone | G27: 60 | J27: =INDEX(ItemizedBudget1424[],MATCH(K27,ItemizedBudget1424[Spending Category],0),2) -> Monthly | K27: {=INDEX(ItemizedBudget1424[Spending Category], MATCH(0, COUNTIF($K$19:K26,ItemizedBudget1424[Spending Category]), 0))} -> Job Income | L27: =SUMIFS(ItemizedBudget1424[Expenditures],ItemizedBudget1424[Spending Category],K27) -> 0 | M27: =SUMIFS(ItemizedBudget1424[Income],ItemizedBudget1424[Spending Category],K27) -> 68130.833 | N27: =IF(J27="Monthly",12*L27,L27) -> 0 | O27: =IF(J27="Monthly",12*M27,M27) -> 817570
B28: Inconsistent | C28: Monthly | D28: All | E28: Rent - Incoming | F28: Rent - Incoming | G28: 0 | H28: 4400 | J28: =INDEX(ItemizedBudget1424[],MATCH(K28,ItemizedBudget1424[Spending Category],0),2) -> Monthly | K28: {=INDEX(ItemizedBudget1424[Spending Category], MATCH(0, COUNTIF($K$19:K27,ItemizedBudget1424[Spending Category]), 0))} -> Pest | L28: =SUMIFS(ItemizedBudget1424[Expenditures],ItemizedBudget1424[Spending Category],K28) -> 39 | M28: =SUMIFS(ItemizedBudget1424[Income],ItemizedBudget1424[Spending Category],K28) -> 0 | N28: =IF(J28="Monthly",12*L28,L28) -> 468 | O28: =IF(J28="Monthly",12*M28,M28) -> 0
B29: Inconsistent | C29: Monthly | D29: All | E29: Mortgage Colorado | F29: Mortgage | G29: 3100 | J29: =INDEX(ItemizedBudget1424[],MATCH(K29,ItemizedBudget1424[Spending Category],0),2) -> Monthly | K29: {=INDEX(ItemizedBudget1424[Spending Category], MATCH(0, COUNTIF($K$19:K28,ItemizedBudget1424[Spending Category]), 0))} -> Gas | L29: =SUMIFS(ItemizedBudget1424[Expenditures],ItemizedBudget1424[Spending Category],K29) -> 175 | M29: =SUMIFS(ItemizedBudget1424[Income],ItemizedBudget1424[Spending Category],K29) -> 0 | N29: =IF(J29="Monthly",12*L29,L29) -> 2100 | O29: =IF(J29="Monthly",12*M29,M29) -> 0
B30: Consistent | C30: Monthly | D30: All | E30: Restaurant | F30: Restaurant | G30: 400 | J30: =INDEX(ItemizedBudget1424[],MATCH(K30,ItemizedBudget1424[Spending Category],0),2) -> Monthly | K30: {=INDEX(ItemizedBudget1424[Spending Category], MATCH(0, COUNTIF($K$19:K29,ItemizedBudget1424[Spending Category]), 0))} -> Groceries | L30: =SUMIFS(ItemizedBudget1424[Expenditures],ItemizedBudget1424[Spending Category],K30) -> 600 | M30: =SUMIFS(ItemizedBudget1424[Income],ItemizedBudget1424[Spending Category],K30) -> 0 | N30: =IF(J30="Monthly",12*L30,L30) -> 7200 | O30: =IF(J30="Monthly",12*M30,M30) -> 0
B31: Consistent | C31: Monthly | D31: All | E31: Tolls | F31: Automotive | G31: 10 | J31: =INDEX(ItemizedBudget1424[],MATCH(K31,ItemizedBudget1424[Spending Category],0),2) -> Monthly | K31: {=INDEX(ItemizedBudget1424[Spending Category], MATCH(0, COUNTIF($K$19:K30,ItemizedBudget1424[Spending Category]), 0))} -> Miscellaneous | L31: =SUMIFS(ItemizedBudget1424[Expenditures],ItemizedBudget1424[Spending Category],K31) -> 683 | M31: =SUMIFS(ItemizedBudget1424[Income],ItemizedBudget1424[Spending Category],K31) -> 0 | N31: =IF(J31="Monthly",12*L31,L31) -> 8196 | O31: =IF(J31="Monthly",12*M31,M31) -> 0
C32: Monthly | D32: All | E32: Toys | F32: Baby | G32: 150 | J32: =INDEX(ItemizedBudget1424[],MATCH(K32,ItemizedBudget1424[Spending Category],0),2) -> Monthly | K32: {=INDEX(ItemizedBudget1424[Spending Category], MATCH(0, COUNTIF($K$19:K31,ItemizedBudget1424[Spending Category]), 0))} -> Mortgage | L32: =SUMIFS(ItemizedBudget1424[Expenditures],ItemizedBudget1424[Spending Category],K32) -> 7550 | M32: =SUMIFS(ItemizedBudget1424[Income],ItemizedBudget1424[Spending Category],K32) -> 0 | N32: =IF(J32="Monthly",12*L32,L32) -> 90600 | O32: =IF(J32="Monthly",12*M32,M32) -> 0
C33: Monthly | D33: All | E33: Trash | F33: Trash | G33: 35 | J33: =INDEX(ItemizedBudget1424[],MATCH(K33,ItemizedBudget1424[Spending Category],0),2) -> Monthly | K33: {=INDEX(ItemizedBudget1424[Spending Category], MATCH(0, COUNTIF($K$19:K32,ItemizedBudget1424[Spending Category]), 0))} -> Phone | L33: =SUMIFS(ItemizedBudget1424[Expenditures],ItemizedBudget1424[Spending Category],K33) -> 60 | M33: =SUMIFS(ItemizedBudget1424[Income],ItemizedBudget1424[Spending Category],K33) -> 0 | N33: =IF(J33="Monthly",12*L33,L33) -> 720 | O33: =IF(J33="Monthly",12*M33,M33) -> 0
B34: Consistent | C34: Monthly | D34: All | E34: Vitamins | F34: Health | G34: 30 | J34: =INDEX(ItemizedBudget1424[],MATCH(K34,ItemizedBudget1424[Spending Category],0),2) -> Monthly | K34: {=INDEX(ItemizedBudget1424[Spending Category], MATCH(0, COUNTIF($K$19:K33,ItemizedBudget1424[Spending Category]), 0))} -> Rent - Incoming | L34: =SUMIFS(ItemizedBudget1424[Expenditures],ItemizedBudget1424[Spending Category],K34) -> 0 | M34: =SUMIFS(ItemizedBudget1424[Income],ItemizedBudget1424[Spending Category],K34) -> 4400 | N34: =IF(J34="Monthly",12*L34,L34) -> 0 | O34: =IF(J34="Monthly",12*M34,M34) -> 52800
B35: Consistent | C35: Monthly | D35: All | E35: Yoga | F35: Health | G35: =275/6 -> 45.833333 | J35: =INDEX(ItemizedBudget1424[],MATCH(K35,ItemizedBudget1424[Spending Category],0),2) -> Monthly | K35: {=INDEX(ItemizedBudget1424[Spending Category], MATCH(0, COUNTIF($K$19:K34,ItemizedBudget1424[Spending Category]), 0))} -> Restaurant | L35: =SUMIFS(ItemizedBudget1424[Expenditures],ItemizedBudget1424[Spending Category],K35) -> 400 | M35: =SUMIFS(ItemizedBudget1424[Income],ItemizedBudget1424[Spending Category],K35) -> 0 | N35: =IF(J35="Monthly",12*L35,L35) -> 4800 | O35: =IF(J35="Monthly",12*M35,M35) -> 0
B36: Consistent | C36: One-Time | D36: November | E36: Car Undercoating | F36: Automotive | G36: 250 | J36: =INDEX(ItemizedBudget1424[],MATCH(K36,ItemizedBudget1424[Spending Category],0),2) -> Monthly | K36: {=INDEX(ItemizedBudget1424[Spending Category], MATCH(0, COUNTIF($K$19:K35,ItemizedBudget1424[Spending Category]), 0))} -> Trash | L36: =SUMIFS(ItemizedBudget1424[Expenditures],ItemizedBudget1424[Spending Category],K36) -> 35 | M36: =SUMIFS(ItemizedBudget1424[Income],ItemizedBudget1424[Spending Category],K36) -> 0 | N36: =IF(J36="Monthly",12*L36,L36) -> 420 | O36: =IF(J36="Monthly",12*M36,M36) -> 0
B37: Consistent | C37: One-Time | D37: December | E37: Christmas Expenses | F37: Gifts | G37: 550 | J37: =INDEX(ItemizedBudget1424[],MATCH(K37,ItemizedBudget1424[Spending Category],0),2) -> One-Time | K37: {=INDEX(ItemizedBudget1424[Spending Category], MATCH(0, COUNTIF($K$19:K36,ItemizedBudget1424[Spending Category]), 0))} -> Gifts | L37: =SUMIFS(ItemizedBudget1424[Expenditures],ItemizedBudget1424[Spending Category],K37) -> 550 | M37: =SUMIFS(ItemizedBudget1424[Income],ItemizedBudget1424[Spending Category],K37) -> 0 | N37: =IF(J37="Monthly",12*L37,L37) -> 550 | O37: =IF(J37="Monthly",12*M37,M37) -> 0
B38: Consistent | C38: One-Time | D38: March | E38: Contacts | F38: Health | G38: 1200 | J38: =INDEX(ItemizedBudget1424[],MATCH(K38,ItemizedBudget1424[Spending Category],0),2) -> One-Time | K38: {=INDEX(ItemizedBudget1424[Spending Category], MATCH(0, COUNTIF($K$19:K37,ItemizedBudget1424[Spending Category]), 0))} -> Home Maintenance | L38: =SUMIFS(ItemizedBudget1424[Expenditures],ItemizedBudget1424[Spending Category],K38) -> 7050 | M38: =SUMIFS(ItemizedBudget1424[Income],ItemizedBudget1424[Spending Category],K38) -> 0 | N38: =IF(J38="Monthly",12*L38,L38) -> 7050 | O38: =IF(J38="Monthly",12*M38,M38) -> 0
C39: One-Time | D39: November | E39: Fall Cleanup | F39: Home Maintenance | G39: 500 | J39: =INDEX(ItemizedBudget1424[],MATCH(K39,ItemizedBudget1424[Spending Category],0),2) -> One-Time | K39: {=INDEX(ItemizedBudget1424[Spending Category], MATCH(0, COUNTIF($K$19:K38,ItemizedBudget1424[Spending Category]), 0))} -> Vacation | L39: =SUMIFS(ItemizedBudget1424[Expenditures],ItemizedBudget1424[Spending Category],K39) -> 1500 | M39: =SUMIFS(ItemizedBudget1424[Income],ItemizedBudget1424[Spending Category],K39) -> 0 | N39: =IF(J39="Monthly",12*L39,L39) -> 1500 | O39: =IF(J39="Monthly",12*M39,M39) -> 0
B40: Consistent | C40: One-Time | D40: April | E40: Mulch | F40: Home Maintenance | G40: 300 | J40: =INDEX(ItemizedBudget1424[],MATCH(K40,ItemizedBudget1424[Spending Category],0),2) -> One-Time | K40: {=INDEX(ItemizedBudget1424[Spending Category], MATCH(0, COUNTIF($K$19:K39,ItemizedBudget1424[Spending Category]), 0))} -> Job Income - Maternity Leave | L40: =SUMIFS(ItemizedBudget1424[Expenditures],ItemizedBudget1424[Spending Category],K40) -> 0 | M40: =SUMIFS(ItemizedBudget1424[Income],ItemizedBudget1424[Spending Category],K40) -> 23224.5 | N40: =IF(J40="Monthly",12*L40,L40) -> 0 | O40: =IF(J40="Monthly",12*M40,M40) -> 23224.5
B41: Consistent | C41: One-Time | D41: January | E41: Sara - Fannie Mae Takehome Income | F41: Job Income | G41: 0 | H41: =(3573*26)/12 -> 7741.5 | J41: =INDEX(ItemizedBudget1424[],MATCH(K41,ItemizedBudget1424[Spending Category],0),2) -> One-Time | K41: {=INDEX(ItemizedBudget1424[Spending Category], MATCH(0, COUNTIF($K$19:K40,ItemizedBudget1424[Spending Category]), 0))} -> Job Income - 50% | L41: =SUMIFS(ItemizedBudget1424[Expenditures],ItemizedBudget1424[Spending Category],K41) -> 0 | M41: =SUMIFS(ItemizedBudget1424[Income],ItemizedBudget1424[Spending Category],K41) -> 3870.75 | N41: =IF(J41="Monthly",12*L41,L41) -> 0 | O41: =IF(J41="Monthly",12*M41,M41) -> 3870.75
C42: One-Time | D42: February | E42: Sara - Fannie Mae Takehome Income | F42: Job Income | G42: 0 | H42: =(3573*26)/12 -> 7741.5 | J42: =INDEX(ItemizedBudget1424[],MATCH(K42,ItemizedBudget1424[Spending Category],0),2) -> #N/A | K42: {=INDEX(ItemizedBudget1424[Spending Category], MATCH(0, COUNTIF($K$19:K41,ItemizedBudget1424[Spending Category]), 0))} -> #N/A | L42: =SUMIFS(ItemizedBudget1424[Expenditures],ItemizedBudget1424[Spending Category],K42) -> 0 | M42: =SUMIFS(ItemizedBudget1424[Income],ItemizedBudget1424[Spending Category],K42) -> 0 | N42: =IF(J42="Monthly",12*L42,L42) -> #N/A | O42: =IF(J42="Monthly",12*M42,M42) -> #N/A
C43: One-Time | D43: March | E43: Sara - Fannie Mae Takehome Income | F43: Job Income | G43: 0 | H43: =(3573*26)/12 -> 7741.5 | J43: =INDEX(ItemizedBudget1424[],MATCH(K43,ItemizedBudget1424[Spending Category],0),2) -> #N/A | K43: {=INDEX(ItemizedBudget1424[Spending Category], MATCH(0, COUNTIF($K$19:K42,ItemizedBudget1424[Spending Category]), 0))} -> #N/A | L43: =SUMIFS(ItemizedBudget1424[Expenditures],ItemizedBudget1424[Spending Category],K43) -> 0 | M43: =SUMIFS(ItemizedBudget1424[Income],ItemizedBudget1424[Spending Category],K43) -> 0 | N43: =IF(J43="Monthly",12*L43,L43) -> #N/A | O43: =IF(J43="Monthly",12*M43,M43) -> #N/A
C44: One-Time | D44: April | E44: Sara - Fannie Mae Takehome Income | F44: Job Income | G44: 0 | H44: =(3573*26)/12 -> 7741.5 | J44: =INDEX(ItemizedBudget1424[],MATCH(K44,ItemizedBudget1424[Spending Category],0),2) -> #N/A | K44: {=INDEX(ItemizedBudget1424[Spending Category], MATCH(0, COUNTIF($K$19:K43,ItemizedBudget1424[Spending Category]), 0))} -> #N/A | L44: =SUMIFS(ItemizedBudget1424[Expenditures],ItemizedBudget1424[Spending Category],K44) -> 0 | M44: =SUMIFS(ItemizedBudget1424[Income],ItemizedBudget1424[Spending Category],K44) -> 0 | N44: =IF(J44="Monthly",12*L44,L44) -> #N/A | O44: =IF(J44="Monthly",12*M44,M44) -> #N/A
C45: One-Time | D45: May | E45: Sara - Fannie Mae Takehome Income | F45: Job Income | G45: 0 | H45: =(3573*26)/12 -> 7741.5
C46: One-Time | D46: June | E46: Sara - Fannie Mae Takehome Income | F46: Job Income | G46: 0 | H46: =(3573*26)/12 -> 7741.5
C47: One-Time | D47: July | E47: Sara - Fannie Mae Takehome Income | F47: Job Income | G47: 0 | H47: =(3573*26)/12 -> 7741.5
C48: One-Time | D48: August | E48: Sara - Fannie Mae Takehome Income | F48: Job Income | G48: 0 | H48: =(3573*26)/12 -> 7741.5
C49: One-Time | D49: August | E49: Snow Plow Service | F49: Home Maintenance | G49: 1750
B50: Inconsistent | C50: One-Time | D50: June | E50: Vacation | F50: Vacation | G50: 1500
B51: Consistent | C51: One-Time | D51: March | E51: Vet - Bravecto | F51: Cat | G51: =(58*3)*2 -> 348
B52: Consistent | C52: One-Time | D52: April | E52: Vet - Charles | F52: Cat | G52: 300
B53: Consistent | C53: One-Time | D53: April | E53: Vet - Luna | F53: Cat | G53: 300
C54: One-Time | D54: September | E54: Sara - Fannie Mae Maternity Leave Pay | F54: Job Income - Maternity Leave | H54: =(3573*26)/12 -> 7741.5
C55: One-Time | D55: October | E55: Sara - Fannie Mae Maternity Leave Pay | F55: Job Income - Maternity Leave | H55: =(3573*26)/12 -> 7741.5
C56: One-Time | D56: November | E56: Sara - Fannie Mae Maternity Leave Pay | F56: Job Income - Maternity Leave | H56: =(3573*26)/12 -> 7741.5
C57: One-Time | D57: December | E57: Sara - Fannie Mae Takehome Income | F57: Job Income - 50% | H57: =H56*0.5 -> 3870.75
C58: One-Time | D58: August | E58: Birth Hospital Expenses | F58: Baby | G58: 5000
C59: One-Time | D59: June | E59: Baby Acquisitions | F59: Baby | G59: 3000
C60: One-Time | D60: April | E60: 50 Morrison Mowing | F60: Home Maintenance | G60: 3000
C61: One-Time | D61: January | E61: 50 Morrison Snow Removal | F61: Home Maintenance | G61: 1500

Sheet Assets
A1: Other Assets (Non-Accounts)
A2: Rav4 | B2: 17000 | C2: Semi-Liquid
A3: Mustang | B3: 16000 | C3: Semi-Liquid

Sheet 2024 Budget
K1: 2024 Monthly Ledger | P1: 2024 Monthly Ledger (Aggregated)
C2: Monthly Expenses | E2: Assigned? | F2: Upcoming Expenses | G2: Schedule | H2: Planned Spend Month | K2: Month | L2: Item | M2: Frequency | N2: Expenses | P2: Month | Q2: Year | R2: Expended | S2: Remaining | T2: Gifts | U2: One-Time Bonuses | V2: Tax Refund
B3: Mortgage | C3: 4350 | E3: =IF(F3="","",ISNUMBER(MATCH(F3,$L$3:$L$106,0))) -> TRUE | F3: Alchohol | G3: One-time | H3: August | I3: 600 | K3: December | L3: Monthly Expense | M3: =_xlfn.IFNA(IF(L3="Monthly Expense","Monthly",INDEX($F$3:$I$88,MATCH(L3,$F$3:$F$88,0),2))," ") -> Monthly | N3: =_xlfn.IFNA(IF(L3="Monthly Expense",$C$27,INDEX($F$3:$I$88,MATCH(L3,$F$3:$F$88,0),4))," ") -> 7539.09 | P3: December | Q3: 2023 | R3: =SUM(N3:N6) -> 11425.09 | S3: =$C$31-R3 -> #REF! | T3: =C34+C35 -> 14000
B4: Groceries | C4: =130*4 -> 520 | E4: =IF(F4="","",ISNUMBER(MATCH(F4,$L$3:$L$106,0))) -> TRUE | F4: Auto Loan Credit (3 months remaining) | G4: One-time | I4: =(C17*(12-3)) -> 3069 | K4: December | L4: Dress | M4: =_xlfn.IFNA(IF(L4="Monthly Expense","Monthly",INDEX($F$3:$I$88,MATCH(L4,$F$3:$F$88,0),2))," ") -> One-time | N4: =_xlfn.IFNA(IF(L4="Monthly Expense",$C$27,INDEX($F$3:$I$88,MATCH(L4,$F$3:$F$88,0),4))," ") -> 1086 | P4: January | Q4: 2024 | R4: =SUM(N7:N10) -> 7539.09 | S4: =$C$31-R4 -> #REF!
B5: Phone Bill | C5: =25+35 -> 60 | E5: =IF(F5="","",ISNUMBER(MATCH(F5,$L$3:$L$106,0))) -> TRUE | F5: Car Undercoating | G5: Annual | H5: November | I5: 250 | K5: December | L5: Remainder Caterer | M5: =_xlfn.IFNA(IF(L5="Monthly Expense","Monthly",INDEX($F$3:$I$88,MATCH(L5,$F$3:$F$88,0),2))," ") -> One-time | N5: =_xlfn.IFNA(IF(L5="Monthly Expense",$C$27,INDEX($F$3:$I$88,MATCH(L5,$F$3:$F$88,0),4))," ") -> 2300 | P5: February | Q5: 2024 | R5: =SUM(N11:N14) -> 7539.09 | S5: =$C$31-R5 -> #REF! | U5: =C36 -> 4620
B6: Restaurant | C6: 300 | E6: =IF(F6="","",ISNUMBER(MATCH(F6,$L$3:$L$106,0))) -> TRUE | F6: Christmas Expenses | G6: One-time | H6: December | I6: 500 | K6: December | L6: Christmas Expenses | M6: =_xlfn.IFNA(IF(L6="Monthly Expense","Monthly",INDEX($F$3:$I$88,MATCH(L6,$F$3:$F$88,0),2))," ") -> One-time | N6: =_xlfn.IFNA(IF(L6="Monthly Expense",$C$27,INDEX($F$3:$I$88,MATCH(L6,$F$3:$F$88,0),4))," ") -> 500 | P6: March | Q6: 2024 | R6: =SUM(N15:N18) -> 13539.09 | S6: =$C$31-R6 -> #REF! | V6: =C37+C38+C39 -> 9816
B7: Gas | C7: 175 | E7: =IF(F7="","",ISNUMBER(MATCH(F7,$L$3:$L$106,0))) -> TRUE | F7: Contacts | G7: One-time | H7: April | I7: 1200 | K7: January | L7: Monthly Expense | M7: =_xlfn.IFNA(IF(L7="Monthly Expense","Monthly",INDEX($F$3:$I$88,MATCH(L7,$F$3:$F$88,0),2))," ") -> Monthly | N7: =_xlfn.IFNA(IF(L7="Monthly Expense",$C$27,INDEX($F$3:$I$88,MATCH(L7,$F$3:$F$88,0),4))," ") -> 7539.09 | P7: April | Q7: 2024 | R7: =SUM(N19:N24) -> 8529.09 | S7: =$C$31-R7 -> #REF!
B8: Car Maintenance | C8: 125 | E8: =IF(F8="","",ISNUMBER(MATCH(F8,$L$3:$L$106,0))) -> FALSE | F8: Deck | G8: One-time | H8: April | I8: 7500 | K8: January | M8: =_xlfn.IFNA(IF(L8="Monthly Expense","Monthly",INDEX($F$3:$I$88,MATCH(L8,$F$3:$F$88,0),2))," ") | N8: =_xlfn.IFNA(IF(L8="Monthly Expense",$C$27,INDEX($F$3:$I$88,MATCH(L8,$F$3:$F$88,0),4))," ") | P8: May | Q8: 2024 | R8: =SUM(N27:N30) -> 7789.09 | S8: =$C$31-R8 -> #REF!
B9: Cat Food | C9: 100 | E9: =IF(F9="","",ISNUMBER(MATCH(F9,$L$3:$L$106,0))) -> TRUE | F9: Dress | G9: One-time | H9: December | I9: 1086 | K9: January | M9: =_xlfn.IFNA(IF(L9="Monthly Expense","Monthly",INDEX($F$3:$I$88,MATCH(L9,$F$3:$F$88,0),2))," ") | N9: =_xlfn.IFNA(IF(L9="Monthly Expense",$C$27,INDEX($F$3:$I$88,MATCH(L9,$F$3:$F$88,0),4))," ") | P9: June | Q9: 2024 | R9: =SUM(N31:N34) -> 12989.09 | S9: =$C$31-R9 -> #REF!
B10: Car Insurance & Umbrella | C10: 158.04 | E10: =IF(F10="","",ISNUMBER(MATCH(F10,$L$3:$L$106,0))) -> FALSE | F10: Exterminator - Base | G10: Annual | I10: 200 | K10: January | M10: =_xlfn.IFNA(IF(L10="Monthly Expense","Monthly",INDEX($F$3:$I$88,MATCH(L10,$F$3:$F$88,0),2))," ") | N10: =_xlfn.IFNA(IF(L10="Monthly Expense",$C$27,INDEX($F$3:$I$88,MATCH(L10,$F$3:$F$88,0),4))," ") | P10: July | Q10: 2024 | R10: =SUM(N35:N38) -> 9739.09 | S10: =$C$31-R10 -> #REF!
B11: Clothes & Shoes | C11: 200 | E11: =IF(F11="","",ISNUMBER(MATCH(F11,$L$3:$L$106,0))) -> TRUE | F11: Heating Oil | G11: Annual | H11: November | I11: 800 | K11: February | L11: Monthly Expense | M11: =_xlfn.IFNA(IF(L11="Monthly Expense","Monthly",INDEX($F$3:$I$88,MATCH(L11,$F$3:$F$88,0),2))," ") -> Monthly | N11: =_xlfn.IFNA(IF(L11="Monthly Expense",$C$27,INDEX($F$3:$I$88,MATCH(L11,$F$3:$F$88,0),4))," ") -> 7539.09 | P11: August | Q11: 2024 | R11: =SUM(N39:N46) -> 15189.09 | S11: =$C$31-R11 -> #REF!
B12: Exterminator | C12: 39 | E12: =IF(F12="","",ISNUMBER(MATCH(F12,$L$3:$L$106,0))) -> TRUE | F12: Honeymoon | G12: One-time | H12: October | I12: 5000 | K12: February | M12: =_xlfn.IFNA(IF(L12="Monthly Expense","Monthly",INDEX($F$3:$I$88,MATCH(L12,$F$3:$F$88,0),2))," ") | N12: =_xlfn.IFNA(IF(L12="Monthly Expense",$C$27,INDEX($F$3:$I$88,MATCH(L12,$F$3:$F$88,0),4))," ") | P12: September | Q12: 2024 | R12: =SUM(N47:N50) -> 12344.09 | S12: =$C$31-R12 -> #REF!
B13: Amazon Subscription | C13: 9 | E13: =IF(F13="","",ISNUMBER(MATCH(F13,$L$3:$L$106,0))) -> FALSE | F13: Mulch | G13: Annual | H13: April | I13: 300 | K13: February | M13: =_xlfn.IFNA(IF(L13="Monthly Expense","Monthly",INDEX($F$3:$I$88,MATCH(L13,$F$3:$F$88,0),2))," ") | N13: =_xlfn.IFNA(IF(L13="Monthly Expense",$C$27,INDEX($F$3:$I$88,MATCH(L13,$F$3:$F$88,0),4))," ") | P13: October | Q13: 2024 | R13: =SUM(N51:N54) -> 8789.09 | S13: =$C$31-R13 -> #REF! | V13: 1000
B14: Tolls | C14: 10 | E14: =IF(F14="","",ISNUMBER(MATCH(F14,$L$3:$L$106,0))) -> TRUE | F14: Remainder Bartender | G14: One-time | H14: August | I14: 250 | K14: February | M14: =_xlfn.IFNA(IF(L14="Monthly Expense","Monthly",INDEX($F$3:$I$88,MATCH(L14,$F$3:$F$88,0),2))," ") | N14: =_xlfn.IFNA(IF(L14="Monthly Expense",$C$27,INDEX($F$3:$I$88,MATCH(L14,$F$3:$F$88,0),4))," ") | P14: November | Q14: 2024 | R14: =SUM(N56:N59) -> 8589.09 | S14: =$C$31-R14 -> #REF!
B15: Gym | C15: 30 | E15: =IF(F15="","",ISNUMBER(MATCH(F15,$L$3:$L$106,0))) -> FALSE | F15: Remainder Caterer | G15: One-time | H15: August | I15: =I10 -> 200 | K15: March | L15: Monthly Expense | M15: =_xlfn.IFNA(IF(L15="Monthly Expense","Monthly",INDEX($F$3:$I$88,MATCH(L15,$F$3:$F$88,0),2))," ") -> Monthly | N15: =_xlfn.IFNA(IF(L15="Monthly Expense",$C$27,INDEX($F$3:$I$88,MATCH(L15,$F$3:$F$88,0),4))," ") -> 7539.09 | P15: December | Q15: 2024 | R15: =SUM(N60:N63) -> 10608.09 | S15: =$C$31-R15 -> #REF! | V15: =I4 -> 3069
B16: Yoga | C16: =275/6 -> 45.833333 | E16: =IF(F16="","",ISNUMBER(MATCH(F16,$L$3:$L$106,0))) -> TRUE | F16: Remainder Caterer | G16: One-time | H16: December | I16: 2300 | K16: March | P16: Total | R16: =SUM(R3:R15) -> 134608.17 | S16: =SUM(S3:S15) -> #REF! | T16: =SUM(T3:T15) -> 14000 | U16: =SUM(U3:U15) -> 4620 | V16: =SUM(V3:V15) -> 13885
B17: Car Payment | C17: 341 | E17: =IF(F17="","",ISNUMBER(MATCH(F17,$L$3:$L$106,0))) -> TRUE | F17: Remainder DJ | G17: One-time | H17: August | I17: =1100-275 -> 825 | K17: March | L17: Venue Deposit (March) | M17: =_xlfn.IFNA(IF(L17="Monthly Expense","Monthly",INDEX($F$3:$I$88,MATCH(L17,$F$3:$F$88,0),2))," ") -> One-time | N17: =_xlfn.IFNA(IF(L17="Monthly Expense",$C$27,INDEX($F$3:$I$88,MATCH(L17,$F$3:$F$88,0),4))," ") -> 6000 | P17: Saved 2024 | S17: =SUM(S16:V16) -> #REF!
B18: Vitamins | C18: 30 | E18: =IF(F18="","",ISNUMBER(MATCH(F18,$L$3:$L$106,0))) -> TRUE | F18: Remainder Florist | G18: One-time | H18: August | I18: =1300-150 -> 1150 | K18: March | M18: =_xlfn.IFNA(IF(L18="Monthly Expense","Monthly",INDEX($F$3:$I$88,MATCH(L18,$F$3:$F$88,0),2))," ") | N18: =_xlfn.IFNA(IF(L18="Monthly Expense",$C$27,INDEX($F$3:$I$88,MATCH(L18,$F$3:$F$88,0),4))," ")
B19: Deoderant | C19: 30 | E19: =IF(F19="","",ISNUMBER(MATCH(F19,$L$3:$L$106,0))) -> TRUE | F19: Remainder JOP | G19: One-time | H19: August | I19: 275 | K19: April | L19: Monthly Expense | M19: =_xlfn.IFNA(IF(L19="Monthly Expense","Monthly",INDEX($F$3:$I$88,MATCH(L19,$F$3:$F$88,0),2))," ") -> Monthly | N19: =_xlfn.IFNA(IF(L19="Monthly Expense",$C$27,INDEX($F$3:$I$88,MATCH(L19,$F$3:$F$88,0),4))," ") -> 7539.09
B20: Nasal Spray | C20: 25 | E20: =IF(F20="","",ISNUMBER(MATCH(F20,$L$3:$L$106,0))) -> TRUE | F20: Remainder Photographer | G20: One-time | H20: August | I20: =2500-250 -> 2250 | K20: April | M20: =_xlfn.IFNA(IF(L20="Monthly Expense","Monthly",INDEX($F$3:$I$88,MATCH(L20,$F$3:$F$88,0),2))," ") | N20: =_xlfn.IFNA(IF(L20="Monthly Expense",$C$27,INDEX($F$3:$I$88,MATCH(L20,$F$3:$F$88,0),4))," ")
B21: Miscellaneous | C21: 300 | E21: =IF(F21="","",ISNUMBER(MATCH(F21,$L$3:$L$106,0))) -> FALSE | F21: Tires | G21: Bi-Annual | I21: 600 | K21: April | L21: Vet - Charles | M21: =_xlfn.IFNA(IF(L21="Monthly Expense","Monthly",INDEX($F$3:$I$88,MATCH(L21,$F$3:$F$88,0),2))," ") -> Annual | N21: =_xlfn.IFNA(IF(L21="Monthly Expense",$C$27,INDEX($F$3:$I$88,MATCH(L21,$F$3:$F$88,0),4))," ") -> 350
B22: Medical | C22: 150 | E22: =IF(F22="","",ISNUMBER(MATCH(F22,$L$3:$L$106,0))) -> TRUE | F22: Venue Deposit (March) | G22: One-time | H22: March | I22: 6000 | K22: April | L22: Vet - Luna | M22: =_xlfn.IFNA(IF(L22="Monthly Expense","Monthly",INDEX($F$3:$I$88,MATCH(L22,$F$3:$F$88,0),2))," ") -> Annual | N22: =_xlfn.IFNA(IF(L22="Monthly Expense",$C$27,INDEX($F$3:$I$88,MATCH(L22,$F$3:$F$88,0),4))," ") -> 350
B23: Home Improvement - Misc (4k/year) | C23: 333 | E23: =IF(F23="","",ISNUMBER(MATCH(F23,$L$3:$L$106,0))) -> TRUE | F23: Venue Deposit (September) Final | G23: One-time | H23: September | I23: 4805 | K23: April | M23: =_xlfn.IFNA(IF(L23="Monthly Expense","Monthly",INDEX($F$3:$I$88,MATCH(L23,$F$3:$F$88,0),2))," ") | N23: =_xlfn.IFNA(IF(L23="Monthly Expense",$C$27,INDEX($F$3:$I$88,MATCH(L23,$F$3:$F$88,0),4))," ")
B24: Electric | C24: 135 | E24: =IF(F24="","",ISNUMBER(MATCH(F24,$L$3:$L$106,0))) -> TRUE | F24: Vet - Charles | G24: Annual | I24: 350 | K24: April | L24: Half Marathon Registration | M24: =_xlfn.IFNA(IF(L24="Monthly Expense","Monthly",INDEX($F$3:$I$88,MATCH(L24,$F$3:$F$88,0),2))," ") -> One-time | N24: =_xlfn.IFNA(IF(L24="Monthly Expense",$C$27,INDEX($F$3:$I$88,MATCH(L24,$F$3:$F$88,0),4))," ") -> 290
B25: Haircut | C25: =40/1.5 -> 26.666667 | E25: =IF(F25="","",ISNUMBER(MATCH(F25,$L$3:$L$106,0))) -> TRUE | F25: Vet - Luna | G25: Annual | I25: 350 | K25: April | L25: Contacts | M25: =_xlfn.IFNA(IF(L25="Monthly Expense","Monthly",INDEX($F$3:$I$88,MATCH(L25,$F$3:$F$88,0),2))," ") -> One-time | N25: =_xlfn.IFNA(IF(L25="Monthly Expense",$C$27,INDEX($F$3:$I$88,MATCH(L25,$F$3:$F$88,0),4))," ") -> 1200
B26: Trash Service | C26: 46.55 | E26: =IF(F26="","",ISNUMBER(MATCH(F26,$L$3:$L$106,0))) -> FALSE | F26: Water Filtration (UV) | G26: One-time | H26: March | I26: 2250 | K26: May | L26: Half Marathon Housing | M26: =_xlfn.IFNA(IF(L26="Monthly Expense","Monthly",INDEX($F$3:$I$88,MATCH(L26,$F$3:$F$88,0),2))," ") -> One-time | N26: =_xlfn.IFNA(IF(L26="Monthly Expense",$C$27,INDEX($F$3:$I$88,MATCH(L26,$F$3:$F$88,0),4))," ") -> 500
B27: Total | C27: =SUM(C3:C26) -> 7539.09 | E27: =IF(F27="","",ISNUMBER(MATCH(F27,$L$3:$L$106,0))) -> TRUE | F27: Wedding Bands | G27: One-time | H27: July | I27: 2200 | K27: May | L27: Monthly Expense | M27: =_xlfn.IFNA(IF(L27="Monthly Expense","Monthly",INDEX($F$3:$I$88,MATCH(L27,$F$3:$F$88,0),2))," ") -> Monthly | N27: =_xlfn.IFNA(IF(L27="Monthly Expense",$C$27,INDEX($F$3:$I$88,MATCH(L27,$F$3:$F$88,0),4))," ") -> 7539.09
E28: =IF(F28="","",ISNUMBER(MATCH(F28,$L$3:$L$106,0))) -> TRUE | F28: Boiler Cleaning | G28: Annual | H28: May | I28: 250 | K28: May | M28: =_xlfn.IFNA(IF(L28="Monthly Expense","Monthly",INDEX($F$3:$I$88,MATCH(L28,$F$3:$F$88,0),2))," ") | N28: =_xlfn.IFNA(IF(L28="Monthly Expense",$C$27,INDEX($F$3:$I$88,MATCH(L28,$F$3:$F$88,0),4))," ")
B29: Sara - Takehome (Biweekly) | C29: =#REF! -> #REF! | E29: =IF(F29="","",ISNUMBER(MATCH(F29,$L$3:$L$106,0))) -> TRUE | F29: Septic | G29: One-time | H29: June | I29: 450 | K29: May | L29: Boiler Cleaning | M29: =_xlfn.IFNA(IF(L29="Monthly Expense","Monthly",INDEX($F$3:$I$88,MATCH(L29,$F$3:$F$88,0),2))," ") -> Annual | N29: =_xlfn.IFNA(IF(L29="Monthly Expense",$C$27,INDEX($F$3:$I$88,MATCH(L29,$F$3:$F$88,0),4))," ") -> 250
B30: Eric - Takehome (Biweekly) | C30: =#REF! -> #REF! | E30: =IF(F30="","",ISNUMBER(MATCH(F30,$L$3:$L$106,0))) -> TRUE | F30: Hair and Makeup | G30: One-time | H30: October | I30: 750 | K30: May | M30: =_xlfn.IFNA(IF(L30="Monthly Expense","Monthly",INDEX($F$3:$I$88,MATCH(L30,$F$3:$F$88,0),2))," ") | N30: =_xlfn.IFNA(IF(L30="Monthly Expense",$C$27,INDEX($F$3:$I$88,MATCH(L30,$F$3:$F$88,0),4))," ")
B31: Total Takehome (Monthly) | C31: =SUM(C29:C30)*2 -> #REF! | E31: =IF(F31="","",ISNUMBER(MATCH(F31,$L$3:$L$106,0))) -> TRUE | F31: Remainder of Parent's Place for Wedding | G31: One-time | H31: October | I31: 250 | K31: June | L31: Monthly Expense | M31: =_xlfn.IFNA(IF(L31="Monthly Expense","Monthly",INDEX($F$3:$I$88,MATCH(L31,$F$3:$F$88,0),2))," ") -> Monthly | N31: =_xlfn.IFNA(IF(L31="Monthly Expense",$C$27,INDEX($F$3:$I$88,MATCH(L31,$F$3:$F$88,0),4))," ") -> 7539.09
E32: =IF(F32="","",ISNUMBER(MATCH(F32,$L$3:$L$106,0))) -> TRUE | F32: Wedding Snacks | G32: One-time | H32: October | I32: 250 | K32: June | L32: Honeymoon | M32: =_xlfn.IFNA(IF(L32="Monthly Expense","Monthly",INDEX($F$3:$I$88,MATCH(L32,$F$3:$F$88,0),2))," ") -> One-time | N32: =_xlfn.IFNA(IF(L32="Monthly Expense",$C$27,INDEX($F$3:$I$88,MATCH(L32,$F$3:$F$88,0),4))," ") -> 5000
B33: One-time Incoming Funds | E33: =IF(F33="","",ISNUMBER(MATCH(F33,$L$3:$L$106,0))) -> TRUE | F33: Wedding - Misc. | G33: One-time | H33: October | I33: 2000 | K33: June | L33: Septic | M33: =_xlfn.IFNA(IF(L33="Monthly Expense","Monthly",INDEX($F$3:$I$88,MATCH(L33,$F$3:$F$88,0),2))," ") -> One-time | N33: =_xlfn.IFNA(IF(L33="Monthly Expense",$C$27,INDEX($F$3:$I$88,MATCH(L33,$F$3:$F$88,0),4))," ") -> 450
B34: Eric's parents December 2023 | C34: 7000 | E34: =IF(F34="","",ISNUMBER(MATCH(F34,$L$3:$L$106,0))) -> TRUE | F34: Half Marathon Registration | G34: One-time | H34: April | I34: =145*2 -> 290 | K34: June | M34: =_xlfn.IFNA(IF(L34="Monthly Expense","Monthly",INDEX($F$3:$I$88,MATCH(L34,$F$3:$F$88,0),2))," ") | N34: =_xlfn.IFNA(IF(L34="Monthly Expense",$C$27,INDEX($F$3:$I$88,MATCH(L34,$F$3:$F$88,0),4))," ")
B35: Sara's parents December 2023 | C35: 7000 | E35: =IF(F35="","",ISNUMBER(MATCH(F35,$L$3:$L$106,0))) -> TRUE | F35: Half Marathon Housing | G35: One-time | H35: May | I35: 500 | K35: July | L35: Monthly Expense | M35: =_xlfn.IFNA(IF(L35="Monthly Expense","Monthly",INDEX($F$3:$I$88,MATCH(L35,$F$3:$F$88,0),2))," ") -> Monthly | N35: =_xlfn.IFNA(IF(L35="Monthly Expense",$C$27,INDEX($F$3:$I$88,MATCH(L35,$F$3:$F$88,0),4))," ") -> 7539.09
B36: Sara One-Time Raise | C36: =6600*0.7 -> 4620 | E36: =IF(F36="","",ISNUMBER(MATCH(F36,$L$3:$L$106,0))) | K36: July | L36: Wedding Bands | M36: =_xlfn.IFNA(IF(L36="Monthly Expense","Monthly",INDEX($F$3:$I$88,MATCH(L36,$F$3:$F$88,0),2))," ") -> One-time | N36: =_xlfn.IFNA(IF(L36="Monthly Expense",$C$27,INDEX($F$3:$I$88,MATCH(L36,$F$3:$F$88,0),4))," ") -> 2200
B37: Eric Mass Tax Return | C37: 3673 | K37: July | M37: =_xlfn.IFNA(IF(L37="Monthly Expense","Monthly",INDEX($F$3:$I$88,MATCH(L37,$F$3:$F$88,0),2))," ") | N37: =_xlfn.IFNA(IF(L37="Monthly Expense",$C$27,INDEX($F$3:$I$88,MATCH(L37,$F$3:$F$88,0),4))," ")
B38: Eric Fed Refund | C38: -51 | K38: July | M38: =_xlfn.IFNA(IF(L38="Monthly Expense","Monthly",INDEX($F$3:$I$88,MATCH(L38,$F$3:$F$88,0),2))," ") | N38: =_xlfn.IFNA(IF(L38="Monthly Expense",$C$27,INDEX($F$3:$I$88,MATCH(L38,$F$3:$F$88,0),4))," ")
B39: Sara Fed Refund | C39: 6194 | K39: August | L39: Monthly Expense | M39: =_xlfn.IFNA(IF(L39="Monthly Expense","Monthly",INDEX($F$3:$I$88,MATCH(L39,$F$3:$F$88,0),2))," ") -> Monthly | N39: =_xlfn.IFNA(IF(L39="Monthly Expense",$C$27,INDEX($F$3:$I$88,MATCH(L39,$F$3:$F$88,0),4))," ") -> 7539.09
F40: Remaining Car Balance (Months to 0 Bal.) | K40: August | L40: Remainder Bartender | M40: =_xlfn.IFNA(IF(L40="Monthly Expense","Monthly",INDEX($F$3:$I$88,MATCH(L40,$F$3:$F$88,0),2))," ") -> One-time | N40: =_xlfn.IFNA(IF(L40="Monthly Expense",$C$27,INDEX($F$3:$I$88,MATCH(L40,$F$3:$F$88,0),4))," ") -> 250
B41: Planned Savings | C41: =#REF!+#REF! -> #REF! | F41: =1084.64/C17 -> 3.1807625 | K41: August | L41: Alchohol | M41: =_xlfn.IFNA(IF(L41="Monthly Expense","Monthly",INDEX($F$3:$I$88,MATCH(L41,$F$3:$F$88,0),2))," ") -> One-time | N41: =_xlfn.IFNA(IF(L41="Monthly Expense",$C$27,INDEX($F$3:$I$88,MATCH(L41,$F$3:$F$88,0),4))," ") -> 600
B42: Actual Savings to Date | K42: August | L42: Remainder Caterer | M42: =_xlfn.IFNA(IF(L42="Monthly Expense","Monthly",INDEX($F$3:$I$88,MATCH(L42,$F$3:$F$88,0),2))," ") -> One-time | N42: =_xlfn.IFNA(IF(L42="Monthly Expense",$C$27,INDEX($F$3:$I$88,MATCH(L42,$F$3:$F$88,0),4))," ") -> 2300
K43: August | L43: Remainder DJ | M43: =_xlfn.IFNA(IF(L43="Monthly Expense","Monthly",INDEX($F$3:$I$88,MATCH(L43,$F$3:$F$88,0),2))," ") -> One-time | N43: =_xlfn.IFNA(IF(L43="Monthly Expense",$C$27,INDEX($F$3:$I$88,MATCH(L43,$F$3:$F$88,0),4))," ") -> 825
K44: August | L44: Remainder JOP | M44: =_xlfn.IFNA(IF(L44="Monthly Expense","Monthly",INDEX($F$3:$I$88,MATCH(L44,$F$3:$F$88,0),2))," ") -> One-time | N44: =_xlfn.IFNA(IF(L44="Monthly Expense",$C$27,INDEX($F$3:$I$88,MATCH(L44,$F$3:$F$88,0),4))," ") -> 275
K45: August | L45: Remainder Photographer | M45: =_xlfn.IFNA(IF(L45="Monthly Expense","Monthly",INDEX($F$3:$I$88,MATCH(L45,$F$3:$F$88,0),2))," ") -> One-time | N45: =_xlfn.IFNA(IF(L45="Monthly Expense",$C$27,INDEX($F$3:$I$88,MATCH(L45,$F$3:$F$88,0),4))," ") -> 2250
F46: Sara's secret Santa | G46: 100 | K46: August | L46: Remainder Florist | M46: =_xlfn.IFNA(IF(L46="Monthly Expense","Monthly",INDEX($F$3:$I$88,MATCH(L46,$F$3:$F$88,0),2))," ") -> One-time | N46: =_xlfn.IFNA(IF(L46="Monthly Expense",$C$27,INDEX($F$3:$I$88,MATCH(L46,$F$3:$F$88,0),4))," ") -> 1150
F47: Eric's secret Santa | G47: 100 | K47: September | L47: Monthly Expense | M47: =_xlfn.IFNA(IF(L47="Monthly Expense","Monthly",INDEX($F$3:$I$88,MATCH(L47,$F$3:$F$88,0),2))," ") -> Monthly | N47: =_xlfn.IFNA(IF(L47="Monthly Expense",$C$27,INDEX($F$3:$I$88,MATCH(L47,$F$3:$F$88,0),4))," ") -> 7539.09
F48: Eric's parents | G48: 100 | K48: September | L48: Venue Deposit (September) Final | M48: =_xlfn.IFNA(IF(L48="Monthly Expense","Monthly",INDEX($F$3:$I$88,MATCH(L48,$F$3:$F$88,0),2))," ") -> One-time | N48: =_xlfn.IFNA(IF(L48="Monthly Expense",$C$27,INDEX($F$3:$I$88,MATCH(L48,$F$3:$F$88,0),4))," ") -> 4805
F49: Scott and Mallory | G49: 100 | K49: September | M49: =_xlfn.IFNA(IF(L49="Monthly Expense","Monthly",INDEX($F$3:$I$88,MATCH(L49,$F$3:$F$88,0),2))," ") | N49: =_xlfn.IFNA(IF(L49="Monthly Expense",$C$27,INDEX($F$3:$I$88,MATCH(L49,$F$3:$F$88,0),4))," ")
F50: Charity | G50: 150 | K50: September | M50: =_xlfn.IFNA(IF(L50="Monthly Expense","Monthly",INDEX($F$3:$I$88,MATCH(L50,$F$3:$F$88,0),2))," ") | N50: =_xlfn.IFNA(IF(L50="Monthly Expense",$C$27,INDEX($F$3:$I$88,MATCH(L50,$F$3:$F$88,0),4))," ")
G51: =SUM(G46:G50) -> 550 | K51: October | L51: Monthly Expense | M51: =_xlfn.IFNA(IF(L51="Monthly Expense","Monthly",INDEX($F$3:$I$88,MATCH(L51,$F$3:$F$88,0),2))," ") -> Monthly | N51: =_xlfn.IFNA(IF(L51="Monthly Expense",$C$27,INDEX($F$3:$I$88,MATCH(L51,$F$3:$F$88,0),4))," ") -> 7539.09
K52: October | L52: Hair and Makeup | M52: =_xlfn.IFNA(IF(L52="Monthly Expense","Monthly",INDEX($F$3:$I$88,MATCH(L52,$F$3:$F$88,0),2))," ") -> One-time | N52: =_xlfn.IFNA(IF(L52="Monthly Expense",$C$27,INDEX($F$3:$I$88,MATCH(L52,$F$3:$F$88,0),4))," ") -> 750
K53: October | L53: Remainder of Parent's Place for Wedding | M53: =_xlfn.IFNA(IF(L53="Monthly Expense","Monthly",INDEX($F$3:$I$88,MATCH(L53,$F$3:$F$88,0),2))," ") -> One-time | N53: =_xlfn.IFNA(IF(L53="Monthly Expense",$C$27,INDEX($F$3:$I$88,MATCH(L53,$F$3:$F$88,0),4))," ") -> 250
K54: October | L54: Wedding Snacks | M54: =_xlfn.IFNA(IF(L54="Monthly Expense","Monthly",INDEX($F$3:$I$88,MATCH(L54,$F$3:$F$88,0),2))," ") -> One-time | N54: =_xlfn.IFNA(IF(L54="Monthly Expense",$C$27,INDEX($F$3:$I$88,MATCH(L54,$F$3:$F$88,0),4))," ") -> 250
K55: October | L55: Wedding - Misc. | M55: =_xlfn.IFNA(IF(L55="Monthly Expense","Monthly",INDEX($F$3:$I$88,MATCH(L55,$F$3:$F$88,0),2))," ") -> One-time | N55: =_xlfn.IFNA(IF(L55="Monthly Expense",$C$27,INDEX($F$3:$I$88,MATCH(L55,$F$3:$F$88,0),4))," ") -> 2000
K56: November | L56: Monthly Expense | M56: =_xlfn.IFNA(IF(L56="Monthly Expense","Monthly",INDEX($F$3:$I$88,MATCH(L56,$F$3:$F$88,0),2))," ") -> Monthly | N56: =_xlfn.IFNA(IF(L56="Monthly Expense",$C$27,INDEX($F$3:$I$88,MATCH(L56,$F$3:$F$88,0),4))," ") -> 7539.09
K57: November | L57: Car Undercoating | M57: =_xlfn.IFNA(IF(L57="Monthly Expense","Monthly",INDEX($F$3:$I$88,MATCH(L57,$F$3:$F$88,0),2))," ") -> Annual | N57: =_xlfn.IFNA(IF(L57="Monthly Expense",$C$27,INDEX($F$3:$I$88,MATCH(L57,$F$3:$F$88,0),4))," ") -> 250
K58: November | L58: Heating Oil | M58: =_xlfn.IFNA(IF(L58="Monthly Expense","Monthly",INDEX($F$3:$I$88,MATCH(L58,$F$3:$F$88,0),2))," ") -> Annual | N58: =_xlfn.IFNA(IF(L58="Monthly Expense",$C$27,INDEX($F$3:$I$88,MATCH(L58,$F$3:$F$88,0),4))," ") -> 800
K59: November | M59: =_xlfn.IFNA(IF(L59="Monthly Expense","Monthly",INDEX($F$3:$I$88,MATCH(L59,$F$3:$F$88,0),2))," ") | N59: =_xlfn.IFNA(IF(L59="Monthly Expense",$C$27,INDEX($F$3:$I$88,MATCH(L59,$F$3:$F$88,0),4))," ")
K60: December | L60: Monthly Expense | M60: =_xlfn.IFNA(IF(L60="Monthly Expense","Monthly",INDEX($F$3:$I$88,MATCH(L60,$F$3:$F$88,0),2))," ") -> Monthly | N60: =_xlfn.IFNA(IF(L60="Monthly Expense",$C$27,INDEX($F$3:$I$88,MATCH(L60,$F$3:$F$88,0),4))," ") -> 7539.09
K61: December | L61: Auto Loan Credit (3 months remaining) | M61: =_xlfn.IFNA(IF(L61="Monthly Expense","Monthly",INDEX($F$3:$I$88,MATCH(L61,$F$3:$F$88,0),2))," ") -> One-time | N61: =_xlfn.IFNA(IF(L61="Monthly Expense",$C$27,INDEX($F$3:$I$88,MATCH(L61,$F$3:$F$88,0),4))," ") -> 3069
K62: December | M62: =_xlfn.IFNA(IF(L62="Monthly Expense","Monthly",INDEX($F$3:$I$88,MATCH(L62,$F$3:$F$88,0),2))," ") | N62: =_xlfn.IFNA(IF(L62="Monthly Expense",$C$27,INDEX($F$3:$I$88,MATCH(L62,$F$3:$F$88,0),4))," ")
K63: December | M63: =_xlfn.IFNA(IF(L63="Monthly Expense","Monthly",INDEX($F$3:$I$88,MATCH(L63,$F$3:$F$88,0),2))," ") | N63: =_xlfn.IFNA(IF(L63="Monthly Expense",$C$27,INDEX($F$3:$I$88,MATCH(L63,$F$3:$F$88,0),4))," ")

Sheet Business_172 PH Rd Budget
K1: 2025 Monthly Ledger | P1: 2025 Monthly Ledger (Aggregated)
C2: Monthly Expenses | E2: Assigned? | F2: Upcoming Expenses | G2: Schedule | H2: Planned Spend Month | K2: Month | L2: Item | M2: Frequency | N2: Expenses | P2: Month | Q2: Year | R2: Expended | S2: Remaining | T2: Gifts | U2: Other
B3: Mortgage | E3: =IF(F3="","",ISNUMBER(MATCH(F3,$L$3:$L$102,0))) -> FALSE | F3: Car Undercoating | G3: Annual | I3: 250 | K3: December | L3: Monthly Expense | M3: =_xlfn.IFNA(IF(L3="Monthly Expense","Monthly",INDEX($F$3:$I$88,MATCH(L3,$F$3:$F$88,0),2))," ") -> Monthly | N3: =_xlfn.IFNA(IF(L3="Monthly Expense",$C$25,INDEX($F$3:$I$88,MATCH(L3,$F$3:$F$88,0),4))," ") -> 2155.29 | P3: January | Q3: 2024 | R3: =SUM(N7:N10) -> 2155.29 | S3: =$C$31-R3 -> #REF!
B4: Groceries | C4: =130*4 -> 520 | E4: =IF(F4="","",ISNUMBER(MATCH(F4,$L$3:$L$102,0))) -> TRUE | F4: Christmas Expenses | G4: One-time | H4: December | I4: 550 | K4: December | M4: =_xlfn.IFNA(IF(L4="Monthly Expense","Monthly",INDEX($F$3:$I$88,MATCH(L4,$F$3:$F$88,0),2))," ") | N4: =_xlfn.IFNA(IF(L4="Monthly Expense",$C$25,INDEX($F$3:$I$88,MATCH(L4,$F$3:$F$88,0),4))," ") | P4: February | Q4: 2024 | R4: =SUM(N11:N14) -> 2155.29 | S4: =$C$31-R4 -> #REF!
B5: Phone Bill | C5: 50 | E5: =IF(F5="","",ISNUMBER(MATCH(F5,$L$3:$L$102,0))) -> TRUE | F5: Contacts | G5: One-time | H5: March | I5: 1200 | K5: December | M5: =_xlfn.IFNA(IF(L5="Monthly Expense","Monthly",INDEX($F$3:$I$88,MATCH(L5,$F$3:$F$88,0),2))," ") | N5: =_xlfn.IFNA(IF(L5="Monthly Expense",$C$25,INDEX($F$3:$I$88,MATCH(L5,$F$3:$F$88,0),4))," ") | P5: March | Q5: 2024 | R5: =SUM(N15:N18) -> 3703.29 | S5: =$C$31-R5 -> #REF! | U5: 3100
B6: Restaurant | C6: 300 | E6: =IF(F6="","",ISNUMBER(MATCH(F6,$L$3:$L$102,0))) -> TRUE | F6: Heating Oil | G6: Annual | H6: November | I6: 750 | K6: December | L6: Christmas Expenses | M6: =_xlfn.IFNA(IF(L6="Monthly Expense","Monthly",INDEX($F$3:$I$88,MATCH(L6,$F$3:$F$88,0),2))," ") -> One-time | N6: =_xlfn.IFNA(IF(L6="Monthly Expense",$C$25,INDEX($F$3:$I$88,MATCH(L6,$F$3:$F$88,0),4))," ") -> 550 | P6: April | Q6: 2024 | R6: =SUM(N19:N22) -> 2755.29 | S6: =$C$31-R6 -> #REF!
B7: Gas | C7: 175 | E7: =IF(F7="","",ISNUMBER(MATCH(F7,$L$3:$L$102,0))) -> TRUE | F7: Mulch | G7: Annual | H7: April | I7: 300 | K7: January | L7: Monthly Expense | M7: =_xlfn.IFNA(IF(L7="Monthly Expense","Monthly",INDEX($F$3:$I$88,MATCH(L7,$F$3:$F$88,0),2))," ") -> Monthly | N7: =_xlfn.IFNA(IF(L7="Monthly Expense",$C$25,INDEX($F$3:$I$88,MATCH(L7,$F$3:$F$88,0),4))," ") -> 2155.29 | P7: May | Q7: 2024 | R7: =SUM(N24:N27) -> 2155.29 | S7: =$C$31-R7 -> #REF!
B8: Car Maintenance | C8: 125 | E8: =IF(F8="","",ISNUMBER(MATCH(F8,$L$3:$L$102,0))) -> FALSE | F8: Tires | G8: Bi-Annual | I8: 600 | K8: January | M8: =_xlfn.IFNA(IF(L8="Monthly Expense","Monthly",INDEX($F$3:$I$88,MATCH(L8,$F$3:$F$88,0),2))," ") | N8: =_xlfn.IFNA(IF(L8="Monthly Expense",$C$25,INDEX($F$3:$I$88,MATCH(L8,$F$3:$F$88,0),4))," ") | P8: June | Q8: 2024 | R8: =SUM(N28:N31) -> 2155.29 | S8: =$C$31-R8 -> #REF!
B9: Cat Food | C9: 75 | E9: =IF(F9="","",ISNUMBER(MATCH(F9,$L$3:$L$102,0))) -> TRUE | F9: Vacation | G9: One-time | H9: June | I9: 0 | K9: January | M9: =_xlfn.IFNA(IF(L9="Monthly Expense","Monthly",INDEX($F$3:$I$88,MATCH(L9,$F$3:$F$88,0),2))," ") | N9: =_xlfn.IFNA(IF(L9="Monthly Expense",$C$25,INDEX($F$3:$I$88,MATCH(L9,$F$3:$F$88,0),4))," ") | P9: July | Q9: 2024 | R9: =SUM(N32:N35) -> 2155.29 | S9: =$C$31-R9 -> #REF!
B10: Car Insurance & Umbrella | C10: 158.04 | E10: =IF(F10="","",ISNUMBER(MATCH(F10,$L$3:$L$102,0))) -> TRUE | F10: Vet - Charles | G10: Annual | H10: April | I10: 300 | K10: January | M10: =_xlfn.IFNA(IF(L10="Monthly Expense","Monthly",INDEX($F$3:$I$88,MATCH(L10,$F$3:$F$88,0),2))," ") | N10: =_xlfn.IFNA(IF(L10="Monthly Expense",$C$25,INDEX($F$3:$I$88,MATCH(L10,$F$3:$F$88,0),4))," ") | P10: August | Q10: 2024 | R10: =SUM(N36:N43) -> 2155.29 | S10: =$C$31-R10 -> #REF!
B11: Clothes & Shoes | C11: 200 | E11: =IF(F11="","",ISNUMBER(MATCH(F11,$L$3:$L$102,0))) -> TRUE | F11: Vet - Luna | G11: Annual | H11: April | I11: 300 | K11: February | L11: Monthly Expense | M11: =_xlfn.IFNA(IF(L11="Monthly Expense","Monthly",INDEX($F$3:$I$88,MATCH(L11,$F$3:$F$88,0),2))," ") -> Monthly | N11: =_xlfn.IFNA(IF(L11="Monthly Expense",$C$25,INDEX($F$3:$I$88,MATCH(L11,$F$3:$F$88,0),4))," ") -> 2155.29 | P11: September | Q11: 2024 | R11: =SUM(N44:N47) -> 2155.29 | S11: =$C$31-R11 -> #REF!
B12: Exterminator | C12: 39 | E12: =IF(F12="","",ISNUMBER(MATCH(F12,$L$3:$L$102,0))) -> TRUE | F12: Vet- Bravecto | G12: One-time | H12: March | I12: =(58*3)*2 -> 348 | K12: February | M12: =_xlfn.IFNA(IF(L12="Monthly Expense","Monthly",INDEX($F$3:$I$88,MATCH(L12,$F$3:$F$88,0),2))," ") | N12: =_xlfn.IFNA(IF(L12="Monthly Expense",$C$25,INDEX($F$3:$I$88,MATCH(L12,$F$3:$F$88,0),4))," ") | P12: October | Q12: 2024 | R12: =SUM(N48:N51) -> 2155.29 | S12: =$C$31-R12 -> #REF!
B13: Amazon Subscription | C13: =139/12 -> 11.583333 | K13: February | M13: =_xlfn.IFNA(IF(L13="Monthly Expense","Monthly",INDEX($F$3:$I$88,MATCH(L13,$F$3:$F$88,0),2))," ") | N13: =_xlfn.IFNA(IF(L13="Monthly Expense",$C$25,INDEX($F$3:$I$88,MATCH(L13,$F$3:$F$88,0),4))," ") | P13: November | Q13: 2024 | R13: =SUM(N52:N55) -> 2905.29 | S13: =$C$31-R13 -> #REF!
B14: Tolls | C14: 10 | K14: February | M14: =_xlfn.IFNA(IF(L14="Monthly Expense","Monthly",INDEX($F$3:$I$88,MATCH(L14,$F$3:$F$88,0),2))," ") | N14: =_xlfn.IFNA(IF(L14="Monthly Expense",$C$25,INDEX($F$3:$I$88,MATCH(L14,$F$3:$F$88,0),4))," ") | P14: December | Q14: 2024 | R14: =SUM(N56:N59) -> 2155.29 | S14: =$C$31-R14 -> #REF!
B15: Gym | C15: 30 | K15: March | L15: Monthly Expense | M15: =_xlfn.IFNA(IF(L15="Monthly Expense","Monthly",INDEX($F$3:$I$88,MATCH(L15,$F$3:$F$88,0),2))," ") -> Monthly | N15: =_xlfn.IFNA(IF(L15="Monthly Expense",$C$25,INDEX($F$3:$I$88,MATCH(L15,$F$3:$F$88,0),4))," ") -> 2155.29 | P15: Total | R15: =SUM(R3:R14) -> 28761.48 | S15: =SUM(S3:S14) -> #REF! | T15: =SUM(T3:T14) -> 0 | U15: =SUM(U3:U14) -> 3100
B16: Yoga | K16: March | L16: Contacts | M16: =_xlfn.IFNA(IF(L16="Monthly Expense","Monthly",INDEX($F$3:$I$88,MATCH(L16,$F$3:$F$88,0),2))," ") -> One-time | N16: =_xlfn.IFNA(IF(L16="Monthly Expense",$C$25,INDEX($F$3:$I$88,MATCH(L16,$F$3:$F$88,0),4))," ") -> 1200 | P16: Saved 2025 | S16: =SUM(S15:U15) -> #REF!
B17: Vitamins | C17: 30 | K17: March | L17: Vet- Bravecto | M17: =_xlfn.IFNA(IF(L17="Monthly Expense","Monthly",INDEX($F$3:$I$88,MATCH(L17,$F$3:$F$88,0),2))," ") -> One-time | N17: =_xlfn.IFNA(IF(L17="Monthly Expense",$C$25,INDEX($F$3:$I$88,MATCH(L17,$F$3:$F$88,0),4))," ") -> 348
B18: Deoderant | C18: 30 | K18: March | M18: =_xlfn.IFNA(IF(L18="Monthly Expense","Monthly",INDEX($F$3:$I$88,MATCH(L18,$F$3:$F$88,0),2))," ") | N18: =_xlfn.IFNA(IF(L18="Monthly Expense",$C$25,INDEX($F$3:$I$88,MATCH(L18,$F$3:$F$88,0),4))," ")
B19: Nasal Spray | C19: 25 | K19: April | L19: Monthly Expense | M19: =_xlfn.IFNA(IF(L19="Monthly Expense","Monthly",INDEX($F$3:$I$88,MATCH(L19,$F$3:$F$88,0),2))," ") -> Monthly | N19: =_xlfn.IFNA(IF(L19="Monthly Expense",$C$25,INDEX($F$3:$I$88,MATCH(L19,$F$3:$F$88,0),4))," ") -> 2155.29
B20: Miscellaneous | C20: 200 | K20: April | M20: =_xlfn.IFNA(IF(L20="Monthly Expense","Monthly",INDEX($F$3:$I$88,MATCH(L20,$F$3:$F$88,0),2))," ") | N20: =_xlfn.IFNA(IF(L20="Monthly Expense",$C$25,INDEX($F$3:$I$88,MATCH(L20,$F$3:$F$88,0),4))," ")
B21: Medical | C21: 150 | K21: April | L21: Vet - Charles | M21: =_xlfn.IFNA(IF(L21="Monthly Expense","Monthly",INDEX($F$3:$I$88,MATCH(L21,$F$3:$F$88,0),2))," ") -> Annual | N21: =_xlfn.IFNA(IF(L21="Monthly Expense",$C$25,INDEX($F$3:$I$88,MATCH(L21,$F$3:$F$88,0),4))," ") -> 300
B22: Home Improvement - Misc (4k/year) | K22: April | L22: Vet - Luna | M22: =_xlfn.IFNA(IF(L22="Monthly Expense","Monthly",INDEX($F$3:$I$88,MATCH(L22,$F$3:$F$88,0),2))," ") -> Annual | N22: =_xlfn.IFNA(IF(L22="Monthly Expense",$C$25,INDEX($F$3:$I$88,MATCH(L22,$F$3:$F$88,0),4))," ") -> 300
B23: Electric | K23: April | L23: Mulch | M23: =_xlfn.IFNA(IF(L23="Monthly Expense","Monthly",INDEX($F$3:$I$88,MATCH(L23,$F$3:$F$88,0),2))," ") -> Annual | N23: =_xlfn.IFNA(IF(L23="Monthly Expense",$C$25,INDEX($F$3:$I$88,MATCH(L23,$F$3:$F$88,0),4))," ") -> 300
B24: Haircut | C24: =40/1.5 -> 26.666667 | K24: May | L24: Monthly Expense | M24: =_xlfn.IFNA(IF(L24="Monthly Expense","Monthly",INDEX($F$3:$I$88,MATCH(L24,$F$3:$F$88,0),2))," ") -> Monthly | N24: =_xlfn.IFNA(IF(L24="Monthly Expense",$C$25,INDEX($F$3:$I$88,MATCH(L24,$F$3:$F$88,0),4))," ") -> 2155.29
B25: Total | C25: =SUM(C3:C24) -> 2155.29 | K25: May | M25: =_xlfn.IFNA(IF(L25="Monthly Expense","Monthly",INDEX($F$3:$I$88,MATCH(L25,$F$3:$F$88,0),2))," ") | N25: =_xlfn.IFNA(IF(L25="Monthly Expense",$C$25,INDEX($F$3:$I$88,MATCH(L25,$F$3:$F$88,0),4))," ")
K26: May | M26: =_xlfn.IFNA(IF(L26="Monthly Expense","Monthly",INDEX($F$3:$I$88,MATCH(L26,$F$3:$F$88,0),2))," ") | N26: =_xlfn.IFNA(IF(L26="Monthly Expense",$C$25,INDEX($F$3:$I$88,MATCH(L26,$F$3:$F$88,0),4))," ")
K27: May | M27: =_xlfn.IFNA(IF(L27="Monthly Expense","Monthly",INDEX($F$3:$I$88,MATCH(L27,$F$3:$F$88,0),2))," ") | N27: =_xlfn.IFNA(IF(L27="Monthly Expense",$C$25,INDEX($F$3:$I$88,MATCH(L27,$F$3:$F$88,0),4))," ")
K28: June | L28: Monthly Expense | M28: =_xlfn.IFNA(IF(L28="Monthly Expense","Monthly",INDEX($F$3:$I$88,MATCH(L28,$F$3:$F$88,0),2))," ") -> Monthly | N28: =_xlfn.IFNA(IF(L28="Monthly Expense",$C$25,INDEX($F$3:$I$88,MATCH(L28,$F$3:$F$88,0),4))," ") -> 2155.29
B29: Sara - Takehome (Biweekly) | C29: ='2024 Budget'!C29*(1+Expected_Raise) -> #REF! | K29: June | L29: Vacation | M29: =_xlfn.IFNA(IF(L29="Monthly Expense","Monthly",INDEX($F$3:$I$88,MATCH(L29,$F$3:$F$88,0),2))," ") -> One-time | N29: =_xlfn.IFNA(IF(L29="Monthly Expense",$C$25,INDEX($F$3:$I$88,MATCH(L29,$F$3:$F$88,0),4))," ") -> 0
B30: Eric - Takehome (Biweekly) | C30: ='2024 Budget'!C30*(1+Expected_Raise) -> #REF! | E30: =IF(F30="","",ISNUMBER(MATCH(F30,$L$3:$L$102,0))) | K30: June | M30: =_xlfn.IFNA(IF(L30="Monthly Expense","Monthly",INDEX($F$3:$I$88,MATCH(L30,$F$3:$F$88,0),2))," ") | N30: =_xlfn.IFNA(IF(L30="Monthly Expense",$C$25,INDEX($F$3:$I$88,MATCH(L30,$F$3:$F$88,0),4))," ")
B31: Total Takehome (Monthly) | C31: =SUM(C29:C30)*2 -> #REF! | E31: =IF(F31="","",ISNUMBER(MATCH(F31,$L$3:$L$102,0))) | K31: June | M31: =_xlfn.IFNA(IF(L31="Monthly Expense","Monthly",INDEX($F$3:$I$88,MATCH(L31,$F$3:$F$88,0),2))," ") | N31: =_xlfn.IFNA(IF(L31="Monthly Expense",$C$25,INDEX($F$3:$I$88,MATCH(L31,$F$3:$F$88,0),4))," ")
E32: =IF(F32="","",ISNUMBER(MATCH(F32,$L$3:$L$102,0))) | K32: July | L32: Monthly Expense | M32: =_xlfn.IFNA(IF(L32="Monthly Expense","Monthly",INDEX($F$3:$I$88,MATCH(L32,$F$3:$F$88,0),2))," ") -> Monthly | N32: =_xlfn.IFNA(IF(L32="Monthly Expense",$C$25,INDEX($F$3:$I$88,MATCH(L32,$F$3:$F$88,0),4))," ") -> 2155.29
B33: One-time Incoming Funds | E33: =IF(F33="","",ISNUMBER(MATCH(F33,$L$3:$L$102,0))) | K33: July | M33: =_xlfn.IFNA(IF(L33="Monthly Expense","Monthly",INDEX($F$3:$I$88,MATCH(L33,$F$3:$F$88,0),2))," ") | N33: =_xlfn.IFNA(IF(L33="Monthly Expense",$C$25,INDEX($F$3:$I$88,MATCH(L33,$F$3:$F$88,0),4))," ")
B34: Eric's parents | C34: 7000 | E34: =IF(F34="","",ISNUMBER(MATCH(F34,$L$3:$L$102,0))) | K34: July | M34: =_xlfn.IFNA(IF(L34="Monthly Expense","Monthly",INDEX($F$3:$I$88,MATCH(L34,$F$3:$F$88,0),2))," ") | N34: =_xlfn.IFNA(IF(L34="Monthly Expense",$C$25,INDEX($F$3:$I$88,MATCH(L34,$F$3:$F$88,0),4))," ")
B35: Sara's parents | C35: 7000 | E35: =IF(F35="","",ISNUMBER(MATCH(F35,$L$3:$L$102,0))) | K35: July | M35: =_xlfn.IFNA(IF(L35="Monthly Expense","Monthly",INDEX($F$3:$I$88,MATCH(L35,$F$3:$F$88,0),2))," ") | N35: =_xlfn.IFNA(IF(L35="Monthly Expense",$C$25,INDEX($F$3:$I$88,MATCH(L35,$F$3:$F$88,0),4))," ")
B36: Mass Tax Return | C36: 3100 | E36: =IF(F36="","",ISNUMBER(MATCH(F36,$L$3:$L$102,0))) | K36: August | L36: Monthly Expense | M36: =_xlfn.IFNA(IF(L36="Monthly Expense","Monthly",INDEX($F$3:$I$88,MATCH(L36,$F$3:$F$88,0),2))," ") -> Monthly | N36: =_xlfn.IFNA(IF(L36="Monthly Expense",$C$25,INDEX($F$3:$I$88,MATCH(L36,$F$3:$F$88,0),4))," ") -> 2155.29
B37: Fed Refund | C37: 2000 | K37: August | M37: =_xlfn.IFNA(IF(L37="Monthly Expense","Monthly",INDEX($F$3:$I$88,MATCH(L37,$F$3:$F$88,0),2))," ") | N37: =_xlfn.IFNA(IF(L37="Monthly Expense",$C$25,INDEX($F$3:$I$88,MATCH(L37,$F$3:$F$88,0),4))," ")
K38: August | M38: =_xlfn.IFNA(IF(L38="Monthly Expense","Monthly",INDEX($F$3:$I$88,MATCH(L38,$F$3:$F$88,0),2))," ") | N38: =_xlfn.IFNA(IF(L38="Monthly Expense",$C$25,INDEX($F$3:$I$88,MATCH(L38,$F$3:$F$88,0),4))," ")
B39: Planned Savings | C39: =#REF!+#REF! -> #REF! | K39: August | M39: =_xlfn.IFNA(IF(L39="Monthly Expense","Monthly",INDEX($F$3:$I$88,MATCH(L39,$F$3:$F$88,0),2))," ") | N39: =_xlfn.IFNA(IF(L39="Monthly Expense",$C$25,INDEX($F$3:$I$88,MATCH(L39,$F$3:$F$88,0),4))," ")
B40: Actual Savings to Date | K40: August | M40: =_xlfn.IFNA(IF(L40="Monthly Expense","Monthly",INDEX($F$3:$I$88,MATCH(L40,$F$3:$F$88,0),2))," ") | N40: =_xlfn.IFNA(IF(L40="Monthly Expense",$C$25,INDEX($F$3:$I$88,MATCH(L40,$F$3:$F$88,0),4))," ")
K41: August | M41: =_xlfn.IFNA(IF(L41="Monthly Expense","Monthly",INDEX($F$3:$I$88,MATCH(L41,$F$3:$F$88,0),2))," ") | N41: =_xlfn.IFNA(IF(L41="Monthly Expense",$C$25,INDEX($F$3:$I$88,MATCH(L41,$F$3:$F$88,0),4))," ")
K42: August | M42: =_xlfn.IFNA(IF(L42="Monthly Expense","Monthly",INDEX($F$3:$I$88,MATCH(L42,$F$3:$F$88,0),2))," ") | N42: =_xlfn.IFNA(IF(L42="Monthly Expense",$C$25,INDEX($F$3:$I$88,MATCH(L42,$F$3:$F$88,0),4))," ")
K43: August | M43: =_xlfn.IFNA(IF(L43="Monthly Expense","Monthly",INDEX($F$3:$I$88,MATCH(L43,$F$3:$F$88,0),2))," ") | N43: =_xlfn.IFNA(IF(L43="Monthly Expense",$C$25,INDEX($F$3:$I$88,MATCH(L43,$F$3:$F$88,0),4))," ")
K44: September | L44: Monthly Expense | M44: =_xlfn.IFNA(IF(L44="Monthly Expense","Monthly",INDEX($F$3:$I$88,MATCH(L44,$F$3:$F$88,0),2))," ") -> Monthly | N44: =_xlfn.IFNA(IF(L44="Monthly Expense",$C$25,INDEX($F$3:$I$88,MATCH(L44,$F$3:$F$88,0),4))," ") -> 2155.29
K45: September | M45: =_xlfn.IFNA(IF(L45="Monthly Expense","Monthly",INDEX($F$3:$I$88,MATCH(L45,$F$3:$F$88,0),2))," ") | N45: =_xlfn.IFNA(IF(L45="Monthly Expense",$C$25,INDEX($F$3:$I$88,MATCH(L45,$F$3:$F$88,0),4))," ")
K46: September | M46: =_xlfn.IFNA(IF(L46="Monthly Expense","Monthly",INDEX($F$3:$I$88,MATCH(L46,$F$3:$F$88,0),2))," ") | N46: =_xlfn.IFNA(IF(L46="Monthly Expense",$C$25,INDEX($F$3:$I$88,MATCH(L46,$F$3:$F$88,0),4))," ")
K47: September | M47: =_xlfn.IFNA(IF(L47="Monthly Expense","Monthly",INDEX($F$3:$I$88,MATCH(L47,$F$3:$F$88,0),2))," ") | N47: =_xlfn.IFNA(IF(L47="Monthly Expense",$C$25,INDEX($F$3:$I$88,MATCH(L47,$F$3:$F$88,0),4))," ")
K48: October | L48: Monthly Expense | M48: =_xlfn.IFNA(IF(L48="Monthly Expense","Monthly",INDEX($F$3:$I$88,MATCH(L48,$F$3:$F$88,0),2))," ") -> Monthly | N48: =_xlfn.IFNA(IF(L48="Monthly Expense",$C$25,INDEX($F$3:$I$88,MATCH(L48,$F$3:$F$88,0),4))," ") -> 2155.29
K49: October | M49: =_xlfn.IFNA(IF(L49="Monthly Expense","Monthly",INDEX($F$3:$I$88,MATCH(L49,$F$3:$F$88,0),2))," ") | N49: =_xlfn.IFNA(IF(L49="Monthly Expense",$C$25,INDEX($F$3:$I$88,MATCH(L49,$F$3:$F$88,0),4))," ")
K50: October | M50: =_xlfn.IFNA(IF(L50="Monthly Expense","Monthly",INDEX($F$3:$I$88,MATCH(L50,$F$3:$F$88,0),2))," ") | N50: =_xlfn.IFNA(IF(L50="Monthly Expense",$C$25,INDEX($F$3:$I$88,MATCH(L50,$F$3:$F$88,0),4))," ")
K51: October | M51: =_xlfn.IFNA(IF(L51="Monthly Expense","Monthly",INDEX($F$3:$I$88,MATCH(L51,$F$3:$F$88,0),2))," ") | N51: =_xlfn.IFNA(IF(L51="Monthly Expense",$C$25,INDEX($F$3:$I$88,MATCH(L51,$F$3:$F$88,0),4))," ")
K52: November | L52: Monthly Expense | M52: =_xlfn.IFNA(IF(L52="Monthly Expense","Monthly",INDEX($F$3:$I$88,MATCH(L52,$F$3:$F$88,0),2))," ") -> Monthly | N52: =_xlfn.IFNA(IF(L52="Monthly Expense",$C$25,INDEX($F$3:$I$88,MATCH(L52,$F$3:$F$88,0),4))," ") -> 2155.29
K53: November | M53: =_xlfn.IFNA(IF(L53="Monthly Expense","Monthly",INDEX($F$3:$I$88,MATCH(L53,$F$3:$F$88,0),2))," ") | N53: =_xlfn.IFNA(IF(L53="Monthly Expense",$C$25,INDEX($F$3:$I$88,MATCH(L53,$F$3:$F$88,0),4))," ")
K54: November | L54: Heating Oil | M54: =_xlfn.IFNA(IF(L54="Monthly Expense","Monthly",INDEX($F$3:$I$88,MATCH(L54,$F$3:$F$88,0),2))," ") -> Annual | N54: =_xlfn.IFNA(IF(L54="Monthly Expense",$C$25,INDEX($F$3:$I$88,MATCH(L54,$F$3:$F$88,0),4))," ") -> 750
K55: November | M55: =_xlfn.IFNA(IF(L55="Monthly Expense","Monthly",INDEX($F$3:$I$88,MATCH(L55,$F$3:$F$88,0),2))," ") | N55: =_xlfn.IFNA(IF(L55="Monthly Expense",$C$25,INDEX($F$3:$I$88,MATCH(L55,$F$3:$F$88,0),4))," ")
K56: December | L56: Monthly Expense | M56: =_xlfn.IFNA(IF(L56="Monthly Expense","Monthly",INDEX($F$3:$I$88,MATCH(L56,$F$3:$F$88,0),2))," ") -> Monthly | N56: =_xlfn.IFNA(IF(L56="Monthly Expense",$C$25,INDEX($F$3:$I$88,MATCH(L56,$F$3:$F$88,0),4))," ") -> 2155.29
K57: December | M57: =_xlfn.IFNA(IF(L57="Monthly Expense","Monthly",INDEX($F$3:$I$88,MATCH(L57,$F$3:$F$88,0),2))," ") | N57: =_xlfn.IFNA(IF(L57="Monthly Expense",$C$25,INDEX($F$3:$I$88,MATCH(L57,$F$3:$F$88,0),4))," ")
K58: December | M58: =_xlfn.IFNA(IF(L58="Monthly Expense","Monthly",INDEX($F$3:$I$88,MATCH(L58,$F$3:$F$88,0),2))," ") | N58: =_xlfn.IFNA(IF(L58="Monthly Expense",$C$25,INDEX($F$3:$I$88,MATCH(L58,$F$3:$F$88,0),4))," ")
K59: December | M59: =_xlfn.IFNA(IF(L59="Monthly Expense","Monthly",INDEX($F$3:$I$88,MATCH(L59,$F$3:$F$88,0),2))," ") | N59: =_xlfn.IFNA(IF(L59="Monthly Expense",$C$25,INDEX($F$3:$I$88,MATCH(L59,$F$3:$F$88,0),4))," ")

Sheet About

Sheet Navigation Pane
M3: Data
M10: Mortgage Amortization Tables
M23: Analyses

Sheet Data Entry
B5: Scroll
B6: Rates & Ratios | E6: Loan Terms | H6: Costs Due at Closing | L6: Extra Mortgage Principal Payments | P6: Annual Routine (Planned) Property-Related Expenses | S6: Non-Routine (Unplanned) Maintenance Expenses
B7: Annual Housing Appreciation (%) | C7: 0.035 | E7: Purchase Year | F7: 2022 | H7: Category | I7: Initial Loan Costs | J7: $ | L7: Month | M7: Year (YYYY) | N7: Additional Principal ($) | P7: Property-Related Expenses | Q7: Column1 | S7: Month | T7: Year (YYYY) | U7: Amount ($)
B8: Annual Tax Increase (%) | C8: 0.03 | E8: Purchase Price ($) | F8: 600000 | H8: Initial Loan Costs | I8: Loan Processing Fee | J8: 550 | L8: 10 | M8: =_xlfn.IFNA(INDEX(monthly_mortgage_schedule[[Month]:[Calendar Year]],MATCH(L8,monthly_mortgage_schedule[Month],0),2),"Must be <="&" "&total_loan_payments) -> 2022 | N8: 500 | P8: Mortgage | Q8: ='Data Entry'!F18*12 -> 37200.318 | S8: 11 | T8: =_xlfn.IFNA(INDEX(monthly_mortgage_schedule[[Month]:[Calendar Year]],MATCH(S8,monthly_mortgage_schedule[Month],0),2),0) -> 2022 | U8: 250
B9: Annual Regular Maintenance Increase (%) | C9: 0.03 | E9: Loan Term (Years) | F9: 30 | H9: Initial Loan Costs | I9: Underwriting Fee | J9: 800 | L9: 20 | M9: =_xlfn.IFNA(INDEX(monthly_mortgage_schedule[[Month]:[Calendar Year]],MATCH(L9,monthly_mortgage_schedule[Month],0),2),"Must be <="&" "&total_loan_payments) -> 2023 | N9: 500 | P9: Routine Maintenance | Q9: 6000 | S9: 15 | T9: =_xlfn.IFNA(INDEX(monthly_mortgage_schedule[[Month]:[Calendar Year]],MATCH(S9,monthly_mortgage_schedule[Month],0),2),0) -> 2023 | U9: 400
B10: Annual Homeowners Insurance Increase (%) | C10: 0.03 | E10: Down Payment (%) | F10: 0.1 | H10: Initial Loan Costs | I10: Appraisal Fee | J10: 100 | L10: 30 | M10: =_xlfn.IFNA(INDEX(monthly_mortgage_schedule[[Month]:[Calendar Year]],MATCH(L10,monthly_mortgage_schedule[Month],0),2),"Must be <="&" "&total_loan_payments) -> 2024 | N10: 500 | P10: PMI | Q10: ='Data Entry'!$F$12*'Data Entry'!$F$16 -> 1080 | S10: 18 | T10: =_xlfn.IFNA(INDEX(monthly_mortgage_schedule[[Month]:[Calendar Year]],MATCH(S10,monthly_mortgage_schedule[Month],0),2),0) -> 2023 | U10: 3500
B11: State Property Transfer Tax (%) | C11: 0.015 | E11: Down Payment ($) | F11: =(F8*F10) -> 60000 | H11: Initial Loan Costs | I11: Credit Report Fee | J11: 25 | L11: 40 | M11: =_xlfn.IFNA(INDEX(monthly_mortgage_schedule[[Month]:[Calendar Year]],MATCH(L11,monthly_mortgage_schedule[Month],0),2),"Must be <="&" "&total_loan_payments) -> 2025 | N11: 1000 | P11: Property Taxes | Q11: 8000 | S11: 85 | T11: =_xlfn.IFNA(INDEX(monthly_mortgage_schedule[[Month]:[Calendar Year]],MATCH(S11,monthly_mortgage_schedule[Month],0),2),0) -> 2029 | U11: 10000
B12: Annual Average Stock Market Return (%) | C12: 0.08 | E12: Loan Amount ($) | F12: =F8-F11 -> 540000 | H12: Initial Loan Costs | I12: Flood Certificate Fee | J12: 5 | L12: 50 | M12: =_xlfn.IFNA(INDEX(monthly_mortgage_schedule[[Month]:[Calendar Year]],MATCH(L12,monthly_mortgage_schedule[Month],0),2),"Must be <="&" "&total_loan_payments) -> 2026 | N12: 500 | P12: Home Insurance | Q12: 1100 | S12: 87 | T12: =_xlfn.IFNA(INDEX(monthly_mortgage_schedule[[Month]:[Calendar Year]],MATCH(S12,monthly_mortgage_schedule[Month],0),2),0) -> 2029 | U12: 2000
B13: Monthly Average Stock Market Return (%) | C13: =annual_stock_market_return/12 -> 0.0066666667 | E13: Interest Rate - Annual (%) | F13: 0.056 | H13: Initial Loan Costs | I13: Mers Registration Fee | J13: 25 | L13: 60 | M13: =_xlfn.IFNA(INDEX(monthly_mortgage_schedule[[Month]:[Calendar Year]],MATCH(L13,monthly_mortgage_schedule[Month],0),2),"Must be <="&" "&total_loan_payments) -> 2026 | N13: 5000 | P13: Placeholder | S13: 100 | T13: =_xlfn.IFNA(INDEX(monthly_mortgage_schedule[[Month]:[Calendar Year]],MATCH(S13,monthly_mortgage_schedule[Month],0),2),0) -> 2030 | U13: 3000
B14: Simulation Stock Market Return Mean (%) | C14: 0.08 | E14: Interest Rate - Monthly (%) | F14: =F13/12 -> 0.0046666667 | H14: Initial Loan Costs | I14: Tax Service Fee | J14: 70 | L14: 70 | M14: =_xlfn.IFNA(INDEX(monthly_mortgage_schedule[[Month]:[Calendar Year]],MATCH(L14,monthly_mortgage_schedule[Month],0),2),"Must be <="&" "&total_loan_payments) -> 2027 | N14: 500 | P14: Placeholder | S14: 112 | T14: =_xlfn.IFNA(INDEX(monthly_mortgage_schedule[[Month]:[Calendar Year]],MATCH(S14,monthly_mortgage_schedule[Month],0),2),0) -> 2031 | U14: 30000
B15: Simulation Stock Market Return Stndrd. Dev. (%) | C15: 0.15 | E15: PMI Paid Until What % Equity | F15: 0.2 | H15: Initial Loan Costs | I15: Title - CPL Fee | J15: 25 | L15: 80 | M15: =_xlfn.IFNA(INDEX(monthly_mortgage_schedule[[Month]:[Calendar Year]],MATCH(L15,monthly_mortgage_schedule[Month],0),2),"Must be <="&" "&total_loan_payments) -> 2028 | N15: 500 | P15: Placeholder | S15: Placeholder | T15: =_xlfn.IFNA(INDEX(monthly_mortgage_schedule[[Month]:[Calendar Year]],MATCH(S15,monthly_mortgage_schedule[Month],0),2),0) -> 0
B16: ="Cost of Rental"&" "&"("&purchase_year&")" -> Cost of Rental (2022) | C16: 3000 | E16: PMI Rate (%) | F16: 0.002 | H16: Initial Loan Costs | I16: Title - Lending Title Insurance | J16: 1250 | L16: 90 | M16: =_xlfn.IFNA(INDEX(monthly_mortgage_schedule[[Month]:[Calendar Year]],MATCH(L16,monthly_mortgage_schedule[Month],0),2),"Must be <="&" "&total_loan_payments) -> 2029 | N16: 4000 | P16: Placeholder | S16: Placeholder | T16: =_xlfn.IFNA(INDEX(monthly_mortgage_schedule[[Month]:[Calendar Year]],MATCH(S16,monthly_mortgage_schedule[Month],0),2),0) -> 0
B17: Annual Rent Increase (%) | C17: 0.04 | E17: Total Loan Payments | F17: =F9*12 -> 360 | H17: Initial Loan Costs | I17: Title - Settlement/Closing Fee | J17: 700 | L17: 100 | M17: =_xlfn.IFNA(INDEX(monthly_mortgage_schedule[[Month]:[Calendar Year]],MATCH(L17,monthly_mortgage_schedule[Month],0),2),"Must be <="&" "&total_loan_payments) -> 2030 | N17: 3000 | P17: Placeholder | S17: Placeholder | T17: =_xlfn.IFNA(INDEX(monthly_mortgage_schedule[[Month]:[Calendar Year]],MATCH(S17,monthly_mortgage_schedule[Month],0),2),0) -> 0
B18: Rent-to-Buy Ratio | C18: =purchase_price/(monthly_rental_cost*12) -> 16.666667 | E18: Monthly Mortgage Payment (Prin. & Int. Only) | F18: =PMT(F14,F17,-F12,0,0) -> 3100.0265 | H18: Taxes & Fees | I18: Recording Fees | J18: 175 | L18: 110 | M18: =_xlfn.IFNA(INDEX(monthly_mortgage_schedule[[Month]:[Calendar Year]],MATCH(L18,monthly_mortgage_schedule[Month],0),2),"Must be <="&" "&total_loan_payments) -> 2031 | N18: 500 | P18: Placeholder | S18: Placeholder | T18: =_xlfn.IFNA(INDEX(monthly_mortgage_schedule[[Month]:[Calendar Year]],MATCH(S18,monthly_mortgage_schedule[Month],0),2),0) -> 0
E19: Monthly Mortgage Payment (PMI, Property Taxes, Home Insurance) | F19: =F18+(SUM(annual_pmi+annual_property_taxes+annual_home_insurance)/12) -> 3948.3598 | H19: Taxes & Fees | I19: State Property Transfer Tax (Buyer Portion) | J19: =(purchase_price*state_transfer_tax)/2 -> 4500 | L19: 120 | M19: =_xlfn.IFNA(INDEX(monthly_mortgage_schedule[[Month]:[Calendar Year]],MATCH(L19,monthly_mortgage_schedule[Month],0),2),"Must be <="&" "&total_loan_payments) -> 2031 | N19: 4000 | P19: Placeholder | S19: Placeholder | T19: =_xlfn.IFNA(INDEX(monthly_mortgage_schedule[[Month]:[Calendar Year]],MATCH(S19,monthly_mortgage_schedule[Month],0),2),0) -> 0
E20: Monthly Mortgage Payment (No PMI, Property Taxes, Home Insurance) | F20: =F18+(SUM(annual_property_taxes+annual_home_insurance)/12) -> 3858.3598 | H20: Prepaids | I20: Homeowners Insurance Premium (Annual up front) | J20: =1200 -> 1200 | L20: 130 | M20: =_xlfn.IFNA(INDEX(monthly_mortgage_schedule[[Month]:[Calendar Year]],MATCH(L20,monthly_mortgage_schedule[Month],0),2),"Must be <="&" "&total_loan_payments) -> 2032 | N20: 500 | P20: Placeholder | S20: Placeholder | T20: =_xlfn.IFNA(INDEX(monthly_mortgage_schedule[[Month]:[Calendar Year]],MATCH(S20,monthly_mortgage_schedule[Month],0),2),0) -> 0
E21: Cash to close | F21: =down_payment_dollars+SUM(initial_loan_costs[$]) -> 71075 | H21: Prepaids | I21: Prepaid Interest | J21: 750 | L21: 140 | M21: =_xlfn.IFNA(INDEX(monthly_mortgage_schedule[[Month]:[Calendar Year]],MATCH(L21,monthly_mortgage_schedule[Month],0),2),"Must be <="&" "&total_loan_payments) -> 2033 | N21: 7500 | P21: Placeholder | S21: Placeholder | T21: =_xlfn.IFNA(INDEX(monthly_mortgage_schedule[[Month]:[Calendar Year]],MATCH(S21,monthly_mortgage_schedule[Month],0),2),0) -> 0
H22: Prepaids | I22: Property Taxes | J22: 250 | L22: 150 | M22: =_xlfn.IFNA(INDEX(monthly_mortgage_schedule[[Month]:[Calendar Year]],MATCH(L22,monthly_mortgage_schedule[Month],0),2),"Must be <="&" "&total_loan_payments) -> 2034 | N22: 1200 | P22: Placeholder | S22: Placeholder | T22: =_xlfn.IFNA(INDEX(monthly_mortgage_schedule[[Month]:[Calendar Year]],MATCH(S22,monthly_mortgage_schedule[Month],0),2),0) -> 0
H23: Escrow | I23: Mortgage Insurance | J23: 150 | L23: 160 | M23: =_xlfn.IFNA(INDEX(monthly_mortgage_schedule[[Month]:[Calendar Year]],MATCH(L23,monthly_mortgage_schedule[Month],0),2),"Must be <="&" "&total_loan_payments) -> 2035 | N23: 50 | P23: Placeholder | S23: Placeholder | T23: =_xlfn.IFNA(INDEX(monthly_mortgage_schedule[[Month]:[Calendar Year]],MATCH(S23,monthly_mortgage_schedule[Month],0),2),0) -> 0
B24: Loan Statistics | H24: Other | I24: Title-owner policy | J24: 500 | L24: 170 | M24: =_xlfn.IFNA(INDEX(monthly_mortgage_schedule[[Month]:[Calendar Year]],MATCH(L24,monthly_mortgage_schedule[Month],0),2),"Must be <="&" "&total_loan_payments) -> 2036 | N24: 250 | P24: Placeholder | S24: Placeholder | T24: =_xlfn.IFNA(INDEX(monthly_mortgage_schedule[[Month]:[Calendar Year]],MATCH(S24,monthly_mortgage_schedule[Month],0),2),0) -> 0
B25: Total Additional Principal Payments | C25: =SUM(additional_mortgage_payments[Additional Principal ($)]) -> 39250 | H25: Placeholder | L25: 180 | M25: =_xlfn.IFNA(INDEX(monthly_mortgage_schedule[[Month]:[Calendar Year]],MATCH(L25,monthly_mortgage_schedule[Month],0),2),"Must be <="&" "&total_loan_payments) -> 2036 | N25: 500 | P25: Placeholder | S25: Placeholder | T25: =_xlfn.IFNA(INDEX(monthly_mortgage_schedule[[Month]:[Calendar Year]],MATCH(S25,monthly_mortgage_schedule[Month],0),2),0) -> 0
B26: Lifetime Interest With Extra Principal Payments | C26: =SUM(monthly_mortgage_schedule[Interest With Extra Principal Payments]) -> 506863.33 | H26: Placeholder | L26: 190 | M26: =_xlfn.IFNA(INDEX(monthly_mortgage_schedule[[Month]:[Calendar Year]],MATCH(L26,monthly_mortgage_schedule[Month],0),2),"Must be <="&" "&total_loan_payments) -> 2037 | N26: 500 | P26: Placeholder | S26: Placeholder | T26: =_xlfn.IFNA(INDEX(monthly_mortgage_schedule[[Month]:[Calendar Year]],MATCH(S26,monthly_mortgage_schedule[Month],0),2),0) -> 0
B27: Lifetime Interest Without Extra Principal Payments | C27: =SUM(monthly_mortgage_schedule[Interest Without Extra Principal Payments]) -> 576009.54 | H27: Placeholder | L27: 200 | M27: =_xlfn.IFNA(INDEX(monthly_mortgage_schedule[[Month]:[Calendar Year]],MATCH(L27,monthly_mortgage_schedule[Month],0),2),"Must be <="&" "&total_loan_payments) -> 2038 | N27: 500 | P27: Placeholder | S27: Placeholder | T27: =_xlfn.IFNA(INDEX(monthly_mortgage_schedule[[Month]:[Calendar Year]],MATCH(S27,monthly_mortgage_schedule[Month],0),2),0) -> 0
B28: Mortgage Interest Saved from Extra Principal Payments | C28: =C27-C26 -> 69146.209 | H28: Placeholder | L28: 210 | M28: =_xlfn.IFNA(INDEX(monthly_mortgage_schedule[[Month]:[Calendar Year]],MATCH(L28,monthly_mortgage_schedule[Month],0),2),"Must be <="&" "&total_loan_payments) -> 2039 | N28: 750 | P28: Placeholder | S28: Placeholder | T28: =_xlfn.IFNA(INDEX(monthly_mortgage_schedule[[Month]:[Calendar Year]],MATCH(S28,monthly_mortgage_schedule[Month],0),2),0) -> 0
B29: Lifetime PMI | C29: =SUM(mortgage[PMI]) -> 6570 | H29: Placeholder | L29: 220 | M29: =_xlfn.IFNA(INDEX(monthly_mortgage_schedule[[Month]:[Calendar Year]],MATCH(L29,monthly_mortgage_schedule[Month],0),2),"Must be <="&" "&total_loan_payments) -> 2040 | N29: 500
B30: Month Paid Off | C30: =_xlfn.MINIFS(monthly_mortgage_schedule[Month],monthly_mortgage_schedule[Loan Balance (BOY)],0) -> 327 | H30: Placeholder | L30: 230 | M30: =_xlfn.IFNA(INDEX(monthly_mortgage_schedule[[Month]:[Calendar Year]],MATCH(L30,monthly_mortgage_schedule[Month],0),2),"Must be <="&" "&total_loan_payments) -> 2041 | N30: 500
B31: Year Paid Off | C31: =_xlfn.MINIFS(monthly_mortgage_schedule[Calendar Year],monthly_mortgage_schedule[Loan Balance (BOY)],0) -> 2049 | H31: Placeholder | L31: 240 | M31: =_xlfn.IFNA(INDEX(monthly_mortgage_schedule[[Month]:[Calendar Year]],MATCH(L31,monthly_mortgage_schedule[Month],0),2),"Must be <="&" "&total_loan_payments) -> 2041 | N31: 500
B32: Months Paid Off Early (Rounded) | C32: =total_loan_payments-month_mortgage_paid_off -> 33 | H32: Placeholder | L32: 250 | M32: =_xlfn.IFNA(INDEX(monthly_mortgage_schedule[[Month]:[Calendar Year]],MATCH(L32,monthly_mortgage_schedule[Month],0),2),"Must be <="&" "&total_loan_payments) -> 2042 | N32: 500
B33: Years Paid Off Early (Rounded) | C33: =(purchase_year+loan_term_years)-year_mortgage_paid_off -> 3 | H33: Placeholder | L33: 260 | M33: =_xlfn.IFNA(INDEX(monthly_mortgage_schedule[[Month]:[Calendar Year]],MATCH(L33,monthly_mortgage_schedule[Month],0),2),"Must be <="&" "&total_loan_payments) -> 2043 | N33: 500
H34: Placeholder | L34: 270 | M34: =_xlfn.IFNA(INDEX(monthly_mortgage_schedule[[Month]:[Calendar Year]],MATCH(L34,monthly_mortgage_schedule[Month],0),2),"Must be <="&" "&total_loan_payments) -> 2044 | N34: 500
H35: Placeholder | L35: 280 | M35: =_xlfn.IFNA(INDEX(monthly_mortgage_schedule[[Month]:[Calendar Year]],MATCH(L35,monthly_mortgage_schedule[Month],0),2),"Must be <="&" "&total_loan_payments) -> 2045 | N35: 500
H36: Placeholder | L36: 295 | M36: =_xlfn.IFNA(INDEX(monthly_mortgage_schedule[[Month]:[Calendar Year]],MATCH(L36,monthly_mortgage_schedule[Month],0),2),"Must be <="&" "&total_loan_payments) -> 2046 | N36: 2000
H37: Placeholder | L37: 300 | M37: =_xlfn.IFNA(INDEX(monthly_mortgage_schedule[[Month]:[Calendar Year]],MATCH(L37,monthly_mortgage_schedule[Month],0),2),"Must be <="&" "&total_loan_payments) -> 2046 | N37: 1500
H38: Placeholder | L38: Placeholder | M38: =_xlfn.IFNA(INDEX(monthly_mortgage_schedule[[Month]:[Calendar Year]],MATCH(L38,monthly_mortgage_schedule[Month],0),2),"Must be <="&" "&total_loan_payments) -> Must be <= 360
H39: Placeholder | L39: Placeholder | M39: =_xlfn.IFNA(INDEX(monthly_mortgage_schedule[[Month]:[Calendar Year]],MATCH(L39,monthly_mortgage_schedule[Month],0),2),"Must be <="&" "&total_loan_payments) -> Must be <= 360
H40: Placeholder | L40: Placeholder | M40: =_xlfn.IFNA(INDEX(monthly_mortgage_schedule[[Month]:[Calendar Year]],MATCH(L40,monthly_mortgage_schedule[Month],0),2),"Must be <="&" "&total_loan_payments) -> Must be <= 360
H41: Placeholder | L41: Placeholder | M41: =_xlfn.IFNA(INDEX(monthly_mortgage_schedule[[Month]:[Calendar Year]],MATCH(L41,monthly_mortgage_schedule[Month],0),2),"Must be <="&" "&total_loan_payments) -> Must be <= 360
H42: Placeholder | L42: Placeholder | M42: =_xlfn.IFNA(INDEX(monthly_mortgage_schedule[[Month]:[Calendar Year]],MATCH(L42,monthly_mortgage_schedule[Month],0),2),"Must be <="&" "&total_loan_payments) -> Must be <= 360
H43: Placeholder | L43: Placeholder | M43: =_xlfn.IFNA(INDEX(monthly_mortgage_schedule[[Month]:[Calendar Year]],MATCH(L43,monthly_mortgage_schedule[Month],0),2),"Must be <="&" "&total_loan_payments) -> Must be <= 360
L44: Placeholder | M44: =_xlfn.IFNA(INDEX(monthly_mortgage_schedule[[Month]:[Calendar Year]],MATCH(L44,monthly_mortgage_schedule[Month],0),2),"Must be <="&" "&total_loan_payments) -> Must be <= 360
L45: Placeholder | M45: =_xlfn.IFNA(INDEX(monthly_mortgage_schedule[[Month]:[Calendar Year]],MATCH(L45,monthly_mortgage_schedule[Month],0),2),"Must be <="&" "&total_loan_payments) -> Must be <= 360
L46: Placeholder | M46: =_xlfn.IFNA(INDEX(monthly_mortgage_schedule[[Month]:[Calendar Year]],MATCH(L46,monthly_mortgage_schedule[Month],0),2),"Must be <="&" "&total_loan_payments) -> Must be <= 360
L47: Placeholder | M47: =_xlfn.IFNA(INDEX(monthly_mortgage_schedule[[Month]:[Calendar Year]],MATCH(L47,monthly_mortgage_schedule[Month],0),2),"Must be <="&" "&total_loan_payments) -> Must be <= 360
L48: Placeholder | M48: =_xlfn.IFNA(INDEX(monthly_mortgage_schedule[[Month]:[Calendar Year]],MATCH(L48,monthly_mortgage_schedule[Month],0),2),"Must be <="&" "&total_loan_payments) -> Must be <= 360
L49: Placeholder | M49: =_xlfn.IFNA(INDEX(monthly_mortgage_schedule[[Month]:[Calendar Year]],MATCH(L49,monthly_mortgage_schedule[Month],0),2),"Must be <="&" "&total_loan_payments) -> Must be <= 360
L50: Placeholder | M50: =_xlfn.IFNA(INDEX(monthly_mortgage_schedule[[Month]:[Calendar Year]],MATCH(L50,monthly_mortgage_schedule[Month],0),2),"Must be <="&" "&total_loan_payments) -> Must be <= 360
L51: Placeholder | M51: =_xlfn.IFNA(INDEX(monthly_mortgage_schedule[[Month]:[Calendar Year]],MATCH(L51,monthly_mortgage_schedule[Month],0),2),"Must be <="&" "&total_loan_payments) -> Must be <= 360
L52: Placeholder | M52: =_xlfn.IFNA(INDEX(monthly_mortgage_schedule[[Month]:[Calendar Year]],MATCH(L52,monthly_mortgage_schedule[Month],0),2),"Must be <="&" "&total_loan_payments) -> Must be <= 360
L53: Placeholder | M53: =_xlfn.IFNA(INDEX(monthly_mortgage_schedule[[Month]:[Calendar Year]],MATCH(L53,monthly_mortgage_schedule[Month],0),2),"Must be <="&" "&total_loan_payments) -> Must be <= 360
L54: Placeholder | M54: =_xlfn.IFNA(INDEX(monthly_mortgage_schedule[[Month]:[Calendar Year]],MATCH(L54,monthly_mortgage_schedule[Month],0),2),"Must be <="&" "&total_loan_payments) -> Must be <= 360
L55: Placeholder | M55: =_xlfn.IFNA(INDEX(monthly_mortgage_schedule[[Month]:[Calendar Year]],MATCH(L55,monthly_mortgage_schedule[Month],0),2),"Must be <="&" "&total_loan_payments) -> Must be <= 360
... L100: Placeholder | M100: =_xlfn.IFNA(INDEX(monthly_mortgage_schedule[[Month]:[Calendar Year]],MATCH(L100,monthly_mortgage_schedule[Month],0),2),"Must be <="&" "&total_loan_payments) -> Must be <= 360

Sheet Monthly Amort. Sch.
B6: Visual Date Range
B7: Start Date | C7: 2022
C8: 1954
B9: End Date | C9: 2061
C10: 1953
AQ15: *Assumes fixed return, not simulated here
W16: With Extra Principal Payments | AF16: Without Extra Principal Payments | AN16: Additional Mortgage Principal Payments (Saved Mortgage Interest & PMI) | AQ16: No Additional Mortgage Principal Payments (Rather, Invest in low-cost Index Funds)
I17: Month | J17: Calendar Year | K17: Month (Range) | L17: Begin Year (Range) | M17: Year (Range) | N17: Interest With Extra Principal Payments Visual | O17: Principal With Extra Principal Payments Visual | P17: Interest Without Extra Principal Payments Visual | Q17: Principal Without Extra Principal Payments Visual | R17: Cumulative Mortgage Interest Saved Visual | S17: Cumulative PMI Saved Visual | T17: Cumulative Interest Earned on Investments Visual | U17: Cumulative Principal With Extra Principal Payments Visual | V17: Cumulative Principal Without Extra Principal Payments Visual | W17: Loan Balance (BOY) | X17: Interest With Extra Principal Payments | Y17: Principal With Extra Principal Payments | Z17: Extra Payments Towards Equity | AA17: Cumulative Extra Payments Towards Equity | AB17: Cumulative Principal With Extra Principal Payments | AC17: Cumulative Equity With Extra Payments | AD17: PMI with Additional Payments | AE17: Loan Balance (EOY) | AF17: Loan Balance (BOY) Without Extra Principal Payments | AG17: Interest Without Extra Principal Payments | AH17: Principal Without Extra Principal Payments | AI17: Cumulative Principal Without Extra Principal Payments | AJ17: Cumulative Equity Without Extra Payments | AK17: PMI Without Extra Principal Payments | AL17: Loan Balance (EOY) Without Extra Principal Payments | AN17: Cumulative Principal & Interest | AO17: Cumulative Mortgage Interest Saved | AP17: Cumulative PMI Saved | AQ17: Cumulative Investments | AR17: Cumulative Interest Earned on Investments
I18: 1 | J18: =purchase_year -> 2022 | K18: =IF(M18="#N/A",NA(),monthly_mortgage_schedule[[#This Row],[Month]]) -> 1 | L18: =IF(monthly_mortgage_schedule[[#This Row],[Calendar Year]]>=$C$7,monthly_mortgage_schedule[[#This Row],[Calendar Year]],NA()) -> 2022 | M18: =IF((monthly_mortgage_schedule[[#This Row],[Calendar Year]]>=$C$7)*(monthly_mortgage_schedule[[#This Row],[Calendar Year]]<=$C$9),monthly_mortgage_schedule[[#This Row],[Begin Year (Range)]],NA()) -> 2022 | N18: =IF((monthly_mortgage_schedule[[#This Row],[Year (Range)]]>=$C$7)*(monthly_mortgage_schedule[[#This Row],[Year (Range)]]<=$C$9),X18,NA()) -> 2520 | O18: =IF((monthly_mortgage_schedule[[#This Row],[Year (Range)]]>=$C$7)*(monthly_mortgage_schedule[[#This Row],[Year (Range)]]<=$C$9),Y18,NA()) -> 580.0265 | P18: =IF((monthly_mortgage_schedule[[#This Row],[Year (Range)]]>=$C$7)*(monthly_mortgage_schedule[[#This Row],[Year (Range)]]<=$C$9),AG18,NA()) -> 2520 | Q18: =IF((monthly_mortgage_schedule[[#This Row],[Year (Range)]]>=$C$7)*(monthly_mortgage_schedule[[#This Row],[Year (Range)]]<=$C$9),AH18,NA()) -> 580.0265 | R18: =IF((monthly_mortgage_schedule[[#This Row],[Year (Range)]]>=$C$7)*(monthly_mortgage_schedule[[#This Row],[Year (Range)]]<=$C$9),AO18,NA()) -> 0 | S18: =IF((monthly_mortgage_schedule[[#This Row],[Year (Range)]]>=$C$7)*(monthly_mortgage_schedule[[#This Row],[Year (Range)]]<=$C$9),AP18,NA()) -> 0 | T18: =IF((monthly_mortgage_schedule[[#This Row],[Year (Range)]]>=$C$7)*(monthly_mortgage_schedule[[#This Row],[Year (Range)]]<=$C$9),AR18,NA()) -> 0 | U18: =IF((monthly_mortgage_schedule[[#This Row],[Year (Range)]]>=$C$7)*(monthly_mortgage_schedule[[#This Row],[Year (Range)]]<=$C$9),AB18,NA()) -> 580.0265 | V18: =IF((monthly_mortgage_schedule[[#This Row],[Year (Range)]]>=$C$7)*(monthly_mortgage_schedule[[#This Row],[Year (Range)]]<=$C$9),AI18,NA()) -> 580.0265 | W18: =IF(monthly_mortgage_schedule[[#This Row],[Month]]<=loan_term_years,loan_amount,0) -> 540000 | X18: =IF(monthly_mortgage_schedule[[#This Row],[Loan Balance (BOY)]]>0,monthly_mortgage_schedule[[#This Row],[Loan Balance (BOY)]]*monthly_interest_rate,0) -> 2520 | Y18: =IF(monthly_mortgage_schedule[[#This Row],[Loan Balance (BOY)]]>1,monthly_principal_and_interest-monthly_mortgage_schedule[[#This Row],[Interest With Extra Principal Payments]],0) -> 580.0265 | Z18: =_xlfn.IFNA(INDEX(additional_mortgage_payments[],MATCH(monthly_mortgage_schedule[[#This Row],[Month]],additional_mortgage_payments[Month],0),3),0) -> 0 | AA18: =monthly_mortgage_schedule[[#This Row],[Extra Payments Towards Equity]] -> 0 | AB18: =monthly_mortgage_schedule[[#This Row],[Principal With Extra Principal Payments]]+monthly_mortgage_schedule[[#This Row],[Extra Payments Towards Equity]] -> 580.0265 | AC18: =monthly_mortgage_schedule[[#This Row],[Cumulative Principal With Extra Principal Payments]]+down_payment_dollars -> 60580.026 | AD18: =IF((AC18)/purchase_price<pmi_until_percentage_equity,(annual_pmi/12),0) -> 90 | AE18: =IF(monthly_mortgage_schedule[[#This Row],[Loan Balance (BOY)]]<monthly_mortgage_schedule[[#This Row],[Principal With Extra Principal Payments]],0,IF(monthly_mortgage_schedule[[#This Row],[Month]]<=total_loan_payments,(monthly_mortgage_schedule[[#This Row],[Loan Balance (BOY)]]-(monthly_mortgage_schedule[[#This Row],[Principal With Extra Principal Payments]]+monthly_mortgage_schedule[[#This Row],[Extra Payments Towards Equity]])),0)) -> 539419.97 | AF18: =IF(monthly_mortgage_schedule[[#This Row],[Month]]<=loan_term_years,loan_amount,0) -> 540000 | AG18: =IF(monthly_mortgage_schedule[[#This Row],[Loan Balance (BOY) Without Extra Principal Payments]]>0,monthly_mortgage_schedule[[#This Row],[Loan Balance (BOY) Without Extra Principal Payments]]*monthly_interest_rate,0) -> 2520 | AH18: =IF(monthly_mortgage_schedule[[#This Row],[Loan Balance (BOY) Without Extra Principal Payments]]>1,monthly_principal_and_interest-monthly_mortgage_schedule[[#This Row],[Interest Without Extra Principal Payments]],0) -> 580.0265 | AI18: =monthly_mortgage_schedule[[#This Row],[Principal Without Extra Principal Payments]] -> 580.0265 | AJ18: =monthly_mortgage_schedule[[#This Row],[Cumulative Principal Without Extra Principal Payments]]+down_payment_dollars -> 60580.026 | AK18: =IF((AJ18)/purchase_price<pmi_until_percentage_equity,(annual_pmi/12),0) -> 90 | AL18: =IF(monthly_mortgage_schedule[[#This Row],[Loan Balance (BOY) Without Extra Principal Payments]]<monthly_mortgage_schedule[[#This Row],[Principal Without Extra Principal Payments]],0,IF(monthly_mortgage_schedule[[#This Row],[Month]]<=total_loan_payments,(monthly_mortgage_schedule[[#This Row],[Loan Balance (BOY) Without Extra Principal Payments]]-(monthly_mortgage_schedule[[#This Row],[Principal Without Extra Principal Payments]])),0)) -> 539419.97 | AN18: =monthly_mortgage_schedule[[#This Row],[Extra Payments Towards Equity]]+IF(monthly_mortgage_schedule[[#This Row],[Interest With Extra Principal Payments]]>0,monthly_mortgage_schedule[[#This Row],[Interest Without Extra Principal Payments]]-monthly_mortgage_schedule[[#This Row],[Interest With Extra Principal Payments]],0) -> 0 | AO18: =IF(monthly_mortgage_schedule[[#This Row],[Interest With Extra Principal Payments]]>0,monthly_mortgage_schedule[[#This Row],[Interest Without Extra Principal Payments]]-monthly_mortgage_schedule[[#This Row],[Interest With Extra Principal Payments]],0) -> 0 | AP18: =monthly_mortgage_schedule[[#This Row],[PMI Without Extra Principal Payments]]-monthly_mortgage_schedule[[#This Row],[PMI with Additional Payments]] -> 0 | AQ18: =(Z18)*(1+monthly_stock_market_return) -> 0
I19: 2 | J19: =IF(MOD(ROWS($J$18:J18),12)=0,J18+1,J18) -> 2022 | K19: =IF(M19="#N/A",NA(),monthly_mortgage_schedule[[#This Row],[Month]]) -> 2 | L19: =IF(monthly_mortgage_schedule[[#This Row],[Calendar Year]]>=$C$7,monthly_mortgage_schedule[[#This Row],[Calendar Year]],NA()) -> 2022 | M19: =IF((monthly_mortgage_schedule[[#This Row],[Calendar Year]]>=$C$7)*(monthly_mortgage_schedule[[#This Row],[Calendar Year]]<=$C$9),monthly_mortgage_schedule[[#This Row],[Begin Year (Range)]],NA()) -> 2022 | N19: =IF((monthly_mortgage_schedule[[#This Row],[Year (Range)]]>=$C$7)*(monthly_mortgage_schedule[[#This Row],[Year (Range)]]<=$C$9),X19,NA()) -> 2517.2932 | O19: =IF((monthly_mortgage_schedule[[#This Row],[Year (Range)]]>=$C$7)*(monthly_mortgage_schedule[[#This Row],[Year (Range)]]<=$C$9),Y19,NA()) -> 582.73329 | P19: =IF((monthly_mortgage_schedule[[#This Row],[Year (Range)]]>=$C$7)*(monthly_mortgage_schedule[[#This Row],[Year (Range)]]<=$C$9),AG19,NA()) -> 2517.2932 | Q19: =IF((monthly_mortgage_schedule[[#This Row],[Year (Range)]]>=$C$7)*(monthly_mortgage_schedule[[#This Row],[Year (Range)]]<=$C$9),AH19,NA()) -> 582.73329 | R19: =IF((monthly_mortgage_schedule[[#This Row],[Year (Range)]]>=$C$7)*(monthly_mortgage_schedule[[#This Row],[Year (Range)]]<=$C$9),AO19,NA()) -> 0 | S19: =IF((monthly_mortgage_schedule[[#This Row],[Year (Range)]]>=$C$7)*(monthly_mortgage_schedule[[#This Row],[Year (Range)]]<=$C$9),AP19,NA()) -> 0 | T19: =IF((monthly_mortgage_schedule[[#This Row],[Year (Range)]]>=$C$7)*(monthly_mortgage_schedule[[#This Row],[Year (Range)]]<=$C$9),AR19,NA()) -> 0 | U19: =IF((monthly_mortgage_schedule[[#This Row],[Year (Range)]]>=$C$7)*(monthly_mortgage_schedule[[#This Row],[Year (Range)]]<=$C$9),AB19,NA()) -> 1162.7598 | V19: =IF((monthly_mortgage_schedule[[#This Row],[Year (Range)]]>=$C$7)*(monthly_mortgage_schedule[[#This Row],[Year (Range)]]<=$C$9),AI19,NA()) -> 1162.7598 | W19: =AE18 -> 539419.97 | X19: =IF(AE18>0,AE18*monthly_interest_rate,0) -> 2517.2932 | Y19: =IF(W19>1,monthly_principal_and_interest-X19,0) -> 582.73329 | Z19: =_xlfn.IFNA(INDEX(additional_mortgage_payments[],MATCH(monthly_mortgage_schedule[[#This Row],[Month]],additional_mortgage_payments[Month],0),3),0) -> 0 | AA19: =AA18+monthly_mortgage_schedule[[#This Row],[Extra Payments Towards Equity]] -> 0 | AB19: =AB18+monthly_mortgage_schedule[[#This Row],[Principal With Extra Principal Payments]]+monthly_mortgage_schedule[[#This Row],[Extra Payments Towards Equity]] -> 1162.7598 | AC19: =monthly_mortgage_schedule[[#This Row],[Cumulative Principal With Extra Principal Payments]]+down_payment_dollars -> 61162.76 | AD19: =IF((AC19)/purchase_price<pmi_until_percentage_equity,(annual_pmi/12),0) -> 90 | AE19: =IF(monthly_mortgage_schedule[[#This Row],[Loan Balance (BOY)]]<monthly_mortgage_schedule[[#This Row],[Principal With Extra Principal Payments]],0,IF(monthly_mortgage_schedule[[#This Row],[Month]]<=total_loan_payments,(monthly_mortgage_schedule[[#This Row],[Loan Balance (BOY)]]-(monthly_mortgage_schedule[[#This Row],[Principal With Extra Principal Payments]]+monthly_mortgage_schedule[[#This Row],[Extra Payments Towards Equity]])),0)) -> 538837.24 | AF19: =AL18 -> 539419.97 | AG19: =IF(monthly_mortgage_schedule[[#This Row],[Loan Balance (BOY) Without Extra Principal Payments]]>0,monthly_mortgage_schedule[[#This Row],[Loan Balance (BOY) Without Extra Principal Payments]]*monthly_interest_rate,0) -> 2517.2932 | AH19: =IF(monthly_mortgage_schedule[[#This Row],[Loan Balance (BOY) Without Extra Principal Payments]]>1,monthly_principal_and_interest-monthly_mortgage_schedule[[#This Row],[Interest Without Extra Principal Payments]],0) -> 582.73329 | AI19: =AI18+monthly_mortgage_schedule[[#This Row],[Principal Without Extra Principal Payments]] -> 1162.7598 | AJ19: =monthly_mortgage_schedule[[#This Row],[Cumulative Principal Without Extra Principal Payments]]+down_payment_dollars -> 61162.76 | AK19: =IF((AJ19)/purchase_price<pmi_until_percentage_equity,(annual_pmi/12),0) -> 90 | AL19: =IF(monthly_mortgage_schedule[[#This Row],[Loan Balance (BOY) Without Extra Principal Payments]]<monthly_mortgage_schedule[[#This Row],[Principal Without Extra Principal Payments]],0,IF(monthly_mortgage_schedule[[#This Row],[Month]]<=total_loan_payments,(monthly_mortgage_schedule[[#This Row],[Loan Balance (BOY) Without Extra Principal Payments]]-(monthly_mortgage_schedule[[#This Row],[Principal Without Extra Principal Payments]])),0)) -> 538837.24 | AN19: =monthly_mortgage_schedule[[#This Row],[Extra Payments Towards Equity]]+AN18+IF(monthly_mortgage_schedule[[#This Row],[Interest With Extra Principal Payments]]>0,monthly_mortgage_schedule[[#This Row],[Interest Without Extra Principal Payments]]-monthly_mortgage_schedule[[#This Row],[Interest With Extra Principal Payments]],0) -> 0 | AO19: =AO18+IF(monthly_mortgage_schedule[[#This Row],[Interest With Extra Principal Payments]]>0,monthly_mortgage_schedule[[#This Row],[Interest Without Extra Principal Payments]]-monthly_mortgage_schedule[[#This Row],[Interest With Extra Principal Payments]],0) -> 0 | AP19: =AP18+monthly_mortgage_schedule[[#This Row],[PMI Without Extra Principal Payments]]-monthly_mortgage_schedule[[#This Row],[PMI with Additional Payments]] -> 0 | AQ19: =(AQ18+Z19)*(1+monthly_stock_market_return) -> 0 | AR19: =(AR18+Z19)*(1+monthly_stock_market_return) -> 0
I20: 3 | J20: =IF(MOD(ROWS($J$18:J19),12)=0,J19+1,J19) -> 2022 | K20: =IF(M20="#N/A",NA(),monthly_mortgage_schedule[[#This Row],[Month]]) -> 3 | L20: =IF(monthly_mortgage_schedule[[#This Row],[Calendar Year]]>=$C$7,monthly_mortgage_schedule[[#This Row],[Calendar Year]],NA()) -> 2022 | M20: =IF((monthly_mortgage_schedule[[#This Row],[Calendar Year]]>=$C$7)*(monthly_mortgage_schedule[[#This Row],[Calendar Year]]<=$C$9),monthly_mortgage_schedule[[#This Row],[Begin Year (Range)]],NA()) -> 2022 | N20: =IF((monthly_mortgage_schedule[[#This Row],[Year (Range)]]>=$C$7)*(monthly_mortgage_schedule[[#This Row],[Year (Range)]]<=$C$9),X20,NA()) -> 2514.5738 | O20: =IF((monthly_mortgage_schedule[[#This Row],[Year (Range)]]>=$C$7)*(monthly_mortgage_schedule[[#This Row],[Year (Range)]]<=$C$9),Y20,NA()) -> 585.45271 | P20: =IF((monthly_mortgage_schedule[[#This Row],[Year (Range)]]>=$C$7)*(monthly_mortgage_schedule[[#This Row],[Year (Range)]]<=$C$9),AG20,NA()) -> 2514.5738 | Q20: =IF((monthly_mortgage_schedule[[#This Row],[Year (Range)]]>=$C$7)*(monthly_mortgage_schedule[[#This Row],[Year (Range)]]<=$C$9),AH20,NA()) -> 585.45271 | R20: =IF((monthly_mortgage_schedule[[#This Row],[Year (Range)]]>=$C$7)*(monthly_mortgage_schedule[[#This Row],[Year (Range)]]<=$C$9),AO20,NA()) -> 0 | S20: =IF((monthly_mortgage_schedule[[#This Row],[Year (Range)]]>=$C$7)*(monthly_mortgage_schedule[[#This Row],[Year (Range)]]<=$C$9),AP20,NA()) -> 0 | T20: =IF((monthly_mortgage_schedule[[#This Row],[Year (Range)]]>=$C$7)*(monthly_mortgage_schedule[[#This Row],[Year (Range)]]<=$C$9),AR20,NA()) -> 0 | U20: =IF((monthly_mortgage_schedule[[#This Row],[Year (Range)]]>=$C$7)*(monthly_mortgage_schedule[[#This Row],[Year (Range)]]<=$C$9),AB20,NA()) -> 1748.2125 | V20: =IF((monthly_mortgage_schedule[[#This Row],[Year (Range)]]>=$C$7)*(monthly_mortgage_schedule[[#This Row],[Year (Range)]]<=$C$9),AI20,NA()) -> 1748.2125 | W20: =AE19 -> 538837.24 | X20: =IF(W20>0,W20*monthly_interest_rate,0) -> 2514.5738 | Y20: =IF(W20>1,monthly_principal_and_interest-X20,0) -> 585.45271 | Z20: =_xlfn.IFNA(INDEX(additional_mortgage_payments[],MATCH(monthly_mortgage_schedule[[#This Row],[Month]],additional_mortgage_payments[Month],0),3),0) -> 0 | AA20: =AA19+monthly_mortgage_schedule[[#This Row],[Extra Payments Towards Equity]] -> 0 | AB20: =AB19+monthly_mortgage_schedule[[#This Row],[Principal With Extra Principal Payments]]+monthly_mortgage_schedule[[#This Row],[Extra Payments Towards Equity]] -> 1748.2125 | AC20: =monthly_mortgage_schedule[[#This Row],[Cumulative Principal With Extra Principal Payments]]+down_payment_dollars -> 61748.212 | AD20: =IF((AC20)/purchase_price<pmi_until_percentage_equity,(annual_pmi/12),0) -> 90 | AE20: =IF(monthly_mortgage_schedule[[#This Row],[Loan Balance (BOY)]]<monthly_mortgage_schedule[[#This Row],[Principal With Extra Principal Payments]],0,IF(monthly_mortgage_schedule[[#This Row],[Month]]<=total_loan_payments,(monthly_mortgage_schedule[[#This Row],[Loan Balance (BOY)]]-(monthly_mortgage_schedule[[#This Row],[Principal With Extra Principal Payments]]+monthly_mortgage_schedule[[#This Row],[Extra Payments Towards Equity]])),0)) -> 538251.79 | AF20: =AL19 -> 538837.24 | AG20: =IF(monthly_mortgage_schedule[[#This Row],[Loan Balance (BOY) Without Extra Principal Payments]]>0,monthly_mortgage_schedule[[#This Row],[Loan Balance (BOY) Without Extra Principal Payments]]*monthly_interest_rate,0) -> 2514.5738 | AH20: =IF(monthly_mortgage_schedule[[#This Row],[Loan Balance (BOY) Without Extra Principal Payments]]>1,monthly_principal_and_interest-monthly_mortgage_schedule[[#This Row],[Interest Without Extra Principal Payments]],0) -> 585.45271 | AI20: =AI19+monthly_mortgage_schedule[[#This Row],[Principal Without Extra Principal Payments]] -> 1748.2125 | AJ20: =monthly_mortgage_schedule[[#This Row],[Cumulative Principal Without Extra Principal Payments]]+down_payment_dollars -> 61748.212 | AK20: =IF((AJ20)/purchase_price<pmi_until_percentage_equity,(annual_pmi/12),0) -> 90 | AL20: =IF(monthly_mortgage_schedule[[#This Row],[Loan Balance (BOY) Without Extra Principal Payments]]<monthly_mortgage_schedule[[#This Row],[Principal Without Extra Principal Payments]],0,IF(monthly_mortgage_schedule[[#This Row],[Month]]<=total_loan_payments,(monthly_mortgage_schedule[[#This Row],[Loan Balance (BOY) Without Extra Principal Payments]]-(monthly_mortgage_schedule[[#This Row],[Principal Without Extra Principal Payments]])),0)) -> 538251.79 | AN20: =monthly_mortgage_schedule[[#This Row],[Extra Payments Towards Equity]]+AN19+IF(monthly_mortgage_schedule[[#This Row],[Interest With Extra Principal Payments]]>0,monthly_mortgage_schedule[[#This Row],[Interest Without Extra Principal Payments]]-monthly_mortgage_schedule[[#This Row],[Interest With Extra Principal Payments]],0) -> 0 | AO20: =AO19+IF(monthly_mortgage_schedule[[#This Row],[Interest With Extra Principal Payments]]>0,monthly_mortgage_schedule[[#This Row],[Interest Without Extra Principal Payments]]-monthly_mortgage_schedule[[#This Row],[Interest With Extra Principal Payments]],0) -> 0 | AP20: =AP19+monthly_mortgage_schedule[[#This Row],[PMI Without Extra Principal Payments]]-monthly_mortgage_schedule[[#This Row],[PMI with Additional Payments]] -> 0 | AQ20: =(AQ19+Z20)*(1+monthly_stock_market_return) -> 0 | AR20: =(AR19+Z20)*(1+monthly_stock_market_return) -> 0
I21: 4 | J21: =IF(MOD(ROWS($J$18:J20),12)=0,J20+1,J20) -> 2022 | K21: =IF(M21="#N/A",NA(),monthly_mortgage_schedule[[#This Row],[Month]]) -> 4 | L21: =IF(monthly_mortgage_schedule[[#This Row],[Calendar Year]]>=$C$7,monthly_mortgage_schedule[[#This Row],[Calendar Year]],NA()) -> 2022 | M21: =IF((monthly_mortgage_schedule[[#This Row],[Calendar Year]]>=$C$7)*(monthly_mortgage_schedule[[#This Row],[Calendar Year]]<=$C$9),monthly_mortgage_schedule[[#This Row],[Begin Year (Range)]],NA()) -> 2022 | N21: =IF((monthly_mortgage_schedule[[#This Row],[Year (Range)]]>=$C$7)*(monthly_mortgage_schedule[[#This Row],[Year (Range)]]<=$C$9),X21,NA()) -> 2511.8417 | O21: =IF((monthly_mortgage_schedule[[#This Row],[Year (Range)]]>=$C$7)*(monthly_mortgage_schedule[[#This Row],[Year (Range)]]<=$C$9),Y21,NA()) -> 588.18482 | P21: =IF((monthly_mortgage_schedule[[#This Row],[Year (Range)]]>=$C$7)*(monthly_mortgage_schedule[[#This Row],[Year (Range)]]<=$C$9),AG21,NA()) -> 2511.8417 | Q21: =IF((monthly_mortgage_schedule[[#This Row],[Year (Range)]]>=$C$7)*(monthly_mortgage_schedule[[#This Row],[Year (Range)]]<=$C$9),AH21,NA()) -> 588.18482 | R21: =IF((monthly_mortgage_schedule[[#This Row],[Year (Range)]]>=$C$7)*(monthly_mortgage_schedule[[#This Row],[Year (Range)]]<=$C$9),AO21,NA()) -> 0 | S21: =IF((monthly_mortgage_schedule[[#This Row],[Year (Range)]]>=$C$7)*(monthly_mortgage_schedule[[#This Row],[Year (Range)]]<=$C$9),AP21,NA()) -> 0 | T21: =IF((monthly_mortgage_schedule[[#This Row],[Year (Range)]]>=$C$7)*(monthly_mortgage_schedule[[#This Row],[Year (Range)]]<=$C$9),AR21,NA()) -> 0 | U21: =IF((monthly_mortgage_schedule[[#This Row],[Year (Range)]]>=$C$7)*(monthly_mortgage_schedule[[#This Row],[Year (Range)]]<=$C$9),AB21,NA()) -> 2336.3973 | V21: =IF((monthly_mortgage_schedule[[#This Row],[Year (Range)]]>=$C$7)*(monthly_mortgage_schedule[[#This Row],[Year (Range)]]<=$C$9),AI21,NA()) -> 2336.3973 | W21: =AE20 -> 538251.79 | X21: =IF(W21>0,W21*monthly_interest_rate,0) -> 2511.8417 | Y21: =IF(W21>1,monthly_principal_and_interest-X21,0) -> 588.18482 | Z21: =_xlfn.IFNA(INDEX(additional_mortgage_payments[],MATCH(monthly_mortgage_schedule[[#This Row],[Month]],additional_mortgage_payments[Month],0),3),0) -> 0 | AA21: =AA20+monthly_mortgage_schedule[[#This Row],[Extra Payments Towards Equity]] -> 0 | AB21: =AB20+monthly_mortgage_schedule[[#This Row],[Principal With Extra Principal Payments]]+monthly_mortgage_schedule[[#This Row],[Extra Payments Towards Equity]] -> 2336.3973 | AC21: =monthly_mortgage_schedule[[#This Row],[Cumulative Principal With Extra Principal Payments]]+down_payment_dollars -> 62336.397 | AD21: =IF((AC21)/purchase_price<pmi_until_percentage_equity,(annual_pmi/12),0) -> 90 | AE21: =IF(monthly_mortgage_schedule[[#This Row],[Loan Balance (BOY)]]<monthly_mortgage_schedule[[#This Row],[Principal With Extra Principal Payments]],0,IF(monthly_mortgage_schedule[[#This Row],[Month]]<=total_loan_payments,(monthly_mortgage_schedule[[#This Row],[Loan Balance (BOY)]]-(monthly_mortgage_schedule[[#This Row],[Principal With Extra Principal Payments]]+monthly_mortgage_schedule[[#This Row],[Extra Payments Towards Equity]])),0)) -> 537663.6 | AF21: =AL20 -> 538251.79 | AG21: =IF(monthly_mortgage_schedule[[#This Row],[Loan Balance (BOY) Without Extra Principal Payments]]>0,monthly_mortgage_schedule[[#This Row],[Loan Balance (BOY) Without Extra Principal Payments]]*monthly_interest_rate,0) -> 2511.8417 | AH21: =IF(monthly_mortgage_schedule[[#This Row],[Loan Balance (BOY) Without Extra Principal Payments]]>1,monthly_principal_and_interest-monthly_mortgage_schedule[[#This Row],[Interest Without Extra Principal Payments]],0) -> 588.18482 | AI21: =AI20+monthly_mortgage_schedule[[#This Row],[Principal Without Extra Principal Payments]] -> 2336.3973 | AJ21: =monthly_mortgage_schedule[[#This Row],[Cumulative Principal Without Extra Principal Payments]]+down_payment_dollars -> 62336.397 | AK21: =IF((AJ21)/purchase_price<pmi_until_percentage_equity,(annual_pmi/12),0) -> 90 | AL21: =IF(monthly_mortgage_schedule[[#This Row],[Loan Balance (BOY) Without Extra Principal Payments]]<monthly_mortgage_schedule[[#This Row],[Principal Without Extra Principal Payments]],0,IF(monthly_mortgage_schedule[[#This Row],[Month]]<=total_loan_payments,(monthly_mortgage_schedule[[#This Row],[Loan Balance (BOY) Without Extra Principal Payments]]-(monthly_mortgage_schedule[[#This Row],[Principal Without Extra Principal Payments]])),0)) -> 537663.6 | AN21: =monthly_mortgage_schedule[[#This Row],[Extra Payments Towards Equity]]+AN20+IF(monthly_mortgage_schedule[[#This Row],[Interest With Extra Principal Payments]]>0,monthly_mortgage_schedule[[#This Row],[Interest Without Extra Principal Payments]]-monthly_mortgage_schedule[[#This Row],[Interest With Extra Principal Payments]],0) -> 0 | AO21: =AO20+IF(monthly_mortgage_schedule[[#This Row],[Interest With Extra Principal Payments]]>0,monthly_mortgage_schedule[[#This Row],[Interest Without Extra Principal Payments]]-monthly_mortgage_schedule[[#This Row],[Interest With Extra Principal Payments]],0) -> 0 | AP21: =AP20+monthly_mortgage_schedule[[#This Row],[PMI Without Extra Principal Payments]]-monthly_mortgage_schedule[[#This Row],[PMI with Additional Payments]] -> 0 | AQ21: =(AQ20+Z21)*(1+monthly_stock_market_return) -> 0 | AR21: =(AR20+Z21)*(1+monthly_stock_market_return) -> 0
I22: 5 | J22: =IF(MOD(ROWS($J$18:J21),12)=0,J21+1,J21) -> 2022 | K22: =IF(M22="#N/A",NA(),monthly_mortgage_schedule[[#This Row],[Month]]) -> 5 | L22: =IF(monthly_mortgage_schedule[[#This Row],[Calendar Year]]>=$C$7,monthly_mortgage_schedule[[#This Row],[Calendar Year]],NA()) -> 2022 | M22: =IF((monthly_mortgage_schedule[[#This Row],[Calendar Year]]>=$C$7)*(monthly_mortgage_schedule[[#This Row],[Calendar Year]]<=$C$9),monthly_mortgage_schedule[[#This Row],[Begin Year (Range)]],NA()) -> 2022 | N22: =IF((monthly_mortgage_schedule[[#This Row],[Year (Range)]]>=$C$7)*(monthly_mortgage_schedule[[#This Row],[Year (Range)]]<=$C$9),X22,NA()) -> 2509.0968 | O22: =IF((monthly_mortgage_schedule[[#This Row],[Year (Range)]]>=$C$7)*(monthly_mortgage_schedule[[#This Row],[Year (Range)]]<=$C$9),Y22,NA()) -> 590.92968 | P22: =IF((monthly_mortgage_schedule[[#This Row],[Year (Range)]]>=$C$7)*(monthly_mortgage_schedule[[#This Row],[Year (Range)]]<=$C$9),AG22,NA()) -> 2509.0968 | Q22: =IF((monthly_mortgage_schedule[[#This Row],[Year (Range)]]>=$C$7)*(monthly_mortgage_schedule[[#This Row],[Year (Range)]]<=$C$9),AH22,NA()) -> 590.92968 | R22: =IF((monthly_mortgage_schedule[[#This Row],[Year (Range)]]>=$C$7)*(monthly_mortgage_schedule[[#This Row],[Year (Range)]]<=$C$9),AO22,NA()) -> 0 | S22: =IF((monthly_mortgage_schedule[[#This Row],[Year (Range)]]>=$C$7)*(monthly_mortgage_schedule[[#This Row],[Year (Range)]]<=$C$9),AP22,NA()) -> 0 | T22: =IF((monthly_mortgage_schedule[[#This Row],[Year (Range)]]>=$C$7)*(monthly_mortgage_schedule[[#This Row],[Year (Range)]]<=$C$9),AR22,NA()) -> 0 | U22: =IF((monthly_mortgage_schedule[[#This Row],[Year (Range)]]>=$C$7)*(monthly_mortgage_schedule[[#This Row],[Year (Range)]]<=$C$9),AB22,NA()) -> 2927.327 | V22: =IF((monthly_mortgage_schedule[[#This Row],[Year (Range)]]>=$C$7)*(monthly_mortgage_schedule[[#This Row],[Year (Range)]]<=$C$9),AI22,NA()) -> 2927.327 | W22: =AE21 -> 537663.6 | X22: =IF(W22>0,W22*monthly_interest_rate,0) -> 2509.0968 | Y22: =IF(W22>1,monthly_principal_and_interest-X22,0) -> 590.92968 | Z22: =_xlfn.IFNA(INDEX(additional_mortgage_payments[],MATCH(monthly_mortgage_schedule[[#This Row],[Month]],additional_mortgage_payments[Month],0),3),0) -> 0 | AA22: =AA21+monthly_mortgage_schedule[[#This Row],[Extra Payments Towards Equity]] -> 0 | AB22: =AB21+monthly_mortgage_schedule[[#This Row],[Principal With Extra Principal Payments]]+monthly_mortgage_schedule[[#This Row],[Extra Payments Towards Equity]] -> 2927.327 | AC22: =monthly_mortgage_schedule[[#This Row],[Cumulative Principal With Extra Principal Payments]]+down_payment_dollars -> 62927.327 | AD22: =IF((AC22)/purchase_price<pmi_until_percentage_equity,(annual_pmi/12),0) -> 90 | AE22: =IF(monthly_mortgage_schedule[[#This Row],[Loan Balance (BOY)]]<monthly_mortgage_schedule[[#This Row],[Principal With Extra Principal Payments]],0,IF(monthly_mortgage_schedule[[#This Row],[Month]]<=total_loan_payments,(monthly_mortgage_schedule[[#This Row],[Loan Balance (BOY)]]-(monthly_mortgage_schedule[[#This Row],[Principal With Extra Principal Payments]]+monthly_mortgage_schedule[[#This Row],[Extra Payments Towards Equity]])),0)) -> 537072.67 | AF22: =AL21 -> 537663.6 | AG22: =IF(monthly_mortgage_schedule[[#This Row],[Loan Balance (BOY) Without Extra Principal Payments]]>0,monthly_mortgage_schedule[[#This Row],[Loan Balance (BOY) Without Extra Principal Payments]]*monthly_interest_rate,0) -> 2509.0968 | AH22: =IF(monthly_mortgage_schedule[[#This Row],[Loan Balance (BOY) Without Extra Principal Payments]]>1,monthly_principal_and_interest-monthly_mortgage_schedule[[#This Row],[Interest Without Extra Principal Payments]],0) -> 590.92968 | AI22: =AI21+monthly_mortgage_schedule[[#This Row],[Principal Without Extra Principal Payments]] -> 2927.327 | AJ22: =monthly_mortgage_schedule[[#This Row],[Cumulative Principal Without Extra Principal Payments]]+down_payment_dollars -> 62927.327 | AK22: =IF((AJ22)/purchase_price<pmi_until_percentage_equity,(annual_pmi/12),0) -> 90 | AL22: =IF(monthly_mortgage_schedule[[#This Row],[Loan Balance (BOY) Without Extra Principal Payments]]<monthly_mortgage_schedule[[#This Row],[Principal Without Extra Principal Payments]],0,IF(monthly_mortgage_schedule[[#This Row],[Month]]<=total_loan_payments,(monthly_mortgage_schedule[[#This Row],[Loan Balance (BOY) Without Extra Principal Payments]]-(monthly_mortgage_schedule[[#This Row],[Principal Without Extra Principal Payments]])),0)) -> 537072.67 | AN22: =monthly_mortgage_schedule[[#This Row],[Extra Payments Towards Equity]]+AN21+IF(monthly_mortgage_schedule[[#This Row],[Interest With Extra Principal Payments]]>0,monthly_mortgage_schedule[[#This Row],[Interest Without Extra Principal Payments]]-monthly_mortgage_schedule[[#This Row],[Interest With Extra Principal Payments]],0) -> 0 | AO22: =AO21+IF(monthly_mortgage_schedule[[#This Row],[Interest With Extra Principal Payments]]>0,monthly_mortgage_schedule[[#This Row],[Interest Without Extra Principal Payments]]-monthly_mortgage_schedule[[#This Row],[Interest With Extra Principal Payments]],0) -> 0 | AP22: =AP21+monthly_mortgage_schedule[[#This Row],[PMI Without Extra Principal Payments]]-monthly_mortgage_schedule[[#This Row],[PMI with Additional Payments]] -> 0 | AQ22: =(AQ21+Z22)*(1+monthly_stock_market_return) -> 0 | AR22: =(AR21+Z22)*(1+monthly_stock_market_return) -> 0
I23: 6 | J23: =IF(MOD(ROWS($J$18:J22),12)=0,J22+1,J22) -> 2022 | K23: =IF(M23="#N/A",NA(),monthly_mortgage_schedule[[#This Row],[Month]]) -> 6 | L23: =IF(monthly_mortgage_schedule[[#This Row],[Calendar Year]]>=$C$7,monthly_mortgage_schedule[[#This Row],[Calendar Year]],NA()) -> 2022 | M23: =IF((monthly_mortgage_schedule[[#This Row],[Calendar Year]]>=$C$7)*(monthly_mortgage_schedule[[#This Row],[Calendar Year]]<=$C$9),monthly_mortgage_schedule[[#This Row],[Begin Year (Range)]],NA()) -> 2022 | N23: =IF((monthly_mortgage_schedule[[#This Row],[Year (Range)]]>=$C$7)*(monthly_mortgage_schedule[[#This Row],[Year (Range)]]<=$C$9),X23,NA()) -> 2506.3391 | O23: =IF((monthly_mortgage_schedule[[#This Row],[Year (Range)]]>=$C$7)*(monthly_mortgage_schedule[[#This Row],[Year (Range)]]<=$C$9),Y23,NA()) -> 593.68735 | P23: =IF((monthly_mortgage_schedule[[#This Row],[Year (Range)]]>=$C$7)*(monthly_mortgage_schedule[[#This Row],[Year (Range)]]<=$C$9),AG23,NA()) -> 2506.3391 | Q23: =IF((monthly_mortgage_schedule[[#This Row],[Year (Range)]]>=$C$7)*(monthly_mortgage_schedule[[#This Row],[Year (Range)]]<=$C$9),AH23,NA()) -> 593.68735 | R23: =IF((monthly_mortgage_schedule[[#This Row],[Year (Range)]]>=$C$7)*(monthly_mortgage_schedule[[#This Row],[Year (Range)]]<=$C$9),AO23,NA()) -> 0 | S23: =IF((monthly_mortgage_schedule[[#This Row],[Year (Range)]]>=$C$7)*(monthly_mortgage_schedule[[#This Row],[Year (Range)]]<=$C$9),AP23,NA()) -> 0 | T23: =IF((monthly_mortgage_schedule[[#This Row],[Year (Range)]]>=$C$7)*(monthly_mortgage_schedule[[#This Row],[Year (Range)]]<=$C$9),AR23,NA()) -> 0 | U23: =IF((monthly_mortgage_schedule[[#This Row],[Year (Range)]]>=$C$7)*(monthly_mortgage_schedule[[#This Row],[Year (Range)]]<=$C$9),AB23,NA()) -> 3521.0143 | V23: =IF((monthly_mortgage_schedule[[#This Row],[Year (Range)]]>=$C$7)*(monthly_mortgage_schedule[[#This Row],[Year (Range)]]<=$C$9),AI23,NA()) -> 3521.0143 | W23: =AE22 -> 537072.67 | X23: =IF(W23>0,W23*monthly_interest_rate,0) -> 2506.3391 | Y23: =IF(W23>1,monthly_principal_and_interest-X23,0) -> 593.68735 | Z23: =_xlfn.IFNA(INDEX(additional_mortgage_payments[],MATCH(monthly_mortgage_schedule[[#This Row],[Month]],additional_mortgage_payments[Month],0),3),0) -> 0 | AA23: =AA22+monthly_mortgage_schedule[[#This Row],[Extra Payments Towards Equity]] -> 0 | AB23: =AB22+monthly_mortgage_schedule[[#This Row],[Principal With Extra Principal Payments]]+monthly_mortgage_schedule[[#This Row],[Extra Payments Towards Equity]] -> 3521.0143 | AC23: =monthly_mortgage_schedule[[#This Row],[Cumulative Principal With Extra Principal Payments]]+down_payment_dollars -> 63521.014 | AD23: =IF((AC23)/purchase_price<pmi_until_percentage_equity,(annual_pmi/12),0) -> 90 | AE23: =IF(monthly_mortgage_schedule[[#This Row],[Loan Balance (BOY)]]<monthly_mortgage_schedule[[#This Row],[Principal With Extra Principal Payments]],0,IF(monthly_mortgage_schedule[[#This Row],[Month]]<=total_loan_payments,(monthly_mortgage_schedule[[#This Row],[Loan Balance (BOY)]]-(monthly_mortgage_schedule[[#This Row],[Principal With Extra Principal Payments]]+monthly_mortgage_schedule[[#This Row],[Extra Payments Towards Equity]])),0)) -> 536478.99 | AF23: =AL22 -> 537072.67 | AG23: =IF(monthly_mortgage_schedule[[#This Row],[Loan Balance (BOY) Without Extra Principal Payments]]>0,monthly_mortgage_schedule[[#This Row],[Loan Balance (BOY) Without Extra Principal Payments]]*monthly_interest_rate,0) -> 2506.3391 | AH23: =IF(monthly_mortgage_schedule[[#This Row],[Loan Balance (BOY) Without Extra Principal Payments]]>1,monthly_principal_and_interest-monthly_mortgage_schedule[[#This Row],[Interest Without Extra Principal Payments]],0) -> 593.68735 | AI23: =AI22+monthly_mortgage_schedule[[#This Row],[Principal Without Extra Principal Payments]] -> 3521.0143 | AJ23: =monthly_mortgage_schedule[[#This Row],[Cumulative Principal Without Extra Principal Payments]]+down_payment_dollars -> 63521.014 | AK23: =IF((AJ23)/purchase_price<pmi_until_percentage_equity,(annual_pmi/12),0) -> 90 | AL23: =IF(monthly_mortgage_schedule[[#This Row],[Loan Balance (BOY) Without Extra Principal Payments]]<monthly_mortgage_schedule[[#This Row],[Principal Without Extra Principal Payments]],0,IF(monthly_mortgage_schedule[[#This Row],[Month]]<=total_loan_payments,(monthly_mortgage_schedule[[#This Row],[Loan Balance (BOY) Without Extra Principal Payments]]-(monthly_mortgage_schedule[[#This Row],[Principal Without Extra Principal Payments]])),0)) -> 536478.99 | AN23: =monthly_mortgage_schedule[[#This Row],[Extra Payments Towards Equity]]+AN22+IF(monthly_mortgage_schedule[[#This Row],[Interest With Extra Principal Payments]]>0,monthly_mortgage_schedule[[#This Row],[Interest Without Extra Principal Payments]]-monthly_mortgage_schedule[[#This Row],[Interest With Extra Principal Payments]],0) -> 0 | AO23: =AO22+IF(monthly_mortgage_schedule[[#This Row],[Interest With Extra Principal Payments]]>0,monthly_mortgage_schedule[[#This Row],[Interest Without Extra Principal Payments]]-monthly_mortgage_schedule[[#This Row],[Interest With Extra Principal Payments]],0) -> 0 | AP23: =AP22+monthly_mortgage_schedule[[#This Row],[PMI Without Extra Principal Payments]]-monthly_mortgage_schedule[[#This Row],[PMI with Additional Payments]] -> 0 | AQ23: =(AQ22+Z23)*(1+monthly_stock_market_return) -> 0 | AR23: =(AR22+Z23)*(1+monthly_stock_market_return) -> 0
I24: 7 | J24: =IF(MOD(ROWS($J$18:J23),12)=0,J23+1,J23) -> 2022 | K24: =IF(M24="#N/A",NA(),monthly_mortgage_schedule[[#This Row],[Month]]) -> 7 | L24: =IF(monthly_mortgage_schedule[[#This Row],[Calendar Year]]>=$C$7,monthly_mortgage_schedule[[#This Row],[Calendar Year]],NA()) -> 2022 | M24: =IF((monthly_mortgage_schedule[[#This Row],[Calendar Year]]>=$C$7)*(monthly_mortgage_schedule[[#This Row],[Calendar Year]]<=$C$9),monthly_mortgage_schedule[[#This Row],[Begin Year (Range)]],NA()) -> 2022 | N24: =IF((monthly_mortgage_schedule[[#This Row],[Year (Range)]]>=$C$7)*(monthly_mortgage_schedule[[#This Row],[Year (Range)]]<=$C$9),X24,NA()) -> 2503.5686 | O24: =IF((monthly_mortgage_schedule[[#This Row],[Year (Range)]]>=$C$7)*(monthly_mortgage_schedule[[#This Row],[Year (Range)]]<=$C$9),Y24,NA()) -> 596.4579 | P24: =IF((monthly_mortgage_schedule[[#This Row],[Year (Range)]]>=$C$7)*(monthly_mortgage_schedule[[#This Row],[Year (Range)]]<=$C$9),AG24,NA()) -> 2503.5686 | Q24: =IF((monthly_mortgage_schedule[[#This Row],[Year (Range)]]>=$C$7)*(monthly_mortgage_schedule[[#This Row],[Year (Range)]]<=$C$9),AH24,NA()) -> 596.4579 | R24: =IF((monthly_mortgage_schedule[[#This Row],[Year (Range)]]>=$C$7)*(monthly_mortgage_schedule[[#This Row],[Year (Range)]]<=$C$9),AO24,NA()) -> 0 | S24: =IF((monthly_mortgage_schedule[[#This Row],[Year (Range)]]>=$C$7)*(monthly_mortgage_schedule[[#This Row],[Year (Range)]]<=$C$9),AP24,NA()) -> 0 | T24: =IF((monthly_mortgage_schedule[[#This Row],[Year (Range)]]>=$C$7)*(monthly_mortgage_schedule[[#This Row],[Year (Range)]]<=$C$9),AR24,NA()) -> 0 | U24: =IF((monthly_mortgage_schedule[[#This Row],[Year (Range)]]>=$C$7)*(monthly_mortgage_schedule[[#This Row],[Year (Range)]]<=$C$9),AB24,NA()) -> 4117.4722 | V24: =IF((monthly_mortgage_schedule[[#This Row],[Year (Range)]]>=$C$7)*(monthly_mortgage_schedule[[#This Row],[Year (Range)]]<=$C$9),AI24,NA()) -> 4117.4722 | W24: =AE23 -> 536478.99 | X24: =IF(W24>0,W24*monthly_interest_rate,0) -> 2503.5686 | Y24: =IF(W24>1,monthly_principal_and_interest-X24,0) -> 596.4579 | Z24: =_xlfn.IFNA(INDEX(additional_mortgage_payments[],MATCH(monthly_mortgage_schedule[[#This Row],[Month]],additional_mortgage_payments[Month],0),3),0) -> 0 | AA24: =AA23+monthly_mortgage_schedule[[#This Row],[Extra Payments Towards Equity]] -> 0 | AB24: =AB23+monthly_mortgage_schedule[[#This Row],[Principal With Extra Principal Payments]]+monthly_mortgage_schedule[[#This Row],[Extra Payments Towards Equity]] -> 4117.4722 | AC24: =monthly_mortgage_schedule[[#This Row],[Cumulative Principal With Extra Principal Payments]]+down_payment_dollars -> 64117.472 | AD24: =IF((AC24)/purchase_price<pmi_until_percentage_equity,(annual_pmi/12),0) -> 90 | AE24: =IF(monthly_mortgage_schedule[[#This Row],[Loan Balance (BOY)]]<monthly_mortgage_schedule[[#This Row],[Principal With Extra Principal Payments]],0,IF(monthly_mortgage_schedule[[#This Row],[Month]]<=total_loan_payments,(monthly_mortgage_schedule[[#This Row],[Loan Balance (BOY)]]-(monthly_mortgage_schedule[[#This Row],[Principal With Extra Principal Payments]]+monthly_mortgage_schedule[[#This Row],[Extra Payments Towards Equity]])),0)) -> 535882.53 | AF24: =AL23 -> 536478.99 | AG24: =IF(monthly_mortgage_schedule[[#This Row],[Loan Balance (BOY) Without Extra Principal Payments]]>0,monthly_mortgage_schedule[[#This Row],[Loan Balance (BOY) Without Extra Principal Payments]]*monthly_interest_rate,0) -> 2503.5686 | AH24: =IF(monthly_mortgage_schedule[[#This Row],[Loan Balance (BOY) Without Extra Principal Payments]]>1,monthly_principal_and_interest-monthly_mortgage_schedule[[#This Row],[Interest Without Extra Principal Payments]],0) -> 596.4579 | AI24: =AI23+monthly_mortgage_schedule[[#This Row],[Principal Without Extra Principal Payments]] -> 4117.4722 | AJ24: =monthly_mortgage_schedule[[#This Row],[Cumulative Principal Without Extra Principal Payments]]+down_payment_dollars -> 64117.472 | AK24: =IF((AJ24)/purchase_price<pmi_until_percentage_equity,(annual_pmi/12),0) -> 90 | AL24: =IF(monthly_mortgage_schedule[[#This Row],[Loan Balance (BOY) Without Extra Principal Payments]]<monthly_mortgage_schedule[[#This Row],[Principal Without Extra Principal Payments]],0,IF(monthly_mortgage_schedule[[#This Row],[Month]]<=total_loan_payments,(monthly_mortgage_schedule[[#This Row],[Loan Balance (BOY) Without Extra Principal Payments]]-(monthly_mortgage_schedule[[#This Row],[Principal Without Extra Principal Payments]])),0)) -> 535882.53 | AN24: =monthly_mortgage_schedule[[#This Row],[Extra Payments Towards Equity]]+AN23+IF(monthly_mortgage_schedule[[#This Row],[Interest With Extra Principal Payments]]>0,monthly_mortgage_schedule[[#This Row],[Interest Without Extra Principal Payments]]-monthly_mortgage_schedule[[#This Row],[Interest With Extra Principal Payments]],0) -> 0 | AO24: =AO23+IF(monthly_mortgage_schedule[[#This Row],[Interest With Extra Principal Payments]]>0,monthly_mortgage_schedule[[#This Row],[Interest Without Extra Principal Payments]]-monthly_mortgage_schedule[[#This Row],[Interest With Extra Principal Payments]],0) -> 0 | AP24: =AP23+monthly_mortgage_schedule[[#This Row],[PMI Without Extra Principal Payments]]-monthly_mortgage_schedule[[#This Row],[PMI with Additional Payments]] -> 0 | AQ24: =(AQ23+Z24)*(1+monthly_stock_market_return) -> 0 | AR24: =(AR23+Z24)*(1+monthly_stock_market_return) -> 0
I25: 8 | J25: =IF(MOD(ROWS($J$18:J24),12)=0,J24+1,J24) -> 2022 | K25: =IF(M25="#N/A",NA(),monthly_mortgage_schedule[[#This Row],[Month]]) -> 8 | L25: =IF(monthly_mortgage_schedule[[#This Row],[Calendar Year]]>=$C$7,monthly_mortgage_schedule[[#This Row],[Calendar Year]],NA()) -> 2022 | M25: =IF((monthly_mortgage_schedule[[#This Row],[Calendar Year]]>=$C$7)*(monthly_mortgage_schedule[[#This Row],[Calendar Year]]<=$C$9),monthly_mortgage_schedule[[#This Row],[Begin Year (Range)]],NA()) -> 2022 | N25: =IF((monthly_mortgage_schedule[[#This Row],[Year (Range)]]>=$C$7)*(monthly_mortgage_schedule[[#This Row],[Year (Range)]]<=$C$9),X25,NA()) -> 2500.7851 | O25: =IF((monthly_mortgage_schedule[[#This Row],[Year (Range)]]>=$C$7)*(monthly_mortgage_schedule[[#This Row],[Year (Range)]]<=$C$9),Y25,NA()) -> 599.24137 | P25: =IF((monthly_mortgage_schedule[[#This Row],[Year (Range)]]>=$C$7)*(monthly_mortgage_schedule[[#This Row],[Year (Range)]]<=$C$9),AG25,NA()) -> 2500.7851 | Q25: =IF((monthly_mortgage_schedule[[#This Row],[Year (Range)]]>=$C$7)*(monthly_mortgage_schedule[[#This Row],[Year (Range)]]<=$C$9),AH25,NA()) -> 599.24137 | R25: =IF((monthly_mortgage_schedule[[#This Row],[Year (Range)]]>=$C$7)*(monthly_mortgage_schedule[[#This Row],[Year (Range)]]<=$C$9),AO25,NA()) -> 0 | S25: =IF((monthly_mortgage_schedule[[#This Row],[Year (Range)]]>=$C$7)*(monthly_mortgage_schedule[[#This Row],[Year (Range)]]<=$C$9),AP25,NA()) -> 0 | T25: =IF((monthly_mortgage_schedule[[#This Row],[Year (Range)]]>=$C$7)*(monthly_mortgage_schedule[[#This Row],[Year (Range)]]<=$C$9),AR25,NA()) -> 0 | U25: =IF((monthly_mortgage_schedule[[#This Row],[Year (Range)]]>=$C$7)*(monthly_mortgage_schedule[[#This Row],[Year (Range)]]<=$C$9),AB25,NA()) -> 4716.7136 | V25: =IF((monthly_mortgage_schedule[[#This Row],[Year (Range)]]>=$C$7)*(monthly_mortgage_schedule[[#This Row],[Year (Range)]]<=$C$9),AI25,NA()) -> 4716.7136 | W25: =AE24 -> 535882.53 | X25: =IF(W25>0,W25*monthly_interest_rate,0) -> 2500.7851 | Y25: =IF(W25>1,monthly_principal_and_interest-X25,0) -> 599.24137 | Z25: =_xlfn.IFNA(INDEX(additional_mortgage_payments[],MATCH(monthly_mortgage_schedule[[#This Row],[Month]],additional_mortgage_payments[Month],0),3),0) -> 0 | AA25: =AA24+monthly_mortgage_schedule[[#This Row],[Extra Payments Towards Equity]] -> 0 | AB25: =AB24+monthly_mortgage_schedule[[#This Row],[Principal With Extra Principal Payments]]+monthly_mortgage_schedule[[#This Row],[Extra Payments Towards Equity]] -> 4716.7136 | AC25: =monthly_mortgage_schedule[[#This Row],[Cumulative Principal With Extra Principal Payments]]+down_payment_dollars -> 64716.714 | AD25: =IF((AC25)/purchase_price<pmi_until_percentage_equity,(annual_pmi/12),0) -> 90 | AE25: =IF(monthly_mortgage_schedule[[#This Row],[Loan Balance (BOY)]]<monthly_mortgage_schedule[[#This Row],[Principal With Extra Principal Payments]],0,IF(monthly_mortgage_schedule[[#This Row],[Month]]<=total_loan_payments,(monthly_mortgage_schedule[[#This Row],[Loan Balance (BOY)]]-(monthly_mortgage_schedule[[#This Row],[Principal With Extra Principal Payments]]+monthly_mortgage_schedule[[#This Row],[Extra Payments Towards Equity]])),0)) -> 535283.29 | AF25: =AL24 -> 535882.53 | AG25: =IF(monthly_mortgage_schedule[[#This Row],[Loan Balance (BOY) Without Extra Principal Payments]]>0,monthly_mortgage_schedule[[#This Row],[Loan Balance (BOY) Without Extra Principal Payments]]*monthly_interest_rate,0) -> 2500.7851 | AH25: =IF(monthly_mortgage_schedule[[#This Row],[Loan Balance (BOY) Without Extra Principal Payments]]>1,monthly_principal_and_interest-monthly_mortgage_schedule[[#This Row],[Interest Without Extra Principal Payments]],0) -> 599.24137 | AI25: =AI24+monthly_mortgage_schedule[[#This Row],[Principal Without Extra Principal Payments]] -> 4716.7136 | AJ25: =monthly_mortgage_schedule[[#This Row],[Cumulative Principal Without Extra Principal Payments]]+down_payment_dollars -> 64716.714 | AK25: =IF((AJ25)/purchase_price<pmi_until_percentage_equity,(annual_pmi/12),0) -> 90 | AL25: =IF(monthly_mortgage_schedule[[#This Row],[Loan Balance (BOY) Without Extra Principal Payments]]<monthly_mortgage_schedule[[#This Row],[Principal Without Extra Principal Payments]],0,IF(monthly_mortgage_schedule[[#This Row],[Month]]<=total_loan_payments,(monthly_mortgage_schedule[[#This Row],[Loan Balance (BOY) Without Extra Principal Payments]]-(monthly_mortgage_schedule[[#This Row],[Principal Without Extra Principal Payments]])),0)) -> 535283.29 | AN25: =monthly_mortgage_schedule[[#This Row],[Extra Payments Towards Equity]]+AN24+IF(monthly_mortgage_schedule[[#This Row],[Interest With Extra Principal Payments]]>0,monthly_mortgage_schedule[[#This Row],[Interest Without Extra Principal Payments]]-monthly_mortgage_schedule[[#This Row],[Interest With Extra Principal Payments]],0) -> 0 | AO25: =AO24+IF(monthly_mortgage_schedule[[#This Row],[Interest With Extra Principal Payments]]>0,monthly_mortgage_schedule[[#This Row],[Interest Without Extra Principal Payments]]-monthly_mortgage_schedule[[#This Row],[Interest With Extra Principal Payments]],0) -> 0 | AP25: =AP24+monthly_mortgage_schedule[[#This Row],[PMI Without Extra Principal Payments]]-monthly_mortgage_schedule[[#This Row],[PMI with Additional Payments]] -> 0 | AQ25: =(AQ24+Z25)*(1+monthly_stock_market_return) -> 0 | AR25: =(AR24+Z25)*(1+monthly_stock_market_return) -> 0
I26: 9 | J26: =IF(MOD(ROWS($J$18:J25),12)=0,J25+1,J25) -> 2022 | K26: =IF(M26="#N/A",NA(),monthly_mortgage_schedule[[#This Row],[Month]]) -> 9 | L26: =IF(monthly_mortgage_schedule[[#This Row],[Calendar Year]]>=$C$7,monthly_mortgage_schedule[[#This Row],[Calendar Year]],NA()) -> 2022 | M26: =IF((monthly_mortgage_schedule[[#This Row],[Calendar Year]]>=$C$7)*(monthly_mortgage_schedule[[#This Row],[Calendar Year]]<=$C$9),monthly_mortgage_schedule[[#This Row],[Begin Year (Range)]],NA()) -> 2022 | N26: =IF((monthly_mortgage_schedule[[#This Row],[Year (Range)]]>=$C$7)*(monthly_mortgage_schedule[[#This Row],[Year (Range)]]<=$C$9),X26,NA()) -> 2497.9887 | O26: =IF((monthly_mortgage_schedule[[#This Row],[Year (Range)]]>=$C$7)*(monthly_mortgage_schedule[[#This Row],[Year (Range)]]<=$C$9),Y26,NA()) -> 602.03783 | P26: =IF((monthly_mortgage_schedule[[#This Row],[Year (Range)]]>=$C$7)*(monthly_mortgage_schedule[[#This Row],[Year (Range)]]<=$C$9),AG26,NA()) -> 2497.9887 | Q26: =IF((monthly_mortgage_schedule[[#This Row],[Year (Range)]]>=$C$7)*(monthly_mortgage_schedule[[#This Row],[Year (Range)]]<=$C$9),AH26,NA()) -> 602.03783 | R26: =IF((monthly_mortgage_schedule[[#This Row],[Year (Range)]]>=$C$7)*(monthly_mortgage_schedule[[#This Row],[Year (Range)]]<=$C$9),AO26,NA()) -> 0 | S26: =IF((monthly_mortgage_schedule[[#This Row],[Year (Range)]]>=$C$7)*(monthly_mortgage_schedule[[#This Row],[Year (Range)]]<=$C$9),AP26,NA()) -> 0 | T26: =IF((monthly_mortgage_schedule[[#This Row],[Year (Range)]]>=$C$7)*(monthly_mortgage_schedule[[#This Row],[Year (Range)]]<=$C$9),AR26,NA()) -> 0 | U26: =IF((monthly_mortgage_schedule[[#This Row],[Year (Range)]]>=$C$7)*(monthly_mortgage_schedule[[#This Row],[Year (Range)]]<=$C$9),AB26,NA()) -> 5318.7514 | V26: =IF((monthly_mortgage_schedule[[#This Row],[Year (Range)]]>=$C$7)*(monthly_mortgage_schedule[[#This Row],[Year (Range)]]<=$C$9),AI26,NA()) -> 5318.7514 | W26: =AE25 -> 535283.29 | X26: =IF(W26>0,W26*monthly_interest_rate,0) -> 2497.9887 | Y26: =IF(W26>1,monthly_principal_and_interest-X26,0) -> 602.03783 | Z26: =_xlfn.IFNA(INDEX(additional_mortgage_payments[],MATCH(monthly_mortgage_schedule[[#This Row],[Month]],additional_mortgage_payments[Month],0),3),0) -> 0 | AA26: =AA25+monthly_mortgage_schedule[[#This Row],[Extra Payments Towards Equity]] -> 0 | AB26: =AB25+monthly_mortgage_schedule[[#This Row],[Principal With Extra Principal Payments]]+monthly_mortgage_schedule[[#This Row],[Extra Payments Towards Equity]] -> 5318.7514 | AC26: =monthly_mortgage_schedule[[#This Row],[Cumulative Principal With Extra Principal Payments]]+down_payment_dollars -> 65318.751 | AD26: =IF((AC26)/purchase_price<pmi_until_percentage_equity,(annual_pmi/12),0) -> 90 | AE26: =IF(monthly_mortgage_schedule[[#This Row],[Loan Balance (BOY)]]<monthly_mortgage_schedule[[#This Row],[Principal With Extra Principal Payments]],0,IF(monthly_mortgage_schedule[[#This Row],[Month]]<=total_loan_payments,(monthly_mortgage_schedule[[#This Row],[Loan Balance (BOY)]]-(monthly_mortgage_schedule[[#This Row],[Principal With Extra Principal Payments]]+monthly_mortgage_schedule[[#This Row],[Extra Payments Towards Equity]])),0)) -> 534681.25 | AF26: =AL25 -> 535283.29 | AG26: =IF(monthly_mortgage_schedule[[#This Row],[Loan Balance (BOY) Without Extra Principal Payments]]>0,monthly_mortgage_schedule[[#This Row],[Loan Balance (BOY) Without Extra Principal Payments]]*monthly_interest_rate,0) -> 2497.9887 | AH26: =IF(monthly_mortgage_schedule[[#This Row],[Loan Balance (BOY) Without Extra Principal Payments]]>1,monthly_principal_and_interest-monthly_mortgage_schedule[[#This Row],[Interest Without Extra Principal Payments]],0) -> 602.03783 | AI26: =AI25+monthly_mortgage_schedule[[#This Row],[Principal Without Extra Principal Payments]] -> 5318.7514 | AJ26: =monthly_mortgage_schedule[[#This Row],[Cumulative Principal Without Extra Principal Payments]]+down_payment_dollars -> 65318.751 | AK26: =IF((AJ26)/purchase_price<pmi_until_percentage_equity,(annual_pmi/12),0) -> 90 | AL26: =IF(monthly_mortgage_schedule[[#This Row],[Loan Balance (BOY) Without Extra Principal Payments]]<monthly_mortgage_schedule[[#This Row],[Principal Without Extra Principal Payments]],0,IF(monthly_mortgage_schedule[[#This Row],[Month]]<=total_loan_payments,(monthly_mortgage_schedule[[#This Row],[Loan Balance (BOY) Without Extra Principal Payments]]-(monthly_mortgage_schedule[[#This Row],[Principal Without Extra Principal Payments]])),0)) -> 534681.25 | AN26: =monthly_mortgage_schedule[[#This Row],[Extra Payments Towards Equity]]+AN25+IF(monthly_mortgage_schedule[[#This Row],[Interest With Extra Principal Payments]]>0,monthly_mortgage_schedule[[#This Row],[Interest Without Extra Principal Payments]]-monthly_mortgage_schedule[[#This Row],[Interest With Extra Principal Payments]],0) -> 0 | AO26: =AO25+IF(monthly_mortgage_schedule[[#This Row],[Interest With Extra Principal Payments]]>0,monthly_mortgage_schedule[[#This Row],[Interest Without Extra Principal Payments]]-monthly_mortgage_schedule[[#This Row],[Interest With Extra Principal Payments]],0) -> 0 | AP26: =AP25+monthly_mortgage_schedule[[#This Row],[PMI Without Extra Principal Payments]]-monthly_mortgage_schedule[[#This Row],[PMI with Additional Payments]] -> 0 | AQ26: =(AQ25+Z26)*(1+monthly_stock_market_return) -> 0 | AR26: =(AR25+Z26)*(1+monthly_stock_market_return) -> 0
I27: 10 | J27: =IF(MOD(ROWS($J$18:J26),12)=0,J26+1,J26) -> 2022 | K27: =IF(M27="#N/A",NA(),monthly_mortgage_schedule[[#This Row],[Month]]) -> 10 | L27: =IF(monthly_mortgage_schedule[[#This Row],[Calendar Year]]>=$C$7,monthly_mortgage_schedule[[#This Row],[Calendar Year]],NA()) -> 2022 | M27: =IF((monthly_mortgage_schedule[[#This Row],[Calendar Year]]>=$C$7)*(monthly_mortgage_schedule[[#This Row],[Calendar Year]]<=$C$9),monthly_mortgage_schedule[[#This Row],[Begin Year (Range)]],NA()) -> 2022 | N27: =IF((monthly_mortgage_schedule[[#This Row],[Year (Range)]]>=$C$7)*(monthly_mortgage_schedule[[#This Row],[Year (Range)]]<=$C$9),X27,NA()) -> 2495.1792 | O27: =IF((monthly_mortgage_schedule[[#This Row],[Year (Range)]]>=$C$7)*(monthly_mortgage_schedule[[#This Row],[Year (Range)]]<=$C$9),Y27,NA()) -> 604.84734 | P27: =IF((monthly_mortgage_schedule[[#This Row],[Year (Range)]]>=$C$7)*(monthly_mortgage_schedule[[#This Row],[Year (Range)]]<=$C$9),AG27,NA()) -> 2495.1792 | Q27: =IF((monthly_mortgage_schedule[[#This Row],[Year (Range)]]>=$C$7)*(monthly_mortgage_schedule[[#This Row],[Year (Range)]]<=$C$9),AH27,NA()) -> 604.84734 | R27: =IF((monthly_mortgage_schedule[[#This Row],[Year (Range)]]>=$C$7)*(monthly_mortgage_schedule[[#This Row],[Year (Range)]]<=$C$9),AO27,NA()) -> 0 | S27: =IF((monthly_mortgage_schedule[[#This Row],[Year (Range)]]>=$C$7)*(monthly_mortgage_schedule[[#This Row],[Year (Range)]]<=$C$9),AP27,NA()) -> 0 | T27: =IF((monthly_mortgage_schedule[[#This Row],[Year (Range)]]>=$C$7)*(monthly_mortgage_schedule[[#This Row],[Year (Range)]]<=$C$9),AR27,NA()) -> 3.3333333 | U27: =IF((monthly_mortgage_schedule[[#This Row],[Year (Range)]]>=$C$7)*(monthly_mortgage_schedule[[#This Row],[Year (Range)]]<=$C$9),AB27,NA()) -> 6423.5988 | V27: =IF((monthly_mortgage_schedule[[#This Row],[Year (Range)]]>=$C$7)*(monthly_mortgage_schedule[[#This Row],[Year (Range)]]<=$C$9),AI27,NA()) -> 5923.5988 | W27: =AE26 -> 534681.25 | X27: =IF(W27>0,W27*monthly_interest_rate,0) -> 2495.1792 | Y27: =IF(W27>1,monthly_principal_and_interest-X27,0) -> 604.84734 | Z27: =_xlfn.IFNA(INDEX(additional_mortgage_payments[],MATCH(monthly_mortgage_schedule[[#This Row],[Month]],additional_mortgage_payments[Month],0),3),0) -> 500 | AA27: =AA26+monthly_mortgage_schedule[[#This Row],[Extra Payments Towards Equity]] -> 500 | AB27: =AB26+monthly_mortgage_schedule[[#This Row],[Principal With Extra Principal Payments]]+monthly_mortgage_schedule[[#This Row],[Extra Payments Towards Equity]] -> 6423.5988 | AC27: =monthly_mortgage_schedule[[#This Row],[Cumulative Principal With Extra Principal Payments]]+down_payment_dollars -> 66423.599 | AD27: =IF((AC27)/purchase_price<pmi_until_percentage_equity,(annual_pmi/12),0) -> 90 | AE27: =IF(monthly_mortgage_schedule[[#This Row],[Loan Balance (BOY)]]<monthly_mortgage_schedule[[#This Row],[Principal With Extra Principal Payments]],0,IF(monthly_mortgage_schedule[[#This Row],[Month]]<=total_loan_payments,(monthly_mortgage_schedule[[#This Row],[Loan Balance (BOY)]]-(monthly_mortgage_schedule[[#This Row],[Principal With Extra Principal Payments]]+monthly_mortgage_schedule[[#This Row],[Extra Payments Towards Equity]])),0)) -> 533576.4 | AF27: =AL26 -> 534681.25 | AG27: =IF(monthly_mortgage_schedule[[#This Row],[Loan Balance (BOY) Without Extra Principal Payments]]>0,monthly_mortgage_schedule[[#This Row],[Loan Balance (BOY) Without Extra Principal Payments]]*monthly_interest_rate,0) -> 2495.1792 | AH27: =IF(monthly_mortgage_schedule[[#This Row],[Loan Balance (BOY) Without Extra Principal Payments]]>1,monthly_principal_and_interest-monthly_mortgage_schedule[[#This Row],[Interest Without Extra Principal Payments]],0) -> 604.84734 | AI27: =AI26+monthly_mortgage_schedule[[#This Row],[Principal Without Extra Principal Payments]] -> 5923.5988 | AJ27: =monthly_mortgage_schedule[[#This Row],[Cumulative Principal Without Extra Principal Payments]]+down_payment_dollars -> 65923.599 | AK27: =IF((AJ27)/purchase_price<pmi_until_percentage_equity,(annual_pmi/12),0) -> 90 | AL27: =IF(monthly_mortgage_schedule[[#This Row],[Loan Balance (BOY) Without Extra Principal Payments]]<monthly_mortgage_schedule[[#This Row],[Principal Without Extra Principal Payments]],0,IF(monthly_mortgage_schedule[[#This Row],[Month]]<=total_loan_payments,(monthly_mortgage_schedule[[#This Row],[Loan Balance (BOY) Without Extra Principal Payments]]-(monthly_mortgage_schedule[[#This Row],[Principal Without Extra Principal Payments]])),0)) -> 534076.4 | AN27: =monthly_mortgage_schedule[[#This Row],[Extra Payments Towards Equity]]+AN26+IF(monthly_mortgage_schedule[[#This Row],[Interest With Extra Principal Payments]]>0,monthly_mortgage_schedule[[#This Row],[Interest Without Extra Principal Payments]]-monthly_mortgage_schedule[[#This Row],[Interest With Extra Principal Payments]],0) -> 500 | AO27: =AO26+IF(monthly_mortgage_schedule[[#This Row],[Interest With Extra Principal Payments]]>0,monthly_mortgage_schedule[[#This Row],[Interest Without Extra Principal Payments]]-monthly_mortgage_schedule[[#This Row],[Interest With Extra Principal Payments]],0) -> 0 | AP27: =AP26+monthly_mortgage_schedule[[#This Row],[PMI Without Extra Principal Payments]]-monthly_mortgage_schedule[[#This Row],[PMI with Additional Payments]] -> 0 | AQ27: =(AQ26+Z27)*(1+monthly_stock_market_return) -> 503.33333 | AR27: =Table60[[#This Row],[Cumulative Investments]]-monthly_mortgage_schedule[[#This Row],[Cumulative Extra Payments Towards Equity]] -> 3.3333333
